Workbook
Name Al_Ingot_UEV: '[1]UEV Library'!$D$244
Name Al_Liguid_UEV: '[1]UEV Library'!$D$243
Name Al_sheet_UEV: '[1]UEV Library'!$D$245
Name alumina_UEV: '[1]UEV Library'!$D$242
Name Ammonia_UEV: '[1]UEV Library'!$D$239
Name Anode_UEV: '[1]UEV Library'!$D$248
Name aq_element_ex: '[2]Element exergy'!$A$3:$E$25
Name aq_element_ex: '[3]Element exergy'!$A$3:$E$25
Name ave_crust_element_molar_weight: 'Crust Element Composition'!$H$4
Name ave_crust_specific_emergy: '[1]Renewable Earth emergy flows'!$B$87
Name ave_crust_specific_emergy: 'Renewable Earth Flows'!$B$93
Name ave_crustal_molar_mass: 'Renewable Earth Flows'!$B$5
Name ave_crustal_molar_weight: '[1]Renewable Earth emergy flows'!$B$4
Name ave_global_areal_empower: 1.52E+25/510000000000000
Name bauxiteprod_uev: '[1]UEV Library'!$D$218
Name Betz_number: 0.592
Name Calcite_UEV_kg: '[1]UEV Library'!$F$112
Name Cement_UEV_kg: '[1]UEV Library'!$D$249
Name Charcoal_UEV_kg: '[1]UEV Library'!$D$269
Name ClayBentonite_UEV_kg: '[1]UEV Library'!$F$113
Name CoalHard_FF_UEV_kg: '[1]UEV Library'!$D$200
Name CoalHard_UEV_J: '[1]UEV Library'!$F$261
Name CoalHard_UEV_kg: '[1]UEV Library'!$D$261
Name CoalSoft_FF_UEV_kg: '[1]UEV Library'!$D$202
Name Coke_UEV: '[1]UEV Library'!$D$268
Name Coke_UEV_J: '[1]UEV Library'!$F$268
Name Concrete_UEV_kg: '[1]UEV Library'!$D$250
Name Copper_Refined_UEV: '[1]UEV Library'!$D$252
Name crust_age: '[1]Renewable Earth emergy flows'!$B$85
Name crust_age: 'Renewable Earth Flows'!$B$91
Name crust_mass: [1]WORLD!$M$6
Name crust_mass: 'Renewable Earth Flows'!$B$90
Name crustal_elements: 'Crust Element Composition'!$B$5:$F$81
Name CuConc_uev: '[1]UEV Library'!$D$219
Name currents_tr: '[1]Renewable Earth emergy flows'!$B$78
Name currents_tr: 'Renewable Earth Flows'!$B$81
Name deepheat_tr: '[1]Renewable Earth emergy flows'!$B$7
Name deepheat_tr: 'Renewable Earth Flows'!$B$8
Name diesel_uev_J: '[1]UEV Library'!$F$264
Name diesel_uev_kg: '[1]UEV Library'!$D$264
Name Dolomite_UEV_kg: '[1]UEV Library'!$F$115
Name Elec_PV_UEV_J: '[1]UEV Library'!$F$273
Name Elec_Thermal_UEV_J: '[1]UEV Library'!$F$274
Name Elec_Thermal_UEV_kWh: '[1]UEV Library'!$D$274
Name ElecGen_UEV_J: '[1]UEV Library'!$F$272
Name ElecGen_UEV_kWh: '[1]UEV Library'!$D$272
Name Explosive_uev: '[1]UEV Library'!$D$238
Name explosive_UEV_J: [1]Products!$F$22
Name gas_constant: 8.314
Name gasoline_uev_J: '[1]UEV Library'!$F$262
Name gdwater_uev: '[1]UEV Library'!$D$17
Name GEB: '[1]Renewable Earth emergy flows'!$B$5
Name GEB: 'Renewable Earth Flows'!$B$6
Name Geo_exergy: 'Renewable Earth Flows'!$B$11
Name geopot_tr_specific_emergy: '[1]Renewable Earth emergy flows'!$B$71
Name geopot_tr_specific_emergy: 'Renewable Earth Flows'!$B$70
Name gibbs_rain: '[1]Renewable Earth emergy flows'!$B$48
Name gibbs_rain: 'Renewable Earth Flows'!#REF!
Name Gold_Refined_UEV: '[1]UEV Library'!$D$251
Name Gravel_UEV_kg: '[1]UEV Library'!$F$117

Sheet Readme and Changinglog
A1: Electronic Supplemental Material
B2: Filename: | D2: EmCF database for LCA
B3: Description: | D3: Data, sources, and calculation
B4: Table of Contents
A7: Changelog
A9: 12/24/15, XM
A10: *Link "Emergy driving Land precipitation (cell B53) and Ocean precipitation (cell B54)" in Renewable Earth emergy flows to GEB and Land and Ocean surface area. Cells B55 and B56 are updated.
A12: 12/29/2015, WI
A13: *Removed labor rows from EmCF library and labor sheet
A14: *Corrected equation in cell L160
A15: *Link new geothermal energy from synthesis GEB paper in Coal sheet to Renewable Earth Emergy Flow worksheet
A17: 1/22/16, XM
A18: *Removed uranium from Multiple mineral deposits
A19: *Add Biomass, unspecified flow
A20: *Link "Occupation, temperate/forest" to Land, biomass & soil tab; Link "Occupation, temperate/grassland" to Land, biomass & soil tab
A21: *Link "wind transformity" to GEB
... A39: * Wave energy on the shore was added (B46-48) in Renewable earth emergy flows.
A42: 42725 | B42: Campbell: code for changes; red,there are problems with the number or method, yellow Brown's original code for an unchanged baseline, green numbers that I think are the best choices.
A44: 12/3/2019, SA
A45: * Renewable Earth emergy flows: Average crustal molecular weight corrected from 157.7 to 155.2
A46: * Renewable Earth emergy flows: Tidal exergy absorbed (cell B11) changed to whole earth rather than ocean only or average of the two. Ocean-specific calculations can be adjusted where necessary.
A47: * Renewable Earth emergy flows: Precipitation over ocean corrected from 4.13 to 3.75E20 g/yr
A48: * Renewable Earth emergy flows: Global streamflow updated from 3.99 to 3.73 km3/yr, reflecting global estimate from Dai et al., 2009 that excludes Antarctica and Greenland as these flows are largely glacier-derived
A49: * Renewable Earth emergy flows: Made Gibbs free energy calculations dynamic, based on solute concentrations of respective flows
A50: * Renewable Earth emergy flows: found updated reference for tidal energy dissipated in shallow ocean
A51: * Renewable Earth emergy flows: updated value/reference for wind energy input to ocean currents, added Wang and Huang, 2004a and b to References.
A52: * Renewable Earth emergy flows: Updated calculation of average crust specific emergy to only account for the upper 1000 m, or the region considered to be economically active
A53: * Land, biomass & soil: changed input exgergy cells to link to Renewable Earth emergy flows tab
A54: * Land, biomass & soil: changed transformity of rain input to open ocean to rain_ocean_tr
A55: * Land, biomass & soil: changed transformity of waves input to ice/rock to waves_shore_tr
... A100: Provide 508 compliance

Sheet Table of Contents
A1: Electronic Supplemental Material
B2: Filename: | D2: EmCF database for LCA
B3: Description: | D3: Data, sources, and calculation
B4: Worksheets:
C5: Worksheet # | D5: Worksheet Name
C6: 1 | D6: Readme and Changinglog
C7: 2 | D7: Table of Contents
C8: 3 | D8: EmCF library
C9: 4 | D9: Renewable Earth flows
C10: 5 | D10: Crust element composition
C11: 6 | D11: Land, biomass & soil
C12: 7 | D12: Water
C13: 8 | D13: Singular minerals
C14: 9 | D14: Multiple minerals
C15: 10 | D15: Aggregate minerals
C16: =C15+1 -> 11 | D16: Limestone
C17: =C16+1 -> 12 | D17: Ocean ions
C18: =C17+1 -> 13 | D18: Atmospheric gases
C19: =C18+1 -> 14 | D19: Wood
C20: =C19+1 -> 15 | D20: Coal
C21: =C20+1 -> 16 | D21: Oil & NG
C22: =C21+1 -> 17 | D22: References
B24: Note
B25: * | C25: For the detailed calculations and background information, the companion report (The Unit Emergy Value (UEV) Library for Characterizing Environmental Support in Life Cycle Assessment) should be referenced.
B26: * | C26: In this library, since the EmCF provides characterization factors for elementary flows in a life cycle inventory (LCI), it is equivalent to UEVs. EmCF = UEV. They are used interchangably.

Sheet EmCF Library
B1: Flow | C1: Type | D1: compartment | E1: Stock or flow | F1: Ecosystem service | G1: Effect | H1: UEV Source | I1: Units | J1: Chemical formula | L1: sej/unit | M1: Timescale (yrs) | N1: Alternative units | O1: Renewable | P1: Non-renewable | Q1: Air | R1: Biological | S1: Fossil fuels | T1: Labor | U1: Land | V1: Minerals and Metals | W1: Raw renewables | X1: Water | Y1: Notes | Z1: Concentration
B2: Renewable Earth Emergy Flows
B3: Solar energy | C3: Raw renewables | D3: Raw renewables | E3: flow | F3: All | G3: direct capture of primary energy | H3: By definition | I3: MJ | L3: 1000000 | M3: 1 | O3: =IF(M3<=renewable_cutoff,L3,"") -> 1000000 | P3: =IF(M3>renewable_cutoff,L3,"") | W3: =L3 -> 1000000 | Y3: 1 seJ/J sunlight by definition, therefore 1e6 seJ/MJ sunlight.
B4: Geothermal energy (deep heat) | C4: Raw renewables | D4: Raw renewables | E4: flow | F4: All | G4: direct capture of primary energy | H4: Brown et al. 2016a | I4: MJ | L4: =deepheat_tr*1000000 -> 4900000000 | M4: 1 | O4: =IF(M4<=renewable_cutoff,L4,"") -> 4900000000 | P4: =IF(M4>renewable_cutoff,L4,"") | W4: =L4 -> 4900000000
B5: Tide | C5: Raw renewables | D5: Raw renewables | E5: flow | F5: All | G5: direct capture of primary energy | I5: MJ | L5: =tide_tr*1000000 -> 30900000000 | M5: 1 | O5: =IF(M5<=renewable_cutoff,L5,"") -> 30900000000 | P5: =IF(M5>renewable_cutoff,L5,"") | W5: =L5 -> 30900000000
B6: Wind energy | C6: Raw renewables | D6: Raw renewables | E6: flow | F6: All | G6: direct capture of primary energy | I6: MJ | L6: =wind_tr*1000000 -> 5.2e+08 | M6: 1 | O6: =IF(M6<=renewable_cutoff,L6,"") -> 5.2e+08 | P6: =IF(M6>renewable_cutoff,L6,"") | W6: =L6 -> 5.2e+08
B7: Wave energy in the oceans as a whole | C7: Raw renewables | D7: Raw renewables | E7: flow | F7: All | G7: direct capture of primary energy | I7: MJ | L7: =waves_ocean_tr*1000000 -> 5.2e+08 | M7: 1 | O7: =IF(M7<=renewable_cutoff,L7,"") -> 5.2e+08 | P7: =IF(M7>renewable_cutoff,L7,"") | W7: =L7 -> 5.2e+08
B8: Wave energy on the shore | C8: Raw renewables | I8: MJ | L8: =waves_shore_tr*1000000 -> 72400000000 | M8: 1 | O8: =IF(M8<=renewable_cutoff,L8,"") -> 72400000000 | W8: =L8 -> 72400000000
B9: Rain (chemical potential) | C9: Raw renewables | D9: Raw renewables | E9: flow | F9: All | G9: direct capture of primary energy | I9: MJ | L9: =rain_land_tr*1000000 -> 22500000000 | M9: 1 | O9: =IF(M9<=renewable_cutoff,L9,"") -> 22500000000 | P9: =IF(M9>renewable_cutoff,L9,"") | W9: =L9 -> 22500000000
B10: Runoff geopotential energy | C10: Raw renewables | D10: Raw renewables | E10: flow | F10: All | G10: direct capture of primary energy | I10: MJ | L10: =runoff_geop_tr*1000000 -> 41180000000 | M10: 1 | O10: =IF(M10<=renewable_cutoff,L10,"") -> 41180000000 | P10: =IF(M10>renewable_cutoff,L10,"") | W10: =L10 -> 41180000000
B11: Ocean Currents | C11: Raw renewables | D11: Raw renewables | E11: flow | F11: All | G11: direct capture of primary energy | I11: MJ | L11: =currents_tr*1000000 -> 58000000000 | M11: 1 | O11: =IF(M11<=renewable_cutoff,L11,"") -> 58000000000 | W11: =L11 -> 58000000000
B12: Water
B13: =CONCATENATE("Water, fresh, unspecified; ",Z13," ppmTDS") -> Water, fresh, unspecified; 100 ppmTDS | C13: water | D13: water | E13: unknown | F13: water purification, water regulation | G13: water withdrawal | H13: Water flux data from Shiklomanov and Rodda (2003) | I13: m3 | L13: =L17 -> 1.2842371e+12 | M13: 0.049192929 | N13: kg | O13: =IF(M13<=renewable_cutoff,L13,"") -> 1.2842371e+12 | P13: =IF(M13>renewable_cutoff,L13,"") | X13: =L13 -> 1.2842371e+12 | Y13: Assumed to be the minimum of water resources to avoid overaccounting. | Z13: =Water!H19 -> 100
B14: =CONCATENATE("Water, rivers and streams; ",Z14," ppmTDS") -> Water, rivers and streams; 100 ppmTDS | C14: water | D14: water | E14: unknown | F14: water purification, water regulation | G14: water withdrawal | H14: Water flux data from Shiklomanov and Rodda (2003) | I14: m3 | L14: =1000000*Water!M19 -> 3.2560405e+11 | M14: =Water!G19 -> 0.057494867 | N14: kg | O14: =IF(M14<=renewable_cutoff,L14,"") -> 3.2560405e+11 | P14: =IF(M14>renewable_cutoff,L14,"") | X14: =L14 -> 3.2560405e+11 | Z14: =Water!H19 -> 100
B15: =CONCATENATE("Water, fresh, lake; ",Z15," ppmTDS") -> Water, fresh, lake; 200 ppmTDS | C15: water | D15: water | E15: stock | F15: water purification, water regulation | G15: water withdrawal | H15: Water flux data from Shiklomanov and Rodda (2003) | I15: m3 | L15: =1000000*Water!M16 -> 2.2428701e+12 | M15: =Water!G16 -> 17 | N15: kg | O15: =IF(M15<=renewable_cutoff,L15,"") -> 2.2428701e+12 | P15: =IF(M15>renewable_cutoff,L15,"") | X15: =L15 -> 2.2428701e+12 | Y15: Accounting only freshwater lakes | Z15: =Water!H16 -> 200
B16: =CONCATENATE("Water, fresh, wetland; ",Z16," ppmTDS") -> Water, fresh, wetland; 50 ppmTDS | C16: water | D16: water | E16: stock | F16: water purification, water regulation | G16: water withdrawal | H16: Water flux data from Shiklomanov and Rodda (2003) | I16: m3 | L16: =1000000*Water!M18 -> 5.219979e+12 | M16: =Water!H18 -> 50 | N16: kg | O16: =IF(M16<=renewable_cutoff,L16,"") -> 5.219979e+12 | P16: =IF(M16>renewable_cutoff,L16,"") | X16: =L16 -> 5.219979e+12 | Z16: =Water!H18 -> 50
B17: =CONCATENATE("Water, fresh, surface; ",Z17," ppmTDS") -> Water, fresh, surface; 100 ppmTDS | C17: water | D17: water | E17: stock | F17: water purification, water regulation | G17: water withdrawal | H17: Water flux data from Shiklomanov and Rodda (2003) | I17: m3 | L17: =1000000*AVERAGE(Water!M16,Water!M19) -> 1.2842371e+12 | M17: =SUM(Water!D16*Water!G16,Water!D18*Water!G18,Water!D19*Water!G19)/SUM(Water!D16,Water!D18,Water!D19) -> 15.337621 | N17: kg | O17: =IF(M17<=renewable_cutoff,L17,"") -> 1.2842371e+12 | P17: =IF(M17>renewable_cutoff,L17,"") | X17: =L17 -> 1.2842371e+12 | Y17: Assumed to be the minimum of all surface waters to avoid overaccounting. | Z17: =Water!H19 -> 100
B18: =CONCATENATE("Water, fresh, ground; ",Z18," ppmTDS") -> Water, fresh, ground; 335 ppmTDS | C18: water | D18: water | E18: stock | F18: water purification, water regulation | G18: water withdrawal | H18: Water flux data from Shiklomanov and Rodda (2003) | I18: m3 | L18: =1000000*Water!M7 -> 1.4570685e+12 | M18: =Water!G6 -> 1400 | N18: kg | O18: =IF(M18<=renewable_cutoff,L18,"") | P18: =IF(M18>renewable_cutoff,L18,"") -> 1.4570685e+12 | X18: =L18 -> 1.4570685e+12 | Y18: Neglects capillary GW and accounts only the saturated zone. | Z18: =Water!H7 -> 335
B19: =CONCATENATE("Water, fresh, polar ice; ",Z19," ppmTDS") -> Water, fresh, polar ice; 10 ppmTDS | C19: water | D19: water | E19: stock | F19: water purification, water regulation | G19: water withdrawal | H19: Water flux data from Shiklomanov and Rodda (2003) | I19: m3 | L19: =1000000*Water!M9 -> 4.8303063e+12 | M19: =Water!G9 -> 9686.3743 | N19: kg | O19: =IF(M19<=renewable_cutoff,L19,"") | P19: =IF(M19>renewable_cutoff,L19,"") -> 4.8303063e+12 | X19: =L19 -> 4.8303063e+12 | Z19: =Water!H9 -> 10
B20: =CONCATENATE("Water, terrestrial rain; ",Z20," ppmTDS") -> Water, terrestrial rain; 10 ppmTDS | C20: water | D20: water | E20: stock | F20: water purification, water regulation | G20: water withdrawal | H20: Data from Adler et al. (2003) | I20: m3 | L20: =1000000*Water!M21 -> 1.0619469e+11 | M20: =Water!G21 -> 1 | N20: kg | O20: =IF(M20<=renewable_cutoff,L20,"") -> 1.0619469e+11 | P20: =IF(M20>renewable_cutoff,L20,"") | X20: =L20 -> 1.0619469e+11 | Z20: =Water!H21 -> 10
B21: =CONCATENATE("Water, atmospheric vapor; ",Z21," ppmTDS") -> Water, atmospheric vapor; 10 ppmTDS | C21: water | D21: water | E21: stock | F21: water purification, water regulation | G21: water withdrawal | H21: Water flux data from Shiklomanov and Rodda (2003) | I21: m3 | L21: =Water!M25*1000000 -> 1.9541537e+10 | M21: =Water!G25 -> 0.021902806 | N21: kg | O21: =IF(M21<=renewable_cutoff,L21,"") -> 1.9541537e+10 | P21: =IF(M21>renewable_cutoff,L21,"") | X21: =L21 -> 1.9541537e+10 | Z21: =Water!H25 -> 10
B22: Water, runoff geopotential | C22: water | D22: water | E22: flow | F22: sediment cycle, geomorphology, watersheds, fisheries, etc. | G22: sediment clogging, diminished downstream pulsing | H22: This work; based on terrestrial rainfall (Adler et al., 2003) and average elevation of the continents. | I22: MJ | L22: =1000000*runoff_geop_tr -> 41180000000 | M22: =Water!G23 -> 1 | N22: kgm | O22: =IF(M22<=renewable_cutoff,L22,"") -> 41180000000 | P22: =IF(M22>renewable_cutoff,L22,"") | X22: =L22 -> 41180000000 | Y22: Emergy per megaJoule of runoff geopotential
B23: Minerals | Z23: Mineral Cutoff | AA23: Element Cutoff
A24: 2001 | B24: =CONCATENATE("Aluminum, element mass ratio in Bauxite minerals; {", J24, "}; ", AA24," g/g in ground") -> Aluminum, element mass ratio in Bauxite minerals; {Al(OH)3, AlO(OH), and AlO(OH)}; 0.11 g/g in ground | C24: minerals and metals | D24: subsoil | E24: stock | F24: NA | G24: resource extraction | I24: g | J24: Al(OH)3, AlO(OH), and AlO(OH) | K24: mineral | L24: =IF(K24="mineral",(IFERROR(VLOOKUP($A24,'Singular Minerals'!$B$12:$U$500,19,FALSE),IFERROR(VLOOKUP($A24,'Multiple Minerals'!$B$26:$U$309,19,FALSE),VLOOKUP($A24,'Aggregate Minerals'!$B$19:$N$300,13,FALSE)))),(IFERROR(VLOOKUP($A24,'Singular Minerals'!$B$12:$U$500,20,FALSE),IFERROR(VLOOKUP($A24,'Multiple Minerals'!$B$26:$U$309,20,FALSE),VLOOKUP($A24,'Aggregate Minerals'!$B$19:$N$300,13,FALSE))))) -> 1.1154517e+10 | M24: 2500000000 | O24: =IF(M24<=renewable_cutoff,L24,"") | P24: =IF(M24>renewable_cutoff,L24,"") -> 1.1154517e+10 | V24: =L24 -> 1.1154517e+10 | Y24: Weighted average of {Hydragillite/Gibbsite, Diaspore, Boehmite} | AA24: 0.11
A25: 1015 | B25: =CONCATENATE("Anhydrite; {", J25, "}; ", Z25," g/g in ground") -> Anhydrite; {CaSO4}; 0.7445 g/g in ground | C25: minerals and metals | D25: subsoil | E25: stock | F25: NA | G25: resource extraction | I25: g | J25: CaSO4 | K25: mineral | L25: =IF(K25="mineral",(IFERROR(VLOOKUP($A25,'Singular Minerals'!$B$12:$U$500,19,FALSE),IFERROR(VLOOKUP($A25,'Multiple Minerals'!$B$26:$U$309,19,FALSE),VLOOKUP($A25,'Aggregate Minerals'!$B$19:$N$300,13,FALSE)))),(IFERROR(VLOOKUP($A25,'Singular Minerals'!$B$12:$U$500,20,FALSE),IFERROR(VLOOKUP($A25,'Multiple Minerals'!$B$26:$U$309,20,FALSE),VLOOKUP($A25,'Aggregate Minerals'!$B$19:$N$300,13,FALSE))))) -> 8.106153e+09 | M25: 2500000000 | O25: =IF(M25<=renewable_cutoff,L25,"") | P25: =IF(M25>renewable_cutoff,L25,"") -> 8.106153e+09 | V25: =L25 -> 8.106153e+09 | Y25: Kribek et al. (2002) 66.9 to 82% anhydrite in evaporite deposites. | Z25: =AVERAGE(0.669,0.82) -> 0.7445
A26: 1270 | B26: =CONCATENATE("Antimony; {", J26, "}; ", Z26," g/g in ground") -> Antimony; {Sb2S3}; 0.35 g/g in ground | C26: minerals and metals | D26: subsoil | E26: stock | F26: NA | G26: resource extraction | I26: g | J26: Sb2S3 | K26: element | L26: =IF(K26="mineral",(IFERROR(VLOOKUP($A26,'Singular Minerals'!$B$12:$U$500,19,FALSE),IFERROR(VLOOKUP($A26,'Multiple Minerals'!$B$26:$U$309,19,FALSE),VLOOKUP($A26,'Aggregate Minerals'!$B$19:$N$300,13,FALSE)))),(IFERROR(VLOOKUP($A26,'Singular Minerals'!$B$12:$U$500,20,FALSE),IFERROR(VLOOKUP($A26,'Multiple Minerals'!$B$26:$U$309,20,FALSE),VLOOKUP($A26,'Aggregate Minerals'!$B$19:$N$300,13,FALSE))))) -> 8.089969e+09 | M26: 2500000000 | O26: =IF(M26<=renewable_cutoff,L26,"") | P26: =IF(M26>renewable_cutoff,L26,"") -> 8.089969e+09 | V26: =L26 -> 8.089969e+09 | Y26: 35% Sb in American deposits (http://www.unalmed.edu.co/rrodriguez/MODELOS/columbia/Stibnite%20Veins%20&%20Disseminations.htm) | Z26: 0.35
A27: 1032 | B27: =CONCATENATE("Barite; {", J27, "}; ", Z27," g/g in ground") -> Barite; {BaSO4}; 0.15 g/g in ground | C27: minerals and metals | D27: subsoil | E27: stock | F27: NA | G27: resource extraction | I27: g | J27: BaSO4 | K27: mineral | L27: =IF(K27="mineral",(IFERROR(VLOOKUP($A27,'Singular Minerals'!$B$12:$U$500,19,FALSE),IFERROR(VLOOKUP($A27,'Multiple Minerals'!$B$26:$U$309,19,FALSE),VLOOKUP($A27,'Aggregate Minerals'!$B$19:$N$300,13,FALSE)))),(IFERROR(VLOOKUP($A27,'Singular Minerals'!$B$12:$U$500,20,FALSE),IFERROR(VLOOKUP($A27,'Multiple Minerals'!$B$26:$U$309,20,FALSE),VLOOKUP($A27,'Aggregate Minerals'!$B$19:$N$300,13,FALSE))))) -> 3.1413711e+09 | M27: 2500000000 | O27: =IF(M27<=renewable_cutoff,L27,"") | P27: =IF(M27>renewable_cutoff,L27,"") -> 3.1413711e+09 | V27: =L27 -> 3.1413711e+09 | Z27: 0.15
A28: 2001 | B28: =CONCATENATE("Bauxite; {", J28, "}; ", AA28," g/g in ground") -> Bauxite; {Al(OH)3, AlO(OH), and AlO(OH)}; 0.11 g/g in ground | C28: minerals and metals | D28: subsoil | E28: stock | F28: NA | G28: resource extraction | I28: g | J28: Al(OH)3, AlO(OH), and AlO(OH) | K28: mineral | L28: =IF(K28="mineral",(IFERROR(VLOOKUP($A28,'Singular Minerals'!$B$12:$U$500,19,FALSE),IFERROR(VLOOKUP($A28,'Multiple Minerals'!$B$26:$U$309,19,FALSE),VLOOKUP($A28,'Aggregate Minerals'!$B$19:$N$300,13,FALSE)))),(IFERROR(VLOOKUP($A28,'Singular Minerals'!$B$12:$U$500,20,FALSE),IFERROR(VLOOKUP($A28,'Multiple Minerals'!$B$26:$U$309,20,FALSE),VLOOKUP($A28,'Aggregate Minerals'!$B$19:$N$300,13,FALSE))))) -> 1.1154517e+10 | M28: 2500000000 | O28: =IF(M28<=renewable_cutoff,L28,"") | P28: =IF(M28>renewable_cutoff,L28,"") -> 1.1154517e+10 | V28: =L28 -> 1.1154517e+10 | Y28: Weighted average of {Hydragillite/Gibbsite, Diaspore, Boehmite}. Concentration set to 11% Al in ground. | AA28: 0.11
A29: 1162 | B29: =CONCATENATE("Borax (Kernite); {", J29, "}; ", Z29," g/g in ground") -> Borax (Kernite); {Na2O2B2O34H2O}; 0.25 g/g in ground | C29: minerals and metals | D29: subsoil | E29: stock | F29: NA | G29: resource extraction | I29: g | J29: Na2O2B2O34H2O | K29: mineral | L29: =IF(K29="mineral",(IFERROR(VLOOKUP($A29,'Singular Minerals'!$B$12:$U$500,19,FALSE),IFERROR(VLOOKUP($A29,'Multiple Minerals'!$B$26:$U$309,19,FALSE),VLOOKUP($A29,'Aggregate Minerals'!$B$19:$N$300,13,FALSE)))),(IFERROR(VLOOKUP($A29,'Singular Minerals'!$B$12:$U$500,20,FALSE),IFERROR(VLOOKUP($A29,'Multiple Minerals'!$B$26:$U$309,20,FALSE),VLOOKUP($A29,'Aggregate Minerals'!$B$19:$N$300,13,FALSE))))) -> 6.6071066e+09 | M29: 2500000000 | O29: =IF(M29<=renewable_cutoff,L29,"") | P29: =IF(M29>renewable_cutoff,L29,"") -> 6.6071066e+09 | V29: =L29 -> 6.6071066e+09 | Y29: Approximated by Kernite. Estimating 25% B2O3 content. | Z29: 0.25
A30: 1136 | B30: =CONCATENATE("Cadmium in Greenockite; {", J30, "}; ", Z30," g/g in ground") -> Cadmium in Greenockite; {CdS}; 0.0018 g/g in ground | C30: minerals and metals | D30: subsoil | E30: stock | F30: NA | G30: resource extraction | I30: g | J30: CdS | K30: element | L30: =IF(K30="mineral",(IFERROR(VLOOKUP($A30,'Singular Minerals'!$B$12:$U$500,19,FALSE),IFERROR(VLOOKUP($A30,'Multiple Minerals'!$B$26:$U$309,19,FALSE),VLOOKUP($A30,'Aggregate Minerals'!$B$19:$N$300,13,FALSE)))),(IFERROR(VLOOKUP($A30,'Singular Minerals'!$B$12:$U$500,20,FALSE),IFERROR(VLOOKUP($A30,'Multiple Minerals'!$B$26:$U$309,20,FALSE),VLOOKUP($A30,'Aggregate Minerals'!$B$19:$N$300,13,FALSE))))) -> 1.2064153e+10 | M30: 2500000000 | O30: =IF(M30<=renewable_cutoff,L30,"") | P30: =IF(M30>renewable_cutoff,L30,"") -> 1.2064153e+10 | V30: =L30 -> 1.2064153e+10 | Y30: Mass ratio of the element in the mineral Greenockite | Z30: 0.0018
A31: 2009 | B31: =CONCATENATE("Cerium; {", J31, "}; ", Z31," g/g in ground") -> Cerium; {Ca(Ce0.4Ca0.2Y0.133)(Al2Fe3+)Si3O12(OH), Ce0.5La0.25Nd0.2Th0.05(PO4), La(CO3)F, and Ce0.75La0.25(PO4)H2O}; 0.1 g/g in ground | C31: minerals and metals | D31: subsoil | E31: stock | F31: NA | G31: resource extraction | I31: g | J31: =CONCATENATE('Multiple Minerals'!D126,", ",'Multiple Minerals'!D127, ", ",'Multiple Minerals'!D128,", and ",'Multiple Minerals'!D129) -> Ca(Ce0.4Ca0.2Y0.133)(Al2Fe3+)Si3O12(OH), Ce0.5La0.25Nd0.2Th0.05(PO4), La(CO3)F, and Ce0.75La0.25(PO4)H2O | K31: mineral | L31: =IF(K31="mineral",(IFERROR(VLOOKUP($A31,'Singular Minerals'!$B$12:$U$500,19,FALSE),IFERROR(VLOOKUP($A31,'Multiple Minerals'!$B$26:$U$309,19,FALSE),VLOOKUP($A31,'Aggregate Minerals'!$B$19:$N$300,13,FALSE)))),(IFERROR(VLOOKUP($A31,'Singular Minerals'!$B$12:$U$500,20,FALSE),IFERROR(VLOOKUP($A31,'Multiple Minerals'!$B$26:$U$309,20,FALSE),VLOOKUP($A31,'Aggregate Minerals'!$B$19:$N$300,13,FALSE))))) -> 4.5364884e+09 | M31: 2500000000 | O31: =IF(M31<=renewable_cutoff,L31,"") | P31: =IF(M31>renewable_cutoff,L31,"") -> 4.5364884e+09 | V31: =L31 -> 4.5364884e+09 | Y31: Weighted average of Orthide-Allanite, Monazite (Ce), Bastnaesite, and Rhabdophane. | Z31: 0.1
A32: 1071 | B32: =CONCATENATE("Chromium in Chromite; {", J32, "}; ", AA32," g/g in ground") -> Chromium in Chromite; {Fe2+Cr2O4}; 0.116 g/g in ground | C32: minerals and metals | D32: subsoil | E32: stock | F32: NA | G32: resource extraction | I32: g | J32: Fe2+Cr2O4 | K32: element | L32: =IF(K32="mineral",(IFERROR(VLOOKUP($A32,'Singular Minerals'!$B$12:$U$500,19,FALSE),IFERROR(VLOOKUP($A32,'Multiple Minerals'!$B$26:$U$309,19,FALSE),VLOOKUP($A32,'Aggregate Minerals'!$B$19:$N$300,13,FALSE)))),(IFERROR(VLOOKUP($A32,'Singular Minerals'!$B$12:$U$500,20,FALSE),IFERROR(VLOOKUP($A32,'Multiple Minerals'!$B$26:$U$309,20,FALSE),VLOOKUP($A32,'Aggregate Minerals'!$B$19:$N$300,13,FALSE))))) -> 9.3946215e+09 | M32: 2500000000 | O32: =IF(M32<=renewable_cutoff,L32,"") | P32: =IF(M32>renewable_cutoff,L32,"") -> 9.3946215e+09 | V32: =L32 -> 9.3946215e+09 | Y32: Mass ratio of Chromium within Chromite | AA32: 0.116
A33: 1262 | B33: =CONCATENATE("Sodalite, Chrysotile; {", J33, "}; ", Z33," g/g in ground") -> Sodalite, Chrysotile; {Mg3Si2O5(OH)4}; 0.1 g/g in ground | C33: minerals and metals | D33: subsoil | E33: stock | F33: NA | G33: resource extraction | I33: g | J33: Mg3Si2O5(OH)4 | K33: mineral | L33: =IF(K33="mineral",(IFERROR(VLOOKUP($A33,'Singular Minerals'!$B$12:$U$500,19,FALSE),IFERROR(VLOOKUP($A33,'Multiple Minerals'!$B$26:$U$309,19,FALSE),VLOOKUP($A33,'Aggregate Minerals'!$B$19:$N$300,13,FALSE)))),(IFERROR(VLOOKUP($A33,'Singular Minerals'!$B$12:$U$500,20,FALSE),IFERROR(VLOOKUP($A33,'Multiple Minerals'!$B$26:$U$309,20,FALSE),VLOOKUP($A33,'Aggregate Minerals'!$B$19:$N$300,13,FALSE))))) -> 1.8550238e+09 | M33: 2500000000 | O33: =IF(M33<=renewable_cutoff,L33,"") | P33: =IF(M33>renewable_cutoff,L33,"") -> 1.8550238e+09 | V33: =L33 -> 1.8550238e+09 | Y33: http://www.madehow.com/Volume-4/Asbestos.html (first estimate at mine grade concentration) | Z33: 0.1
A34: 1076 | B34: =CONCATENATE("Cinnabar; {", J34, "}; ", Z34," g/g in ground") -> Cinnabar; {HgS}; 0.01 g/g in ground | C34: minerals and metals | D34: subsoil | E34: stock | F34: NA | G34: resource extraction | I34: g | J34: HgS | K34: element | L34: =IF(K34="mineral",(IFERROR(VLOOKUP($A34,'Singular Minerals'!$B$12:$U$500,19,FALSE),IFERROR(VLOOKUP($A34,'Multiple Minerals'!$B$26:$U$309,19,FALSE),VLOOKUP($A34,'Aggregate Minerals'!$B$19:$N$300,13,FALSE)))),(IFERROR(VLOOKUP($A34,'Singular Minerals'!$B$12:$U$500,20,FALSE),IFERROR(VLOOKUP($A34,'Multiple Minerals'!$B$26:$U$309,20,FALSE),VLOOKUP($A34,'Aggregate Minerals'!$B$19:$N$300,13,FALSE))))) -> 8.241006e+09 | M34: 2500000000 | O34: =IF(M34<=renewable_cutoff,L34,"") | P34: =IF(M34>renewable_cutoff,L34,"") -> 8.241006e+09 | V34: =L34 -> 8.241006e+09 | Y34: 1% typical cinnabar ore grade concentration (Ballester et al., 1988) | Z34: 0.01
A35: 1174 | B35: =CONCATENATE("Cobalt; {", J35, "}; ", Z35," g/g in ground") -> Cobalt; {CoAs2, CoAsS, Co3S4}; 0.002 g/g in ground | C35: minerals and metals | D35: subsoil | E35: stock | F35: NA | G35: resource extraction | I35: g | J35: CoAs2, CoAsS, Co3S4 | K35: element | L35: =IF(K35="mineral",(IFERROR(VLOOKUP($A35,'Singular Minerals'!$B$12:$U$500,19,FALSE),IFERROR(VLOOKUP($A35,'Multiple Minerals'!$B$26:$U$309,19,FALSE),VLOOKUP($A35,'Aggregate Minerals'!$B$19:$N$300,13,FALSE)))),(IFERROR(VLOOKUP($A35,'Singular Minerals'!$B$12:$U$500,20,FALSE),IFERROR(VLOOKUP($A35,'Multiple Minerals'!$B$26:$U$309,20,FALSE),VLOOKUP($A35,'Aggregate Minerals'!$B$19:$N$300,13,FALSE))))) -> 1.0390041e+10 | M35: 2500000000 | O35: =IF(M35<=renewable_cutoff,L35,"") | P35: =IF(M35>renewable_cutoff,L35,"") -> 1.0390041e+10 | V35: =L35 -> 1.0390041e+10 | Y35: Cutoff grade of element Co is 0.20% (http://minerals.usgs.gov/minerals/pubs/commodity/cobalt/210400.pdf). | Z35: 0.002
A36: 1082 | B36: =CONCATENATE("Colemanite; {", J36, "}; ", Z36," g/g in ground") -> Colemanite; {Ca2B6O11(H2O)5}; 0.3076 g/g in ground | C36: minerals and metals | D36: subsoil | E36: stock | F36: NA | G36: resource extraction | I36: g | J36: Ca2B6O11(H2O)5 | K36: mineral | L36: =IF(K36="mineral",(IFERROR(VLOOKUP($A36,'Singular Minerals'!$B$12:$U$500,19,FALSE),IFERROR(VLOOKUP($A36,'Multiple Minerals'!$B$26:$U$309,19,FALSE),VLOOKUP($A36,'Aggregate Minerals'!$B$19:$N$300,13,FALSE)))),(IFERROR(VLOOKUP($A36,'Singular Minerals'!$B$12:$U$500,20,FALSE),IFERROR(VLOOKUP($A36,'Multiple Minerals'!$B$26:$U$309,20,FALSE),VLOOKUP($A36,'Aggregate Minerals'!$B$19:$N$300,13,FALSE))))) -> 3.3203376e+09 | M36: 2500000000 | O36: =IF(M36<=renewable_cutoff,L36,"") | P36: =IF(M36>renewable_cutoff,L36,"") -> 3.3203376e+09 | V36: =L36 -> 3.3203376e+09 | Y36: Alp (2009) average B2O3 content in colemanite ore 30.76% | Z36: =0.3076 -> 0.3076
A37: 1063 | B37: =CONCATENATE("Copper in Chalcopyrite; {", J37, "}; ", AA37," g/g in ground") -> Copper in Chalcopyrite; {CuFeS2}; 0.0099 g/g in ground | C37: minerals and metals | D37: subsoil | E37: stock | F37: NA | G37: resource extraction | I37: g | J37: CuFeS2 | K37: element | L37: =IF(K37="mineral",(IFERROR(VLOOKUP($A37,'Singular Minerals'!$B$12:$U$500,19,FALSE),IFERROR(VLOOKUP($A37,'Multiple Minerals'!$B$26:$U$309,19,FALSE),VLOOKUP($A37,'Aggregate Minerals'!$B$19:$N$300,13,FALSE)))),(IFERROR(VLOOKUP($A37,'Singular Minerals'!$B$12:$U$500,20,FALSE),IFERROR(VLOOKUP($A37,'Multiple Minerals'!$B$26:$U$309,20,FALSE),VLOOKUP($A37,'Aggregate Minerals'!$B$19:$N$300,13,FALSE))))) -> 1.3069355e+10 | M37: 2500000000 | O37: =IF(M37<=renewable_cutoff,L37,"") | P37: =IF(M37>renewable_cutoff,L37,"") -> 1.3069355e+10 | V37: =L37 -> 1.3069355e+10 | AA37: 0.0099
A38: 1064 | B38: =CONCATENATE("Copper in Chalcopyrite; {", J38, "}; ", AA38," g/g in ground") -> Copper in Chalcopyrite; {CuFeS2}; 0.0118 g/g in ground | C38: minerals and metals | D38: subsoil | E38: stock | F38: NA | G38: resource extraction | I38: g | J38: CuFeS2 | K38: element | L38: =IF(K38="mineral",(IFERROR(VLOOKUP($A38,'Singular Minerals'!$B$12:$U$500,19,FALSE),IFERROR(VLOOKUP($A38,'Multiple Minerals'!$B$26:$U$309,19,FALSE),VLOOKUP($A38,'Aggregate Minerals'!$B$19:$N$300,13,FALSE)))),(IFERROR(VLOOKUP($A38,'Singular Minerals'!$B$12:$U$500,20,FALSE),IFERROR(VLOOKUP($A38,'Multiple Minerals'!$B$26:$U$309,20,FALSE),VLOOKUP($A38,'Aggregate Minerals'!$B$19:$N$300,13,FALSE))))) -> 1.3447699e+10 | M38: 2500000000 | O38: =IF(M38<=renewable_cutoff,L38,"") | P38: =IF(M38>renewable_cutoff,L38,"") -> 1.3447699e+10 | V38: =L38 -> 1.3447699e+10 | AA38: 0.0118
A39: 1065 | B39: =CONCATENATE("Copper in Chalcopyrite; {", J39, "}; ", AA39," g/g in ground") -> Copper in Chalcopyrite; {CuFeS2}; 0.0142 g/g in ground | C39: minerals and metals | D39: subsoil | E39: stock | F39: NA | G39: resource extraction | I39: g | J39: CuFeS2 | K39: element | L39: =IF(K39="mineral",(IFERROR(VLOOKUP($A39,'Singular Minerals'!$B$12:$U$500,19,FALSE),IFERROR(VLOOKUP($A39,'Multiple Minerals'!$B$26:$U$309,19,FALSE),VLOOKUP($A39,'Aggregate Minerals'!$B$19:$N$300,13,FALSE)))),(IFERROR(VLOOKUP($A39,'Singular Minerals'!$B$12:$U$500,20,FALSE),IFERROR(VLOOKUP($A39,'Multiple Minerals'!$B$26:$U$309,20,FALSE),VLOOKUP($A39,'Aggregate Minerals'!$B$19:$N$300,13,FALSE))))) -> 1.3846682e+10 | M39: 2500000000 | O39: =IF(M39<=renewable_cutoff,L39,"") | P39: =IF(M39>renewable_cutoff,L39,"") -> 1.3846682e+10 | V39: =L39 -> 1.3846682e+10 | AA39: 0.0142
A40: 1066 | B40: =CONCATENATE("Copper in Chalcopyrite; {", J40, "}; ", AA40," g/g in ground") -> Copper in Chalcopyrite; {CuFeS2}; 0.0219 g/g in ground | C40: minerals and metals | D40: subsoil | E40: stock | F40: NA | G40: resource extraction | I40: g | J40: CuFeS2 | K40: element | L40: =IF(K40="mineral",(IFERROR(VLOOKUP($A40,'Singular Minerals'!$B$12:$U$500,19,FALSE),IFERROR(VLOOKUP($A40,'Multiple Minerals'!$B$26:$U$309,19,FALSE),VLOOKUP($A40,'Aggregate Minerals'!$B$19:$N$300,13,FALSE)))),(IFERROR(VLOOKUP($A40,'Singular Minerals'!$B$12:$U$500,20,FALSE),IFERROR(VLOOKUP($A40,'Multiple Minerals'!$B$26:$U$309,20,FALSE),VLOOKUP($A40,'Aggregate Minerals'!$B$19:$N$300,13,FALSE))))) -> 1.4780329e+10 | M40: 2500000000 | O40: =IF(M40<=renewable_cutoff,L40,"") | P40: =IF(M40>renewable_cutoff,L40,"") -> 1.4780329e+10 | V40: =L40 -> 1.4780329e+10 | AA40: 0.0219
B41: Diatomite | C41: rock and aggregate | D41: subsoil | E41: stock | F41: NA | G41: resource extraction | I41: g | K41: mineral | M41: 2500000000 | O41: =IF(M41<=renewable_cutoff,L41,"") | P41: =IF(M41>renewable_cutoff,L41,"") -> 0 | V41: =L41 -> 0
A42: 1033 | B42: =CONCATENATE("Europium; {", J42, "}; ", Z42," g/g in ground") -> Europium; {La(CO3)F}; 0.07 g/g in ground | C42: minerals and metals | D42: subsoil | E42: stock | F42: NA | G42: resource extraction | I42: g | J42: La(CO3)F | K42: element | L42: =IF(K42="mineral",(IFERROR(VLOOKUP($A42,'Singular Minerals'!$B$12:$U$500,19,FALSE),IFERROR(VLOOKUP($A42,'Multiple Minerals'!$B$26:$U$309,19,FALSE),VLOOKUP($A42,'Aggregate Minerals'!$B$19:$N$300,13,FALSE)))),(IFERROR(VLOOKUP($A42,'Singular Minerals'!$B$12:$U$500,20,FALSE),IFERROR(VLOOKUP($A42,'Multiple Minerals'!$B$26:$U$309,20,FALSE),VLOOKUP($A42,'Aggregate Minerals'!$B$19:$N$300,13,FALSE))))) -> 8.2582307e+09 | M42: 2500000000 | O42: =IF(M42<=renewable_cutoff,L42,"") | P42: =IF(M42>renewable_cutoff,L42,"") -> 8.2582307e+09 | V42: =L42 -> 8.2582307e+09 | Y42: Approximated with Bastnaesite. 7% Rare Earth element concentration in Canadian deposites (http://www.fas.org/sgp/crs/natsec/R41347.pdf) | Z42: 0.07
A43: 1214 | B43: =CONCATENATE("Feldspar; {", J43, "}; ", Z43," g/g in ground") -> Feldspar; {(Na, K, Ca) AlSi3O8//SiO2}; 0.46 g/g in ground | C43: minerals and metals | D43: subsoil | E43: stock | F43: NA | G43: resource extraction | I43: g | J43: (Na, K, Ca) AlSi3O8//SiO2 | K43: mineral | L43: =IF(K43="mineral",(IFERROR(VLOOKUP($A43,'Singular Minerals'!$B$12:$U$500,19,FALSE),IFERROR(VLOOKUP($A43,'Multiple Minerals'!$B$26:$U$309,19,FALSE),VLOOKUP($A43,'Aggregate Minerals'!$B$19:$N$300,13,FALSE)))),(IFERROR(VLOOKUP($A43,'Singular Minerals'!$B$12:$U$500,20,FALSE),IFERROR(VLOOKUP($A43,'Multiple Minerals'!$B$26:$U$309,20,FALSE),VLOOKUP($A43,'Aggregate Minerals'!$B$19:$N$300,13,FALSE))))) -> 1.598329e+09 | M43: 2500000000 | O43: =IF(M43<=renewable_cutoff,L43,"") | P43: =IF(M43>renewable_cutoff,L43,"") -> 1.598329e+09 | V43: =L43 -> 1.598329e+09 | Y43: Orthoclasse/K-feldspar deposits in Jordan 25-30% of rock volume (Shakkour et al., 2011). 46% mine grade (Amarante et al., 1997) | Z43: 0.46
A44: 1020 | B44: =CONCATENATE("Flourine; {", J44, "}; ", AA44," g/g in ground") -> Flourine; {F}; 0.01 g/g in ground | C44: minerals and metals | D44: subsoil | E44: stock | F44: NA | G44: resource extraction | I44: g | J44: F | K44: element | L44: =IF(K44="mineral",(IFERROR(VLOOKUP($A44,'Singular Minerals'!$B$12:$U$500,19,FALSE),IFERROR(VLOOKUP($A44,'Multiple Minerals'!$B$26:$U$309,19,FALSE),VLOOKUP($A44,'Aggregate Minerals'!$B$19:$N$300,13,FALSE)))),(IFERROR(VLOOKUP($A44,'Singular Minerals'!$B$12:$U$500,20,FALSE),IFERROR(VLOOKUP($A44,'Multiple Minerals'!$B$26:$U$309,20,FALSE),VLOOKUP($A44,'Aggregate Minerals'!$B$19:$N$300,13,FALSE))))) -> 3.7735915e+10 | M44: 2500000000 | O44: =IF(M44<=renewable_cutoff,L44,"") | P44: =IF(M44>renewable_cutoff,L44,"") -> 3.7735915e+10 | V44: =L44 -> 3.7735915e+10 | Y44: 4.5% in Apatite (LCA data). | AA44: 0.01
A45: 1021 | B45: =CONCATENATE("Flourine; {", J45, "}; ", AA45," g/g in ground") -> Flourine; {F}; 0.03 g/g in ground | C45: minerals and metals | D45: subsoil | E45: stock | F45: NA | G45: resource extraction | I45: g | J45: F | K45: element | L45: =IF(K45="mineral",(IFERROR(VLOOKUP($A45,'Singular Minerals'!$B$12:$U$500,19,FALSE),IFERROR(VLOOKUP($A45,'Multiple Minerals'!$B$26:$U$309,19,FALSE),VLOOKUP($A45,'Aggregate Minerals'!$B$19:$N$300,13,FALSE)))),(IFERROR(VLOOKUP($A45,'Singular Minerals'!$B$12:$U$500,20,FALSE),IFERROR(VLOOKUP($A45,'Multiple Minerals'!$B$26:$U$309,20,FALSE),VLOOKUP($A45,'Aggregate Minerals'!$B$19:$N$300,13,FALSE))))) -> 4.4302648e+10 | M45: 2500000000 | O45: =IF(M45<=renewable_cutoff,L45,"") | P45: =IF(M45>renewable_cutoff,L45,"") -> 4.4302648e+10 | V45: =L45 -> 4.4302648e+10 | Y45: 4.5% in Apatite (LCA data). | AA45: 0.03
A46: 1114 | B46: =CONCATENATE("Fluorspar/Fluorite; {", J46, "}; ", Z46," g/g in ground") -> Fluorspar/Fluorite; {CaF2}; 0.92 g/g in ground | C46: minerals and metals | D46: subsoil | E46: stock | F46: NA | G46: resource extraction | I46: g | J46: CaF2 | K46: mineral | L46: =IF(K46="mineral",(IFERROR(VLOOKUP($A46,'Singular Minerals'!$B$12:$U$500,19,FALSE),IFERROR(VLOOKUP($A46,'Multiple Minerals'!$B$26:$U$309,19,FALSE),VLOOKUP($A46,'Aggregate Minerals'!$B$19:$N$300,13,FALSE)))),(IFERROR(VLOOKUP($A46,'Singular Minerals'!$B$12:$U$500,20,FALSE),IFERROR(VLOOKUP($A46,'Multiple Minerals'!$B$26:$U$309,20,FALSE),VLOOKUP($A46,'Aggregate Minerals'!$B$19:$N$300,13,FALSE))))) -> 1.9841712e+10 | M46: 2500000000 | O46: =IF(M46<=renewable_cutoff,L46,"") | P46: =IF(M46>renewable_cutoff,L46,"") -> 1.9841712e+10 | V46: =L46 -> 1.9841712e+10 | Z46: 0.92
A47: 1118 | B47: =CONCATENATE("Gadolinium; {", J47, "}; ", Z47," g/g in ground") -> Gadolinium; {Gd}; 0.0196 g/g in ground | C47: minerals and metals | D47: subsoil | E47: stock | F47: NA | G47: resource extraction | I47: g | J47: Gd | K47: element | L47: =IF(K47="mineral",(IFERROR(VLOOKUP($A47,'Singular Minerals'!$B$12:$U$500,19,FALSE),IFERROR(VLOOKUP($A47,'Multiple Minerals'!$B$26:$U$309,19,FALSE),VLOOKUP($A47,'Aggregate Minerals'!$B$19:$N$300,13,FALSE)))),(IFERROR(VLOOKUP($A47,'Singular Minerals'!$B$12:$U$500,20,FALSE),IFERROR(VLOOKUP($A47,'Multiple Minerals'!$B$26:$U$309,20,FALSE),VLOOKUP($A47,'Aggregate Minerals'!$B$19:$N$300,13,FALSE))))) -> 9.9187258e+09 | M47: 2500000000 | O47: =IF(M47<=renewable_cutoff,L47,"") | P47: =IF(M47>renewable_cutoff,L47,"") -> 9.9187258e+09 | V47: =L47 -> 9.9187258e+09 | Y47: Approximated with Gadolinite. 1.96% REE grade (Brittish Geological Survey, file:///C:/Users/Cadillac/Downloads/Rare_Earth_Elements_profile.pdf) | Z47: 0.0196
A48: 2013 | B48: =CONCATENATE("Gallium; {", J48, "}; ", Z48," g/g in ground") -> Gallium; {Ga}; 0.0014 g/g in ground | C48: minerals and metals | D48: subsoil | E48: stock | F48: NA | G48: resource extraction | I48: g | J48: Ga | K48: element | L48: =IF(K48="mineral",(IFERROR(VLOOKUP($A48,'Singular Minerals'!$B$12:$U$500,19,FALSE),IFERROR(VLOOKUP($A48,'Multiple Minerals'!$B$26:$U$309,19,FALSE),VLOOKUP($A48,'Aggregate Minerals'!$B$19:$N$300,13,FALSE)))),(IFERROR(VLOOKUP($A48,'Singular Minerals'!$B$12:$U$500,20,FALSE),IFERROR(VLOOKUP($A48,'Multiple Minerals'!$B$26:$U$309,20,FALSE),VLOOKUP($A48,'Aggregate Minerals'!$B$19:$N$300,13,FALSE))))) -> 7.9675124e+12 | M48: 2500000000 | O48: =IF(M48<=renewable_cutoff,L48,"") | P48: =IF(M48>renewable_cutoff,L48,"") -> 7.9675124e+12 | V48: =L48 -> 7.9675124e+12 | Y48: 0.14% in Bauxite (LCA data). Assumed bauxite concentration of the Aluminum ore item. | Z48: 0.0014
A49: 1126 | B49: =CONCATENATE("Gold; {", J49, "}; ", Z49," g/g in ground") -> Gold; {Native gold (Au)}; 0.0000011 g/g in ground | C49: minerals and metals | D49: subsoil | E49: stock | F49: NA | G49: resource extraction | I49: g | J49: Native gold (Au) | K49: mineral | L49: =IF(K49="mineral",(IFERROR(VLOOKUP($A49,'Singular Minerals'!$B$12:$U$500,19,FALSE),IFERROR(VLOOKUP($A49,'Multiple Minerals'!$B$26:$U$309,19,FALSE),VLOOKUP($A49,'Aggregate Minerals'!$B$19:$N$300,13,FALSE)))),(IFERROR(VLOOKUP($A49,'Singular Minerals'!$B$12:$U$500,20,FALSE),IFERROR(VLOOKUP($A49,'Multiple Minerals'!$B$26:$U$309,20,FALSE),VLOOKUP($A49,'Aggregate Minerals'!$B$19:$N$300,13,FALSE))))) -> 4.7002642e+09 | M49: 2500000000 | O49: =IF(M49<=renewable_cutoff,L49,"") | P49: =IF(M49>renewable_cutoff,L49,"") -> 4.7002642e+09 | V49: =L49 -> 4.7002642e+09 | Y49: Native gold (Au) most common gold mineral. No weighting necessary. | Z49: 1.1e-06
A50: 1127 | B50: =CONCATENATE("Gold; {", J50, "}; ", Z50," g/g in ground") -> Gold; {Native gold (Au)}; 0.0000013 g/g in ground | C50: minerals and metals | D50: subsoil | E50: stock | F50: NA | G50: resource extraction | I50: g | J50: Native gold (Au) | K50: mineral | L50: =IF(K50="mineral",(IFERROR(VLOOKUP($A50,'Singular Minerals'!$B$12:$U$500,19,FALSE),IFERROR(VLOOKUP($A50,'Multiple Minerals'!$B$26:$U$309,19,FALSE),VLOOKUP($A50,'Aggregate Minerals'!$B$19:$N$300,13,FALSE)))),(IFERROR(VLOOKUP($A50,'Singular Minerals'!$B$12:$U$500,20,FALSE),IFERROR(VLOOKUP($A50,'Multiple Minerals'!$B$26:$U$309,20,FALSE),VLOOKUP($A50,'Aggregate Minerals'!$B$19:$N$300,13,FALSE))))) -> 4.8164076e+09 | M50: 2500000000 | O50: =IF(M50<=renewable_cutoff,L50,"") | P50: =IF(M50>renewable_cutoff,L50,"") -> 4.8164076e+09 | V50: =L50 -> 4.8164076e+09 | Y50: Native gold (Au) most common gold mineral. No weighting necessary. | Z50: 1.3e-06
A51: 1128 | B51: =CONCATENATE("Gold; {", J51, "}; ", Z51," g/g in ground") -> Gold; {Native gold (Au)}; 0.0000014 g/g in ground | C51: minerals and metals | D51: subsoil | E51: stock | F51: NA | G51: resource extraction | I51: g | J51: Native gold (Au) | K51: mineral | L51: =IF(K51="mineral",(IFERROR(VLOOKUP($A51,'Singular Minerals'!$B$12:$U$500,19,FALSE),IFERROR(VLOOKUP($A51,'Multiple Minerals'!$B$26:$U$309,19,FALSE),VLOOKUP($A51,'Aggregate Minerals'!$B$19:$N$300,13,FALSE)))),(IFERROR(VLOOKUP($A51,'Singular Minerals'!$B$12:$U$500,20,FALSE),IFERROR(VLOOKUP($A51,'Multiple Minerals'!$B$26:$U$309,20,FALSE),VLOOKUP($A51,'Aggregate Minerals'!$B$19:$N$300,13,FALSE))))) -> 4.8679307e+09 | M51: 2500000000 | O51: =IF(M51<=renewable_cutoff,L51,"") | P51: =IF(M51>renewable_cutoff,L51,"") -> 4.8679307e+09 | V51: =L51 -> 4.8679307e+09 | Y51: Native gold (Au) most common gold mineral. No weighting necessary. | Z51: 1.4e-06
A52: 1129 | B52: =CONCATENATE("Gold; {", J52, "}; ", Z52," g/g in ground") -> Gold; {Native gold (Au)}; 0.0000021 g/g in ground | C52: minerals and metals | D52: subsoil | E52: stock | F52: NA | G52: resource extraction | I52: g | J52: Native gold (Au) | K52: mineral | L52: =IF(K52="mineral",(IFERROR(VLOOKUP($A52,'Singular Minerals'!$B$12:$U$500,19,FALSE),IFERROR(VLOOKUP($A52,'Multiple Minerals'!$B$26:$U$309,19,FALSE),VLOOKUP($A52,'Aggregate Minerals'!$B$19:$N$300,13,FALSE)))),(IFERROR(VLOOKUP($A52,'Singular Minerals'!$B$12:$U$500,20,FALSE),IFERROR(VLOOKUP($A52,'Multiple Minerals'!$B$26:$U$309,20,FALSE),VLOOKUP($A52,'Aggregate Minerals'!$B$19:$N$300,13,FALSE))))) -> 5.1498281e+09 | M52: 2500000000 | O52: =IF(M52<=renewable_cutoff,L52,"") | P52: =IF(M52>renewable_cutoff,L52,"") -> 5.1498281e+09 | V52: =L52 -> 5.1498281e+09 | Y52: Native gold (Au) most common gold mineral. No weighting necessary. | Z52: 2.1e-06
A53: 1130 | B53: =CONCATENATE("Gold; {", J53, "}; ", Z53," g/g in ground") -> Gold; {Native gold (Au)}; 0.0000043 g/g in ground | C53: minerals and metals | D53: subsoil | E53: stock | F53: NA | G53: resource extraction | I53: g | J53: Native gold (Au) | K53: mineral | L53: =IF(K53="mineral",(IFERROR(VLOOKUP($A53,'Singular Minerals'!$B$12:$U$500,19,FALSE),IFERROR(VLOOKUP($A53,'Multiple Minerals'!$B$26:$U$309,19,FALSE),VLOOKUP($A53,'Aggregate Minerals'!$B$19:$N$300,13,FALSE)))),(IFERROR(VLOOKUP($A53,'Singular Minerals'!$B$12:$U$500,20,FALSE),IFERROR(VLOOKUP($A53,'Multiple Minerals'!$B$26:$U$309,20,FALSE),VLOOKUP($A53,'Aggregate Minerals'!$B$19:$N$300,13,FALSE))))) -> 5.6480942e+09 | M53: 2500000000 | O53: =IF(M53<=renewable_cutoff,L53,"") | P53: =IF(M53>renewable_cutoff,L53,"") -> 5.6480942e+09 | V53: =L53 -> 5.6480942e+09 | Y53: Native gold (Au) most common gold mineral. No weighting necessary. | Z53: 4.3e-06
A54: 1131 | B54: =CONCATENATE("Gold; {", J54, "}; ", Z54," g/g in ground") -> Gold; {Native gold (Au)}; 0.00000049 g/g in ground | C54: minerals and metals | D54: subsoil | E54: stock | F54: NA | G54: resource extraction | I54: g | J54: Native gold (Au) | K54: mineral | L54: =IF(K54="mineral",(IFERROR(VLOOKUP($A54,'Singular Minerals'!$B$12:$U$500,19,FALSE),IFERROR(VLOOKUP($A54,'Multiple Minerals'!$B$26:$U$309,19,FALSE),VLOOKUP($A54,'Aggregate Minerals'!$B$19:$N$300,13,FALSE)))),(IFERROR(VLOOKUP($A54,'Singular Minerals'!$B$12:$U$500,20,FALSE),IFERROR(VLOOKUP($A54,'Multiple Minerals'!$B$26:$U$309,20,FALSE),VLOOKUP($A54,'Aggregate Minerals'!$B$19:$N$300,13,FALSE))))) -> 4.1380478e+09 | M54: 2500000000 | O54: =IF(M54<=renewable_cutoff,L54,"") | P54: =IF(M54>renewable_cutoff,L54,"") -> 4.1380478e+09 | V54: =L54 -> 4.1380478e+09 | Y54: Native gold (Au) most common gold mineral. No weighting necessary. | Z54: 4.9e-07
A55: 1132 | B55: =CONCATENATE("Gold; {", J55, "}; ", Z55," g/g in ground") -> Gold; {Native gold (Au)}; 0.0000067 g/g in ground | C55: minerals and metals | D55: subsoil | E55: stock | F55: NA | G55: resource extraction | I55: g | J55: Native gold (Au) | K55: mineral | L55: =IF(K55="mineral",(IFERROR(VLOOKUP($A55,'Singular Minerals'!$B$12:$U$500,19,FALSE),IFERROR(VLOOKUP($A55,'Multiple Minerals'!$B$26:$U$309,19,FALSE),VLOOKUP($A55,'Aggregate Minerals'!$B$19:$N$300,13,FALSE)))),(IFERROR(VLOOKUP($A55,'Singular Minerals'!$B$12:$U$500,20,FALSE),IFERROR(VLOOKUP($A55,'Multiple Minerals'!$B$26:$U$309,20,FALSE),VLOOKUP($A55,'Aggregate Minerals'!$B$19:$N$300,13,FALSE))))) -> 5.9564298e+09 | M55: 2500000000 | O55: =IF(M55<=renewable_cutoff,L55,"") | P55: =IF(M55>renewable_cutoff,L55,"") -> 5.9564298e+09 | V55: =L55 -> 5.9564298e+09 | Y55: Native gold (Au) most common gold mineral. No weighting necessary. | Z55: 6.7e-06
A56: 1133 | B56: =CONCATENATE("Gold; {", J56, "}; ", Z56," g/g in ground") -> Gold; {Native gold (Au)}; 0.0000071 g/g in ground | C56: minerals and metals | D56: subsoil | E56: stock | F56: NA | G56: resource extraction | I56: g | J56: Native gold (Au) | K56: mineral | L56: =IF(K56="mineral",(IFERROR(VLOOKUP($A56,'Singular Minerals'!$B$12:$U$500,19,FALSE),IFERROR(VLOOKUP($A56,'Multiple Minerals'!$B$26:$U$309,19,FALSE),VLOOKUP($A56,'Aggregate Minerals'!$B$19:$N$300,13,FALSE)))),(IFERROR(VLOOKUP($A56,'Singular Minerals'!$B$12:$U$500,20,FALSE),IFERROR(VLOOKUP($A56,'Multiple Minerals'!$B$26:$U$309,20,FALSE),VLOOKUP($A56,'Aggregate Minerals'!$B$19:$N$300,13,FALSE))))) -> 5.9967451e+09 | M56: 2500000000 | O56: =IF(M56<=renewable_cutoff,L56,"") | P56: =IF(M56>renewable_cutoff,L56,"") -> 5.9967451e+09 | V56: =L56 -> 5.9967451e+09 | Y56: Native gold (Au) most common gold mineral. No weighting necessary. | Z56: 7.1e-06
A57: 1134 | B57: =CONCATENATE("Gold; {", J57, "}; ", Z57," g/g in ground") -> Gold; {Native gold (Au)}; 0.0000097 g/g in ground | C57: minerals and metals | D57: subsoil | E57: stock | F57: NA | G57: resource extraction | I57: g | J57: Native gold (Au) | K57: mineral | L57: =IF(K57="mineral",(IFERROR(VLOOKUP($A57,'Singular Minerals'!$B$12:$U$500,19,FALSE),IFERROR(VLOOKUP($A57,'Multiple Minerals'!$B$26:$U$309,19,FALSE),VLOOKUP($A57,'Aggregate Minerals'!$B$19:$N$300,13,FALSE)))),(IFERROR(VLOOKUP($A57,'Singular Minerals'!$B$12:$U$500,20,FALSE),IFERROR(VLOOKUP($A57,'Multiple Minerals'!$B$26:$U$309,20,FALSE),VLOOKUP($A57,'Aggregate Minerals'!$B$19:$N$300,13,FALSE))))) -> 6.213683e+09 | M57: 2500000000 | O57: =IF(M57<=renewable_cutoff,L57,"") | P57: =IF(M57>renewable_cutoff,L57,"") -> 6.213683e+09 | V57: =L57 -> 6.213683e+09 | Y57: Native gold (Au) most common gold mineral. No weighting necessary. | Z57: 9.7e-06
A58: 1138 | B58: =CONCATENATE("Gypsum; {", J58, "}; ", Z58," g/g in ground") -> Gypsum; {CaSO4*2H2O}; 0.93 g/g in ground | C58: minerals and metals | D58: subsoil | E58: stock | F58: NA | G58: resource extraction | I58: g | J58: CaSO4*2H2O | K58: mineral | L58: =IF(K58="mineral",(IFERROR(VLOOKUP($A58,'Singular Minerals'!$B$12:$U$500,19,FALSE),IFERROR(VLOOKUP($A58,'Multiple Minerals'!$B$26:$U$309,19,FALSE),VLOOKUP($A58,'Aggregate Minerals'!$B$19:$N$300,13,FALSE)))),(IFERROR(VLOOKUP($A58,'Singular Minerals'!$B$12:$U$500,20,FALSE),IFERROR(VLOOKUP($A58,'Multiple Minerals'!$B$26:$U$309,20,FALSE),VLOOKUP($A58,'Aggregate Minerals'!$B$19:$N$300,13,FALSE))))) -> 1.3179756e+09 | M58: 2500000000 | O58: =IF(M58<=renewable_cutoff,L58,"") | P58: =IF(M58>renewable_cutoff,L58,"") -> 1.3179756e+09 | V58: =L58 -> 1.3179756e+09 | Y58: Grade (A) is 93% gypsum (http://www.tibaland.co/products/ores-group/gypsum-ore/) | Z58: 0.93
A59: 1265 | B59: =CONCATENATE("Indium; {", J59, "}; ", Z59," g/g in ground") -> Indium; {ZnS}; 0.00003 g/g in ground | C59: minerals and metals | D59: subsoil | E59: stock | F59: NA | G59: resource extraction | I59: g | J59: ZnS | K59: element | L59: =IF(K59="mineral",(IFERROR(VLOOKUP($A59,'Singular Minerals'!$B$12:$U$500,19,FALSE),IFERROR(VLOOKUP($A59,'Multiple Minerals'!$B$26:$U$309,19,FALSE),VLOOKUP($A59,'Aggregate Minerals'!$B$19:$N$300,13,FALSE)))),(IFERROR(VLOOKUP($A59,'Singular Minerals'!$B$12:$U$500,20,FALSE),IFERROR(VLOOKUP($A59,'Multiple Minerals'!$B$26:$U$309,20,FALSE),VLOOKUP($A59,'Aggregate Minerals'!$B$19:$N$300,13,FALSE))))) -> 1.3538306e+13 | M59: 2500000000 | O59: =IF(M59<=renewable_cutoff,L59,"") | P59: =IF(M59>renewable_cutoff,L59,"") -> 1.3538306e+13 | V59: =L59 -> 1.3538306e+13 | Y59: Assuming sphalerite concentrations as in zinc deposit. 0.003% in ground (LCA data). | Z59: 3e-05
A60: 2002 | B60: =CONCATENATE("Iron, element mass ratio in Taconite minerals; {", J60, "}; ", AA60," g/g in ground") -> Iron, element mass ratio in Taconite minerals; {Fe2O3, Fe3+2Fe2+O4, and Fe2+CO3}; 0.25 g/g in ground | C60: minerals and metals | D60: subsoil | E60: stock | F60: NA | G60: resource extraction | I60: g | J60: Fe2O3, Fe3+2Fe2+O4, and Fe2+CO3 | K60: mineral | L60: =IF(K60="mineral",(IFERROR(VLOOKUP($A60,'Singular Minerals'!$B$12:$U$500,19,FALSE),IFERROR(VLOOKUP($A60,'Multiple Minerals'!$B$26:$U$309,19,FALSE),VLOOKUP($A60,'Aggregate Minerals'!$B$19:$N$300,13,FALSE)))),(IFERROR(VLOOKUP($A60,'Singular Minerals'!$B$12:$U$500,20,FALSE),IFERROR(VLOOKUP($A60,'Multiple Minerals'!$B$26:$U$309,20,FALSE),VLOOKUP($A60,'Aggregate Minerals'!$B$19:$N$300,13,FALSE))))) -> 2.9715051e+09 | M60: 2500000000 | O60: =IF(M60<=renewable_cutoff,L60,"") | P60: =IF(M60>renewable_cutoff,L60,"") -> 2.9715051e+09 | V60: =L60 -> 2.9715051e+09 | Y60: Weighted average of Hematite, Magnetite, and Siderite. 25% in crude ore (LCA data) | AA60: 0.25
A61: 1161 | B61: =CONCATENATE("Kaolinite; {", J61, "}; ", Z61," g/g in ground") -> Kaolinite; {Al4Si4O10(OH)8}; 0.24 g/g in ground | C61: minerals and metals | D61: subsoil | E61: stock | F61: NA | G61: resource extraction | I61: g | J61: Al4Si4O10(OH)8 | K61: mineral | L61: =IF(K61="mineral",(IFERROR(VLOOKUP($A61,'Singular Minerals'!$B$12:$U$500,19,FALSE),IFERROR(VLOOKUP($A61,'Multiple Minerals'!$B$26:$U$309,19,FALSE),VLOOKUP($A61,'Aggregate Minerals'!$B$19:$N$300,13,FALSE)))),(IFERROR(VLOOKUP($A61,'Singular Minerals'!$B$12:$U$500,20,FALSE),IFERROR(VLOOKUP($A61,'Multiple Minerals'!$B$26:$U$309,20,FALSE),VLOOKUP($A61,'Aggregate Minerals'!$B$19:$N$300,13,FALSE))))) -> 1.7805553e+09 | M61: 2500000000 | O61: =IF(M61<=renewable_cutoff,L61,"") | P61: =IF(M61>renewable_cutoff,L61,"") -> 1.7805553e+09 | V61: =L61 -> 1.7805553e+09 | Y61: 25% in ground (LCA data). | Z61: 0.24
A62: 1163 | B62: =CONCATENATE("Kieserite; {", J62, "}; ", Z62," g/g in ground") -> Kieserite; {MgSO4(H2O)}; 0.25 g/g in ground | C62: minerals and metals | D62: subsoil | E62: stock | F62: NA | G62: resource extraction | I62: g | J62: MgSO4(H2O) | K62: mineral | L62: =IF(K62="mineral",(IFERROR(VLOOKUP($A62,'Singular Minerals'!$B$12:$U$500,19,FALSE),IFERROR(VLOOKUP($A62,'Multiple Minerals'!$B$26:$U$309,19,FALSE),VLOOKUP($A62,'Aggregate Minerals'!$B$19:$N$300,13,FALSE)))),(IFERROR(VLOOKUP($A62,'Singular Minerals'!$B$12:$U$500,20,FALSE),IFERROR(VLOOKUP($A62,'Multiple Minerals'!$B$26:$U$309,20,FALSE),VLOOKUP($A62,'Aggregate Minerals'!$B$19:$N$300,13,FALSE))))) -> 1.0871827e+10 | M62: 2500000000 | O62: =IF(M62<=renewable_cutoff,L62,"") | P62: =IF(M62>renewable_cutoff,L62,"") -> 1.0871827e+10 | V62: =L62 -> 1.0871827e+10 | Y62: 25% in ground (LCA data). | Z62: 0.25
A63: 2010 | B63: =CONCATENATE("Lanthanum; {", J63, "}; ", Z63," g/g in ground") -> Lanthanum; {La}; 0.0075 g/g in ground | C63: minerals and metals | D63: subsoil | E63: stock | F63: NA | G63: resource extraction | I63: g | J63: La | K63: mineral | L63: =IF(K63="mineral",(IFERROR(VLOOKUP($A63,'Singular Minerals'!$B$12:$U$500,19,FALSE),IFERROR(VLOOKUP($A63,'Multiple Minerals'!$B$26:$U$309,19,FALSE),VLOOKUP($A63,'Aggregate Minerals'!$B$19:$N$300,13,FALSE)))),(IFERROR(VLOOKUP($A63,'Singular Minerals'!$B$12:$U$500,20,FALSE),IFERROR(VLOOKUP($A63,'Multiple Minerals'!$B$26:$U$309,20,FALSE),VLOOKUP($A63,'Aggregate Minerals'!$B$19:$N$300,13,FALSE))))) -> 3.6135802e+09 | M63: 2500000000 | O63: =IF(M63<=renewable_cutoff,L63,"") | P63: =IF(M63>renewable_cutoff,L63,"") -> 3.6135802e+09 | V63: =L63 -> 3.6135802e+09 | Y63: 3% REE in deposit 25% of which is composed of La (file:///C:/Users/Cadillac/Downloads/Rare_Earth_Elements_profile%20(1).pdf) | Z63: =0.25*0.03 -> 0.0075
A64: 1119 | B64: =CONCATENATE("Lead; {", J64, "}; ", Z64," g/g in ground") -> Lead; {PbS}; 0.03 g/g in ground | C64: minerals and metals | D64: subsoil | E64: stock | F64: NA | G64: resource extraction | I64: g | J64: PbS | K64: element | L64: =IF(K64="mineral",(IFERROR(VLOOKUP($A64,'Singular Minerals'!$B$12:$U$500,19,FALSE),IFERROR(VLOOKUP($A64,'Multiple Minerals'!$B$26:$U$309,19,FALSE),VLOOKUP($A64,'Aggregate Minerals'!$B$19:$N$300,13,FALSE)))),(IFERROR(VLOOKUP($A64,'Singular Minerals'!$B$12:$U$500,20,FALSE),IFERROR(VLOOKUP($A64,'Multiple Minerals'!$B$26:$U$309,20,FALSE),VLOOKUP($A64,'Aggregate Minerals'!$B$19:$N$300,13,FALSE))))) -> 5.6537576e+09 | M64: 2500000000 | O64: =IF(M64<=renewable_cutoff,L64,"") | P64: =IF(M64>renewable_cutoff,L64,"") -> 5.6537576e+09 | V64: =L64 -> 5.6537576e+09 | Y64: Approximated with Galena | Z64: 0.03
A65: 1267 | B65: =CONCATENATE("Lithium; {", J65, "}; ", Z65," g/g in ground") -> Lithium; {LiAlSi2O6}; 0.0015 g/g in ground | C65: minerals and metals | D65: subsoil | E65: stock | F65: NA | G65: resource extraction | I65: g | J65: ='Singular Minerals'!D278 -> LiAlSi2O6 | K65: element | L65: =IF(K65="mineral",(IFERROR(VLOOKUP($A65,'Singular Minerals'!$B$12:$U$500,19,FALSE),IFERROR(VLOOKUP($A65,'Multiple Minerals'!$B$26:$U$309,19,FALSE),VLOOKUP($A65,'Aggregate Minerals'!$B$19:$N$300,13,FALSE)))),(IFERROR(VLOOKUP($A65,'Singular Minerals'!$B$12:$U$500,20,FALSE),IFERROR(VLOOKUP($A65,'Multiple Minerals'!$B$26:$U$309,20,FALSE),VLOOKUP($A65,'Aggregate Minerals'!$B$19:$N$300,13,FALSE))))) -> 9.1802594e+10 | M65: 2500000000 | O65: =IF(M65<=renewable_cutoff,L65,"") | P65: =IF(M65>renewable_cutoff,L65,"") -> 9.1802594e+10 | V65: =L65 -> 9.1802594e+10 | Y65: Represented by Spodumene. LCA data suggests this is in brine, but also in ground. | Z65: 0.0015
A66: 1178 | B66: =CONCATENATE("Magnesite; {", J66, "}; ", Z66," g/g in ground") -> Magnesite; {MgCO3}; 0.6 g/g in ground | C66: minerals and metals | D66: subsoil | E66: stock | F66: NA | G66: resource extraction | I66: g | J66: MgCO3 | K66: mineral | L66: =IF(K66="mineral",(IFERROR(VLOOKUP($A66,'Singular Minerals'!$B$12:$U$500,19,FALSE),IFERROR(VLOOKUP($A66,'Multiple Minerals'!$B$26:$U$309,19,FALSE),VLOOKUP($A66,'Aggregate Minerals'!$B$19:$N$300,13,FALSE)))),(IFERROR(VLOOKUP($A66,'Singular Minerals'!$B$12:$U$500,20,FALSE),IFERROR(VLOOKUP($A66,'Multiple Minerals'!$B$26:$U$309,20,FALSE),VLOOKUP($A66,'Aggregate Minerals'!$B$19:$N$300,13,FALSE))))) -> 1.607607e+10 | M66: 2500000000 | O66: =IF(M66<=renewable_cutoff,L66,"") | P66: =IF(M66>renewable_cutoff,L66,"") -> 1.607607e+10 | V66: =L66 -> 1.607607e+10 | Y66: 60% in crude ore (LCA data). | Z66: 0.6
A67: 2007 | B67: =CONCATENATE("Manganese; {", J67, "}; ", Z67," g/g in ground") -> Manganese; {Mn}; 0.142 g/g in ground | C67: minerals and metals | D67: subsoil | E67: stock | F67: NA | G67: resource extraction | I67: g | J67: Mn | K67: mineral | L67: =IF(K67="mineral",(IFERROR(VLOOKUP($A67,'Singular Minerals'!$B$12:$U$500,19,FALSE),IFERROR(VLOOKUP($A67,'Multiple Minerals'!$B$26:$U$309,19,FALSE),VLOOKUP($A67,'Aggregate Minerals'!$B$19:$N$300,13,FALSE)))),(IFERROR(VLOOKUP($A67,'Singular Minerals'!$B$12:$U$500,20,FALSE),IFERROR(VLOOKUP($A67,'Multiple Minerals'!$B$26:$U$309,20,FALSE),VLOOKUP($A67,'Aggregate Minerals'!$B$19:$N$300,13,FALSE))))) -> 1.0861965e+10 | M67: 2500000000 | O67: =IF(M67<=renewable_cutoff,L67,"") | P67: =IF(M67>renewable_cutoff,L67,"") -> 1.0861965e+10 | V67: =L67 -> 1.0861965e+10 | Y67: 14.2% in crude ore (LCA data). | Z67: 0.142
A68: 1187 | B68: =CONCATENATE("Molybdenum; {", J68, "}; ", Z68," g/g in ground") -> Molybdenum; {MoS2 (Molybdenite)}; 0.000082 g/g in ground | C68: minerals and metals | D68: subsoil | E68: stock | F68: NA | G68: resource extraction | I68: g | J68: MoS2 (Molybdenite) | K68: element | L68: =IF(K68="mineral",(IFERROR(VLOOKUP($A68,'Singular Minerals'!$B$12:$U$500,19,FALSE),IFERROR(VLOOKUP($A68,'Multiple Minerals'!$B$26:$U$309,19,FALSE),VLOOKUP($A68,'Aggregate Minerals'!$B$19:$N$300,13,FALSE)))),(IFERROR(VLOOKUP($A68,'Singular Minerals'!$B$12:$U$500,20,FALSE),IFERROR(VLOOKUP($A68,'Multiple Minerals'!$B$26:$U$309,20,FALSE),VLOOKUP($A68,'Aggregate Minerals'!$B$19:$N$300,13,FALSE))))) -> 6.1621715e+09 | M68: 2500000000 | O68: =IF(M68<=renewable_cutoff,L68,"") | P68: =IF(M68>renewable_cutoff,L68,"") -> 6.1621715e+09 | V68: =L68 -> 6.1621715e+09 | Y68: 0.01 % in sulfide, 0.0082% in ground (LCA data). | Z68: 8.2e-05
A69: 1187 | B69: =CONCATENATE("Molybdenum; {", J69, "}; ", Z69," g/g in ground") -> Molybdenum; {MoS2 (Molybdenite)}; 0.000082 g/g in ground | C69: minerals and metals | D69: subsoil | E69: stock | F69: NA | G69: resource extraction | I69: g | J69: MoS2 (Molybdenite) | K69: element | L69: =IF(K69="mineral",(IFERROR(VLOOKUP($A69,'Singular Minerals'!$B$12:$U$500,19,FALSE),IFERROR(VLOOKUP($A69,'Multiple Minerals'!$B$26:$U$309,19,FALSE),VLOOKUP($A69,'Aggregate Minerals'!$B$19:$N$300,13,FALSE)))),(IFERROR(VLOOKUP($A69,'Singular Minerals'!$B$12:$U$500,20,FALSE),IFERROR(VLOOKUP($A69,'Multiple Minerals'!$B$26:$U$309,20,FALSE),VLOOKUP($A69,'Aggregate Minerals'!$B$19:$N$300,13,FALSE))))) -> 6.1621715e+09 | M69: 2500000000 | O69: =IF(M69<=renewable_cutoff,L69,"") | P69: =IF(M69>renewable_cutoff,L69,"") -> 6.1621715e+09 | V69: =L69 -> 6.1621715e+09 | Y69: 0.014% in sulfide, 0.0082% in ground (LCA data). | Z69: 8.2e-05
A70: 1187 | B70: =CONCATENATE("Molybdenum; {", J70, "}; ", Z70," g/g in ground") -> Molybdenum; {MoS2 (Molybdenite)}; 0.000082 g/g in ground | C70: minerals and metals | D70: subsoil | E70: stock | F70: NA | G70: resource extraction | I70: g | J70: MoS2 (Molybdenite) | K70: element | L70: =IF(K70="mineral",(IFERROR(VLOOKUP($A70,'Singular Minerals'!$B$12:$U$500,19,FALSE),IFERROR(VLOOKUP($A70,'Multiple Minerals'!$B$26:$U$309,19,FALSE),VLOOKUP($A70,'Aggregate Minerals'!$B$19:$N$300,13,FALSE)))),(IFERROR(VLOOKUP($A70,'Singular Minerals'!$B$12:$U$500,20,FALSE),IFERROR(VLOOKUP($A70,'Multiple Minerals'!$B$26:$U$309,20,FALSE),VLOOKUP($A70,'Aggregate Minerals'!$B$19:$N$300,13,FALSE))))) -> 6.1621715e+09 | M70: 2500000000 | O70: =IF(M70<=renewable_cutoff,L70,"") | P70: =IF(M70>renewable_cutoff,L70,"") -> 6.1621715e+09 | V70: =L70 -> 6.1621715e+09 | Y70: 0.022% in sulfide, 0.0082% in ground (LCA data). | Z70: 8.2e-05
A71: 1187 | B71: =CONCATENATE("Molybdenum; {", J71, "}; ", Z71," g/g in ground") -> Molybdenum; {MoS2 (Molybdenite)}; 0.000082 g/g in ground | C71: minerals and metals | D71: subsoil | E71: stock | F71: NA | G71: resource extraction | I71: g | J71: MoS2 (Molybdenite) | K71: element | L71: =IF(K71="mineral",(IFERROR(VLOOKUP($A71,'Singular Minerals'!$B$12:$U$500,19,FALSE),IFERROR(VLOOKUP($A71,'Multiple Minerals'!$B$26:$U$309,19,FALSE),VLOOKUP($A71,'Aggregate Minerals'!$B$19:$N$300,13,FALSE)))),(IFERROR(VLOOKUP($A71,'Singular Minerals'!$B$12:$U$500,20,FALSE),IFERROR(VLOOKUP($A71,'Multiple Minerals'!$B$26:$U$309,20,FALSE),VLOOKUP($A71,'Aggregate Minerals'!$B$19:$N$300,13,FALSE))))) -> 6.1621715e+09 | M71: 2500000000 | O71: =IF(M71<=renewable_cutoff,L71,"") | P71: =IF(M71>renewable_cutoff,L71,"") -> 6.1621715e+09 | V71: =L71 -> 6.1621715e+09 | Y71: 0.025% in sulfide, 0.0082% in ground (LCA data). | Z71: 8.2e-05
A72: 1188 | B72: =CONCATENATE("Molybdenum; {", J72, "}; ", Z72," g/g in ground") -> Molybdenum; {MoS2 (Molybdenite)}; 0.00041 g/g in ground | C72: minerals and metals | D72: subsoil | E72: stock | F72: NA | G72: resource extraction | I72: g | J72: MoS2 (Molybdenite) | K72: element | L72: =IF(K72="mineral",(IFERROR(VLOOKUP($A72,'Singular Minerals'!$B$12:$U$500,19,FALSE),IFERROR(VLOOKUP($A72,'Multiple Minerals'!$B$26:$U$309,19,FALSE),VLOOKUP($A72,'Aggregate Minerals'!$B$19:$N$300,13,FALSE)))),(IFERROR(VLOOKUP($A72,'Singular Minerals'!$B$12:$U$500,20,FALSE),IFERROR(VLOOKUP($A72,'Multiple Minerals'!$B$26:$U$309,20,FALSE),VLOOKUP($A72,'Aggregate Minerals'!$B$19:$N$300,13,FALSE))))) -> 8.4594417e+09 | M72: 2500000000 | O72: =IF(M72<=renewable_cutoff,L72,"") | P72: =IF(M72>renewable_cutoff,L72,"") -> 8.4594417e+09 | V72: =L72 -> 8.4594417e+09 | Y72: 0.11% in sulfide, 0.041% in ground (LCA data). | Z72: 0.00041
A73: 2015 | B73: =CONCATENATE("Nickel; {", J73, "}; ", AA73," g/g in ground") -> Nickel; { Fe2+4.5Ni4.5S8 (sulfide)}; 0.0076 g/g in ground | C73: minerals and metals | D73: subsoil | E73: stock | F73: NA | G73: resource extraction | I73: g | J73: Fe2+4.5Ni4.5S8 (sulfide) | K73: element | L73: =IF(K73="mineral",(IFERROR(VLOOKUP($A73,'Singular Minerals'!$B$12:$U$500,19,FALSE),IFERROR(VLOOKUP($A73,'Multiple Minerals'!$B$26:$U$309,19,FALSE),VLOOKUP($A73,'Aggregate Minerals'!$B$19:$N$300,13,FALSE)))),(IFERROR(VLOOKUP($A73,'Singular Minerals'!$B$12:$U$500,20,FALSE),IFERROR(VLOOKUP($A73,'Multiple Minerals'!$B$26:$U$309,20,FALSE),VLOOKUP($A73,'Aggregate Minerals'!$B$19:$N$300,13,FALSE))))) -> 3.2516525e+09 | M73: 2500000000 | O73: =IF(M73<=renewable_cutoff,L73,"") | P73: =IF(M73>renewable_cutoff,L73,"") -> 3.2516525e+09 | V73: =L73 -> 3.2516525e+09 | Y73: 0.76% in sulfide (LCA data). | AA73: 0.0076
A74: 2014 | B74: =CONCATENATE("Nickel; {", J74, "}; ", AA74," g/g in ground") -> Nickel; {(Ni2Mg)Si2O5(OH)4 (silicate)}; 0.0104 g/g in ground | C74: minerals and metals | D74: subsoil | E74: stock | F74: NA | G74: resource extraction | I74: g | J74: (Ni2Mg)Si2O5(OH)4 (silicate) | K74: element | L74: =IF(K74="mineral",(IFERROR(VLOOKUP($A74,'Singular Minerals'!$B$12:$U$500,19,FALSE),IFERROR(VLOOKUP($A74,'Multiple Minerals'!$B$26:$U$309,19,FALSE),VLOOKUP($A74,'Aggregate Minerals'!$B$19:$N$300,13,FALSE)))),(IFERROR(VLOOKUP($A74,'Singular Minerals'!$B$12:$U$500,20,FALSE),IFERROR(VLOOKUP($A74,'Multiple Minerals'!$B$26:$U$309,20,FALSE),VLOOKUP($A74,'Aggregate Minerals'!$B$19:$N$300,13,FALSE))))) -> 1.0410349e+10 | M74: 2500000000 | O74: =IF(M74<=renewable_cutoff,L74,"") | P74: =IF(M74>renewable_cutoff,L74,"") -> 1.0410349e+10 | V74: =L74 -> 1.0410349e+10 | Y74: 1.04% in silicate crude ore (LCA data). | AA74: 0.0104
A75: 1209 | B75: =CONCATENATE("Olivine; {", J75, "}; ", Z75," g/g in ground") -> Olivine; {(Mg,Fe)2[SiO4]}; 0.92 g/g in ground | C75: minerals and metals | D75: subsoil | E75: stock | F75: NA | G75: resource extraction | I75: g | J75: (Mg,Fe)2[SiO4] | K75: mineral | L75: =IF(K75="mineral",(IFERROR(VLOOKUP($A75,'Singular Minerals'!$B$12:$U$500,19,FALSE),IFERROR(VLOOKUP($A75,'Multiple Minerals'!$B$26:$U$309,19,FALSE),VLOOKUP($A75,'Aggregate Minerals'!$B$19:$N$300,13,FALSE)))),(IFERROR(VLOOKUP($A75,'Singular Minerals'!$B$12:$U$500,20,FALSE),IFERROR(VLOOKUP($A75,'Multiple Minerals'!$B$26:$U$309,20,FALSE),VLOOKUP($A75,'Aggregate Minerals'!$B$19:$N$300,13,FALSE))))) -> 7.3910057e+09 | M75: 2500000000 | O75: =IF(M75<=renewable_cutoff,L75,"") | P75: =IF(M75>renewable_cutoff,L75,"") -> 7.3910057e+09 | V75: =L75 -> 7.3910057e+09 | Y75: Estimate | Z75: 0.92
A76: 1083 | B76: =CONCATENATE("Palladium; {", J76, "}; ", Z76," g/g in ground") -> Palladium; {Pt0.6Pd0.3Ni0.1S}; 0.000002 g/g in ground | C76: minerals and metals | D76: subsoil | E76: stock | F76: NA | G76: resource extraction | I76: g | J76: Pt0.6Pd0.3Ni0.1S | K76: element | L76: =IF(K76="mineral",(IFERROR(VLOOKUP($A76,'Singular Minerals'!$B$12:$U$500,19,FALSE),IFERROR(VLOOKUP($A76,'Multiple Minerals'!$B$26:$U$309,19,FALSE),VLOOKUP($A76,'Aggregate Minerals'!$B$19:$N$300,13,FALSE)))),(IFERROR(VLOOKUP($A76,'Singular Minerals'!$B$12:$U$500,20,FALSE),IFERROR(VLOOKUP($A76,'Multiple Minerals'!$B$26:$U$309,20,FALSE),VLOOKUP($A76,'Aggregate Minerals'!$B$19:$N$300,13,FALSE))))) -> 4.417424e+10 | M76: 2500000000 | O76: =IF(M76<=renewable_cutoff,L76,"") | P76: =IF(M76>renewable_cutoff,L76,"") -> 4.417424e+10 | V76: =L76 -> 4.417424e+10 | Y76: Represented by Cooperite, the only Pd bearing mineral in Valero et al. 2012. | Z76: 2e-06
A77: 1084 | B77: =CONCATENATE("Palladium; {", J77, "}; ", Z77," g/g in ground") -> Palladium; {Pt0.6Pd0.3Ni0.1S}; 0.0000073 g/g in ground | C77: minerals and metals | D77: subsoil | E77: stock | F77: NA | G77: resource extraction | I77: g | J77: Pt0.6Pd0.3Ni0.1S | K77: element | L77: =IF(K77="mineral",(IFERROR(VLOOKUP($A77,'Singular Minerals'!$B$12:$U$500,19,FALSE),IFERROR(VLOOKUP($A77,'Multiple Minerals'!$B$26:$U$309,19,FALSE),VLOOKUP($A77,'Aggregate Minerals'!$B$19:$N$300,13,FALSE)))),(IFERROR(VLOOKUP($A77,'Singular Minerals'!$B$12:$U$500,20,FALSE),IFERROR(VLOOKUP($A77,'Multiple Minerals'!$B$26:$U$309,20,FALSE),VLOOKUP($A77,'Aggregate Minerals'!$B$19:$N$300,13,FALSE))))) -> 4.9727797e+10 | M77: 2500000000 | O77: =IF(M77<=renewable_cutoff,L77,"") | P77: =IF(M77>renewable_cutoff,L77,"") -> 4.9727797e+10 | V77: =L77 -> 4.9727797e+10 | Y77: Represented by Cooperite, the only Pd bearing mineral in Valero et al. 2012. | Z77: 7.3e-06
A78: 1019 | B78: =CONCATENATE("Phosphorous in Apatite; {", J78, "}; ", AA78," g/g in ground") -> Phosphorous in Apatite; {Ca5(PO4)3(OH)0.33F0.33Cl0.33}; 0.12 g/g in ground | C78: minerals and metals | D78: subsoil | E78: stock | F78: NA | G78: resource extraction | I78: g | J78: Ca5(PO4)3(OH)0.33F0.33Cl0.33 | K78: element | L78: =IF(K78="mineral",(IFERROR(VLOOKUP($A78,'Singular Minerals'!$B$12:$U$500,19,FALSE),IFERROR(VLOOKUP($A78,'Multiple Minerals'!$B$26:$U$309,19,FALSE),VLOOKUP($A78,'Aggregate Minerals'!$B$19:$N$300,13,FALSE)))),(IFERROR(VLOOKUP($A78,'Singular Minerals'!$B$12:$U$500,20,FALSE),IFERROR(VLOOKUP($A78,'Multiple Minerals'!$B$26:$U$309,20,FALSE),VLOOKUP($A78,'Aggregate Minerals'!$B$19:$N$300,13,FALSE))))) -> 1.0904197e+10 | M78: 2500000000 | O78: =IF(M78<=renewable_cutoff,L78,"") | P78: =IF(M78>renewable_cutoff,L78,"") -> 1.0904197e+10 | V78: =L78 -> 1.0904197e+10 | Y78: 12% in crude apatite ore (LCA data) | AA78: 0.12
A79: 1022 | B79: =CONCATENATE("Phosphorous in Apatite; {", J79, "}; ", AA79," g/g in ground") -> Phosphorous in Apatite; {Ca5(PO4)3(OH)0.33F0.33Cl0.33}; 0.04 g/g in ground | C79: minerals and metals | D79: subsoil | E79: stock | F79: NA | G79: resource extraction | I79: g | J79: Ca5(PO4)3(OH)0.33F0.33Cl0.33 | K79: element | L79: =IF(K79="mineral",(IFERROR(VLOOKUP($A79,'Singular Minerals'!$B$12:$U$500,19,FALSE),IFERROR(VLOOKUP($A79,'Multiple Minerals'!$B$26:$U$309,19,FALSE),VLOOKUP($A79,'Aggregate Minerals'!$B$19:$N$300,13,FALSE)))),(IFERROR(VLOOKUP($A79,'Singular Minerals'!$B$12:$U$500,20,FALSE),IFERROR(VLOOKUP($A79,'Multiple Minerals'!$B$26:$U$309,20,FALSE),VLOOKUP($A79,'Aggregate Minerals'!$B$19:$N$300,13,FALSE))))) -> 9.2849264e+09 | M79: 2500000000 | O79: =IF(M79<=renewable_cutoff,L79,"") | P79: =IF(M79>renewable_cutoff,L79,"") -> 9.2849264e+09 | V79: =L79 -> 9.2849264e+09 | Y79: 4% in crude apatite ore (LCA data) | AA79: 0.04
A80: 1085 | B80: =CONCATENATE("Platinum; {", J80, "}; ", AA80," g/g in ground") -> Platinum; {Pt}; 0.0000025 g/g in ground | C80: minerals and metals | D80: subsoil | E80: stock | F80: NA | G80: resource extraction | I80: g | J80: Pt | K80: element | L80: =IF(K80="mineral",(IFERROR(VLOOKUP($A80,'Singular Minerals'!$B$12:$U$500,19,FALSE),IFERROR(VLOOKUP($A80,'Multiple Minerals'!$B$26:$U$309,19,FALSE),VLOOKUP($A80,'Aggregate Minerals'!$B$19:$N$300,13,FALSE)))),(IFERROR(VLOOKUP($A80,'Singular Minerals'!$B$12:$U$500,20,FALSE),IFERROR(VLOOKUP($A80,'Multiple Minerals'!$B$26:$U$309,20,FALSE),VLOOKUP($A80,'Aggregate Minerals'!$B$19:$N$300,13,FALSE))))) -> 2.9392037e+10 | M80: 2500000000 | O80: =IF(M80<=renewable_cutoff,L80,"") | P80: =IF(M80>renewable_cutoff,L80,"") -> 2.9392037e+10 | V80: =L80 -> 2.9392037e+10 | Y80: Assumed cooperite. Concentration from LCA data. | AA80: 2.5e-06
A81: 1086 | B81: =CONCATENATE("Platinum; {", J81, "}; ", AA81," g/g in ground") -> Platinum; {Pt}; 0.0000048 g/g in ground | C81: minerals and metals | D81: subsoil | E81: stock | F81: NA | G81: resource extraction | I81: g | J81: Pt | K81: element | L81: =IF(K81="mineral",(IFERROR(VLOOKUP($A81,'Singular Minerals'!$B$12:$U$500,19,FALSE),IFERROR(VLOOKUP($A81,'Multiple Minerals'!$B$26:$U$309,19,FALSE),VLOOKUP($A81,'Aggregate Minerals'!$B$19:$N$300,13,FALSE)))),(IFERROR(VLOOKUP($A81,'Singular Minerals'!$B$12:$U$500,20,FALSE),IFERROR(VLOOKUP($A81,'Multiple Minerals'!$B$26:$U$309,20,FALSE),VLOOKUP($A81,'Aggregate Minerals'!$B$19:$N$300,13,FALSE))))) -> 3.1284617e+10 | M81: 2500000000 | O81: =IF(M81<=renewable_cutoff,L81,"") | P81: =IF(M81>renewable_cutoff,L81,"") -> 3.1284617e+10 | V81: =L81 -> 3.1284617e+10 | Y81: Assumed cooperite. Concentration from LCA data. | AA81: 4.8e-06
A82: 1189 | B82: =CONCATENATE("Rhenium; {", J82, "}; ", AA82," g/g in ground") -> Rhenium; {Re}; 0.00041 g/g in ground | C82: minerals and metals | D82: subsoil | E82: stock | F82: NA | G82: resource extraction | I82: g | J82: Re | K82: element | L82: =IF(K82="mineral",(IFERROR(VLOOKUP($A82,'Singular Minerals'!$B$12:$U$500,19,FALSE),IFERROR(VLOOKUP($A82,'Multiple Minerals'!$B$26:$U$309,19,FALSE),VLOOKUP($A82,'Aggregate Minerals'!$B$19:$N$300,13,FALSE)))),(IFERROR(VLOOKUP($A82,'Singular Minerals'!$B$12:$U$500,20,FALSE),IFERROR(VLOOKUP($A82,'Multiple Minerals'!$B$26:$U$309,20,FALSE),VLOOKUP($A82,'Aggregate Minerals'!$B$19:$N$300,13,FALSE))))) -> 2.6529242e+13 | M82: 2500000000 | O82: =IF(M82<=renewable_cutoff,L82,"") | P82: =IF(M82>renewable_cutoff,L82,"") -> 2.6529242e+13 | V82: =L82 -> 2.6529242e+13 | Y82: 164 ppm Rh in Molybdenite high end average (Berzina et al., 2005). Assumed molybdenite concentration of 0.041% Mo in ground. | AA82: =Z72 -> 0.00041
A83: 1072 | B83: =CONCATENATE("Rhodium; {", J83, "}; ", AA83," g/g in ground") -> Rhodium; {Rh}; 0.0000002 g/g in ground | C83: minerals and metals | D83: subsoil | E83: stock | F83: NA | G83: resource extraction | I83: g | J83: Rh | K83: element | L83: =IF(K83="mineral",(IFERROR(VLOOKUP($A83,'Singular Minerals'!$B$12:$U$500,19,FALSE),IFERROR(VLOOKUP($A83,'Multiple Minerals'!$B$26:$U$309,19,FALSE),VLOOKUP($A83,'Aggregate Minerals'!$B$19:$N$300,13,FALSE)))),(IFERROR(VLOOKUP($A83,'Singular Minerals'!$B$12:$U$500,20,FALSE),IFERROR(VLOOKUP($A83,'Multiple Minerals'!$B$26:$U$309,20,FALSE),VLOOKUP($A83,'Aggregate Minerals'!$B$19:$N$300,13,FALSE))))) -> 5.4488805e+15 | M83: 2500000000 | O83: =IF(M83<=renewable_cutoff,L83,"") | P83: =IF(M83>renewable_cutoff,L83,"") -> 5.4488805e+15 | V83: =L83 -> 5.4488805e+15 | Y83: 2e-5% in ground (LCA data). Assuming chromite concentration for chromium (LCA data) supported by Gonzalez-Jiminez et al. (2010). | AA83: 2e-07
A84: 1073 | B84: =CONCATENATE("Rhodium; {", J84, "}; ", AA84," g/g in ground") -> Rhodium; {Rh}; 0.00000024 g/g in ground | C84: minerals and metals | D84: subsoil | E84: stock | F84: NA | G84: resource extraction | I84: g | J84: Rh | K84: element | L84: =IF(K84="mineral",(IFERROR(VLOOKUP($A84,'Singular Minerals'!$B$12:$U$500,19,FALSE),IFERROR(VLOOKUP($A84,'Multiple Minerals'!$B$26:$U$309,19,FALSE),VLOOKUP($A84,'Aggregate Minerals'!$B$19:$N$300,13,FALSE)))),(IFERROR(VLOOKUP($A84,'Singular Minerals'!$B$12:$U$500,20,FALSE),IFERROR(VLOOKUP($A84,'Multiple Minerals'!$B$26:$U$309,20,FALSE),VLOOKUP($A84,'Aggregate Minerals'!$B$19:$N$300,13,FALSE))))) -> 4.5407337e+15 | M84: 2500000000 | O84: =IF(M84<=renewable_cutoff,L84,"") | P84: =IF(M84>renewable_cutoff,L84,"") -> 4.5407337e+15 | V84: =L84 -> 4.5407337e+15 | Y84: 2.4e-5% in ground (LCA data). Assuming chromite concentration for chromium (LCA data) supported by Gonzalez-Jiminez et al. (2010). | AA84: 2.4e-07
A85: 2004 | B85: =CONCATENATE("Silver; {", J85, "}; ", AA85," g/g in ground") -> Silver; {Weighted of several silver sulfides}; 0.00004 g/g in ground | C85: minerals and metals | D85: subsoil | E85: stock | F85: NA | G85: resource extraction | I85: g | J85: Weighted of several silver sulfides | K85: mineral | L85: =IF(K85="mineral",(IFERROR(VLOOKUP($A85,'Singular Minerals'!$B$12:$U$500,19,FALSE),IFERROR(VLOOKUP($A85,'Multiple Minerals'!$B$26:$U$309,19,FALSE),VLOOKUP($A85,'Aggregate Minerals'!$B$19:$N$300,13,FALSE)))),(IFERROR(VLOOKUP($A85,'Singular Minerals'!$B$12:$U$500,20,FALSE),IFERROR(VLOOKUP($A85,'Multiple Minerals'!$B$26:$U$309,20,FALSE),VLOOKUP($A85,'Aggregate Minerals'!$B$19:$N$300,13,FALSE))))) -> 3.8861966e+09 | M85: 2500000000 | O85: =IF(M85<=renewable_cutoff,L85,"") | P85: =IF(M85>renewable_cutoff,L85,"") -> 3.8861966e+09 | V85: =L85 -> 3.8861966e+09 | Y85: .004% in sulfide in ground (LCA data) | AA85: 4e-05
A86: 2005 | B86: =CONCATENATE("Silver; {", J86, "}; ", AA86," g/g in ground") -> Silver; {Weighted of several silver sulfides}; 0.0000012 g/g in ground | C86: minerals and metals | D86: subsoil | E86: stock | F86: NA | G86: resource extraction | I86: g | J86: Weighted of several silver sulfides | K86: mineral | L86: =IF(K86="mineral",(IFERROR(VLOOKUP($A86,'Singular Minerals'!$B$12:$U$500,19,FALSE),IFERROR(VLOOKUP($A86,'Multiple Minerals'!$B$26:$U$309,19,FALSE),VLOOKUP($A86,'Aggregate Minerals'!$B$19:$N$300,13,FALSE)))),(IFERROR(VLOOKUP($A86,'Singular Minerals'!$B$12:$U$500,20,FALSE),IFERROR(VLOOKUP($A86,'Multiple Minerals'!$B$26:$U$309,20,FALSE),VLOOKUP($A86,'Aggregate Minerals'!$B$19:$N$300,13,FALSE))))) -> 2.2778689e+09 | M86: 2500000000 | O86: =IF(M86<=renewable_cutoff,L86,"") | P86: =IF(M86>renewable_cutoff,L86,"") -> 2.2778689e+09 | V86: =L86 -> 2.2778689e+09 | Y86: 1.2 ppm in sulfide in ground (LCA data) | AA86: 1.2e-06
A87: 1195 | B87: =CONCATENATE("Silver; {", J87, "}; ", AA87," g/g in ground") -> Silver; {Ag}; 0.0000021 g/g in ground | C87: minerals and metals | D87: subsoil | E87: stock | F87: NA | G87: resource extraction | I87: g | J87: Ag | K87: element | L87: =IF(K87="mineral",(IFERROR(VLOOKUP($A87,'Singular Minerals'!$B$12:$U$500,19,FALSE),IFERROR(VLOOKUP($A87,'Multiple Minerals'!$B$26:$U$309,19,FALSE),VLOOKUP($A87,'Aggregate Minerals'!$B$19:$N$300,13,FALSE)))),(IFERROR(VLOOKUP($A87,'Singular Minerals'!$B$12:$U$500,20,FALSE),IFERROR(VLOOKUP($A87,'Multiple Minerals'!$B$26:$U$309,20,FALSE),VLOOKUP($A87,'Aggregate Minerals'!$B$19:$N$300,13,FALSE))))) -> 5.8507537e+09 | M87: 2500000000 | O87: =IF(M87<=renewable_cutoff,L87,"") | P87: =IF(M87>renewable_cutoff,L87,"") -> 5.8507537e+09 | V87: =L87 -> 5.8507537e+09 | Y87: 2.1e-4% (LCA data). | AA87: 2.1e-06
A88: 1196 | B88: =CONCATENATE("Silver; {", J88, "}; ", AA88," g/g in ground") -> Silver; {Ag}; 0.000042 g/g in ground | C88: minerals and metals | D88: subsoil | E88: stock | F88: NA | G88: resource extraction | I88: g | J88: Ag | K88: element | L88: =IF(K88="mineral",(IFERROR(VLOOKUP($A88,'Singular Minerals'!$B$12:$U$500,19,FALSE),IFERROR(VLOOKUP($A88,'Multiple Minerals'!$B$26:$U$309,19,FALSE),VLOOKUP($A88,'Aggregate Minerals'!$B$19:$N$300,13,FALSE)))),(IFERROR(VLOOKUP($A88,'Singular Minerals'!$B$12:$U$500,20,FALSE),IFERROR(VLOOKUP($A88,'Multiple Minerals'!$B$26:$U$309,20,FALSE),VLOOKUP($A88,'Aggregate Minerals'!$B$19:$N$300,13,FALSE))))) -> 9.6538723e+09 | M88: 2500000000 | O88: =IF(M88<=renewable_cutoff,L88,"") | P88: =IF(M88>renewable_cutoff,L88,"") -> 9.6538723e+09 | V88: =L88 -> 9.6538723e+09 | Y88: 4.2e-3% (LCA data). | AA88: 4.2e-05
A89: 1197 | B89: =CONCATENATE("Silver; {", J89, "}; ", AA89," g/g in ground") -> Silver; {Ag}; 0.00000046 g/g in ground | C89: minerals and metals | D89: subsoil | E89: stock | F89: NA | G89: resource extraction | I89: g | J89: Ag | K89: element | L89: =IF(K89="mineral",(IFERROR(VLOOKUP($A89,'Singular Minerals'!$B$12:$U$500,19,FALSE),IFERROR(VLOOKUP($A89,'Multiple Minerals'!$B$26:$U$309,19,FALSE),VLOOKUP($A89,'Aggregate Minerals'!$B$19:$N$300,13,FALSE)))),(IFERROR(VLOOKUP($A89,'Singular Minerals'!$B$12:$U$500,20,FALSE),IFERROR(VLOOKUP($A89,'Multiple Minerals'!$B$26:$U$309,20,FALSE),VLOOKUP($A89,'Aggregate Minerals'!$B$19:$N$300,13,FALSE))))) -> 3.9230425e+09 | M89: 2500000000 | O89: =IF(M89<=renewable_cutoff,L89,"") | P89: =IF(M89>renewable_cutoff,L89,"") -> 3.9230425e+09 | V89: =L89 -> 3.9230425e+09 | Y89: 4.6e-5% (LCA data). | AA89: 4.6e-07
A90: 1198 | B90: =CONCATENATE("Silver; {", J90, "}; ", AA90," g/g in ground") -> Silver; {Ag}; 0.0000097 g/g in ground | C90: minerals and metals | D90: subsoil | E90: stock | F90: NA | G90: resource extraction | I90: g | J90: Ag | K90: element | L90: =IF(K90="mineral",(IFERROR(VLOOKUP($A90,'Singular Minerals'!$B$12:$U$500,19,FALSE),IFERROR(VLOOKUP($A90,'Multiple Minerals'!$B$26:$U$309,19,FALSE),VLOOKUP($A90,'Aggregate Minerals'!$B$19:$N$300,13,FALSE)))),(IFERROR(VLOOKUP($A90,'Singular Minerals'!$B$12:$U$500,20,FALSE),IFERROR(VLOOKUP($A90,'Multiple Minerals'!$B$26:$U$309,20,FALSE),VLOOKUP($A90,'Aggregate Minerals'!$B$19:$N$300,13,FALSE))))) -> 7.7933467e+09 | M90: 2500000000 | O90: =IF(M90<=renewable_cutoff,L90,"") | P90: =IF(M90>renewable_cutoff,L90,"") -> 7.7933467e+09 | V90: =L90 -> 7.7933467e+09 | Y90: 9.7e-4% (LCA data). | AA90: 9.7e-06
A91: 1024 | B91: =CONCATENATE("Nitratine, Sodium nitrate; {", J91, "}; ", Z91," g/g in ground") -> Nitratine, Sodium nitrate; {NaNO3}; 0.1748 g/g in ground | C91: minerals and metals | D91: subsoil | E91: stock | F91: NA | G91: resource extraction | I91: g | J91: NaNO3 | K91: mineral | L91: =IF(K91="mineral",(IFERROR(VLOOKUP($A91,'Singular Minerals'!$B$12:$U$500,19,FALSE),IFERROR(VLOOKUP($A91,'Multiple Minerals'!$B$26:$U$309,19,FALSE),VLOOKUP($A91,'Aggregate Minerals'!$B$19:$N$300,13,FALSE)))),(IFERROR(VLOOKUP($A91,'Singular Minerals'!$B$12:$U$500,20,FALSE),IFERROR(VLOOKUP($A91,'Multiple Minerals'!$B$26:$U$309,20,FALSE),VLOOKUP($A91,'Aggregate Minerals'!$B$19:$N$300,13,FALSE))))) -> 1.38503e+09 | M91: 2500000000 | O91: =IF(M91<=renewable_cutoff,L91,"") | P91: =IF(M91>renewable_cutoff,L91,"") -> 1.38503e+09 | V91: =L91 -> 1.38503e+09 | Y91: 17.48% sodium nitrate in chilean caliche in year 1917 (Farm Chemicals, volume 52 pg. 150). | Z91: 0.1748
A92: 1207 | B92: =CONCATENATE("Sodium sulphate; {", J92, "}; ", Z92," g/g in ground") -> Sodium sulphate; {Na8Al6Si6O24SO4}; 0.22 g/g in ground | C92: minerals and metals | D92: subsoil | E92: stock | F92: NA | G92: resource extraction | I92: g | J92: Na8Al6Si6O24SO4 | K92: mineral | L92: =IF(K92="mineral",(IFERROR(VLOOKUP($A92,'Singular Minerals'!$B$12:$U$500,19,FALSE),IFERROR(VLOOKUP($A92,'Multiple Minerals'!$B$26:$U$309,19,FALSE),VLOOKUP($A92,'Aggregate Minerals'!$B$19:$N$300,13,FALSE)))),(IFERROR(VLOOKUP($A92,'Singular Minerals'!$B$12:$U$500,20,FALSE),IFERROR(VLOOKUP($A92,'Multiple Minerals'!$B$26:$U$309,20,FALSE),VLOOKUP($A92,'Aggregate Minerals'!$B$19:$N$300,13,FALSE))))) -> 1.6598261e+09 | M92: 2500000000 | O92: =IF(M92<=renewable_cutoff,L92,"") | P92: =IF(M92>renewable_cutoff,L92,"") -> 1.6598261e+09 | V92: =L92 -> 1.6598261e+09 | Y92: 22% (http://www.nationsencyclopedia.com/Americas/Chile-MINING.html) | Z92: 0.22
A93: 1270 | B93: =CONCATENATE("Stibnite; {", J93, "}; ", Z93," g/g in ground") -> Stibnite; {Sb2S3}; 0.35 g/g in ground | C93: minerals and metals | D93: subsoil | E93: stock | F93: NA | G93: resource extraction | I93: g | J93: Sb2S3 | K93: mineral | L93: =IF(K93="mineral",(IFERROR(VLOOKUP($A93,'Singular Minerals'!$B$12:$U$500,19,FALSE),IFERROR(VLOOKUP($A93,'Multiple Minerals'!$B$26:$U$309,19,FALSE),VLOOKUP($A93,'Aggregate Minerals'!$B$19:$N$300,13,FALSE)))),(IFERROR(VLOOKUP($A93,'Singular Minerals'!$B$12:$U$500,20,FALSE),IFERROR(VLOOKUP($A93,'Multiple Minerals'!$B$26:$U$309,20,FALSE),VLOOKUP($A93,'Aggregate Minerals'!$B$19:$N$300,13,FALSE))))) -> 5.8005078e+09 | M93: 2500000000 | O93: =IF(M93<=renewable_cutoff,L93,"") | P93: =IF(M93>renewable_cutoff,L93,"") -> 5.8005078e+09 | V93: =L93 -> 5.8005078e+09 | Y93: 35% Sb in American deposits (http://www.unalmed.edu.co/rrodriguez/MODELOS/columbia/Stibnite%20Veins%20&%20Disseminations.htm) | Z93: 0.35
A94: 1275 | B94: =CONCATENATE("Sylvite, Potassium chloride; {", J94, "}; ", Z94," g/g in ground") -> Sylvite, Potassium chloride; {KCl}; 0.14 g/g in ground | C94: minerals and metals | D94: subsoil | E94: stock | F94: NA | G94: resource extraction | I94: g | J94: KCl | K94: mineral | L94: =IF(K94="mineral",(IFERROR(VLOOKUP($A94,'Singular Minerals'!$B$12:$U$500,19,FALSE),IFERROR(VLOOKUP($A94,'Multiple Minerals'!$B$26:$U$309,19,FALSE),VLOOKUP($A94,'Aggregate Minerals'!$B$19:$N$300,13,FALSE)))),(IFERROR(VLOOKUP($A94,'Singular Minerals'!$B$12:$U$500,20,FALSE),IFERROR(VLOOKUP($A94,'Multiple Minerals'!$B$26:$U$309,20,FALSE),VLOOKUP($A94,'Aggregate Minerals'!$B$19:$N$300,13,FALSE))))) -> 2.0454345e+10 | M94: 2500000000 | O94: =IF(M94<=renewable_cutoff,L94,"") | P94: =IF(M94>renewable_cutoff,L94,"") -> 2.0454345e+10 | V94: =L94 -> 2.0454345e+10 | Y94: 14% sylvite modern New Mexico mine grade (https://nmgs.nmt.edu/publications/guidebooks/downloads/44/44_p0283_p0291.pdf) | Z94: 0.14
A95: 1276 | B95: =CONCATENATE("Talc; {", J95, "}; ", Z95," g/g in ground") -> Talc; {Mg3Si4O10(OH2)2}; 0.4 g/g in ground | C95: minerals and metals | D95: subsoil | E95: stock | F95: NA | G95: resource extraction | I95: g | J95: Mg3Si4O10(OH2)2 | K95: mineral | L95: =IF(K95="mineral",(IFERROR(VLOOKUP($A95,'Singular Minerals'!$B$12:$U$500,19,FALSE),IFERROR(VLOOKUP($A95,'Multiple Minerals'!$B$26:$U$309,19,FALSE),VLOOKUP($A95,'Aggregate Minerals'!$B$19:$N$300,13,FALSE)))),(IFERROR(VLOOKUP($A95,'Singular Minerals'!$B$12:$U$500,20,FALSE),IFERROR(VLOOKUP($A95,'Multiple Minerals'!$B$26:$U$309,20,FALSE),VLOOKUP($A95,'Aggregate Minerals'!$B$19:$N$300,13,FALSE))))) -> 2.6091643e+09 | M95: 2500000000 | O95: =IF(M95<=renewable_cutoff,L95,"") | P95: =IF(M95>renewable_cutoff,L95,"") -> 2.6091643e+09 | V95: =L95 -> 2.6091643e+09 | Y95: 40% in British deposit (British geological survey, 2004). | Z95: 0.4
A96: 1113 | B96: =CONCATENATE("Tantalum; {", J96, "}; ", Z96," g/g in ground") -> Tantalum; {Fe2+Ta2O6}; 0.0000016 g/g in ground | C96: minerals and metals | D96: subsoil | E96: stock | F96: NA | G96: resource extraction | I96: g | J96: Fe2+Ta2O6 | K96: element | L96: =IF(K96="mineral",(IFERROR(VLOOKUP($A96,'Singular Minerals'!$B$12:$U$500,19,FALSE),IFERROR(VLOOKUP($A96,'Multiple Minerals'!$B$26:$U$309,19,FALSE),VLOOKUP($A96,'Aggregate Minerals'!$B$19:$N$300,13,FALSE)))),(IFERROR(VLOOKUP($A96,'Singular Minerals'!$B$12:$U$500,20,FALSE),IFERROR(VLOOKUP($A96,'Multiple Minerals'!$B$26:$U$309,20,FALSE),VLOOKUP($A96,'Aggregate Minerals'!$B$19:$N$300,13,FALSE))))) -> 1.0093168e+09 | M96: 2500000000 | O96: =IF(M96<=renewable_cutoff,L96,"") | P96: =IF(M96>renewable_cutoff,L96,"") -> 1.0093168e+09 | V96: =L96 -> 1.0093168e+09 | Y96: 1.6e-4% in tantalite (LCA data). We use ferro-tantalite. | Z96: 1.6e-06
A97: 1280 | B97: =CONCATENATE("Tellurium; {", J97, "}; ", Z97," g/g in ground") -> Tellurium; {Te in sulfide}; 0.0000002 g/g in ground | C97: minerals and metals | D97: subsoil | E97: stock | F97: NA | G97: resource extraction | I97: g | J97: Te in sulfide | K97: element | L97: =IF(K97="mineral",(IFERROR(VLOOKUP($A97,'Singular Minerals'!$B$12:$U$500,19,FALSE),IFERROR(VLOOKUP($A97,'Multiple Minerals'!$B$26:$U$309,19,FALSE),VLOOKUP($A97,'Aggregate Minerals'!$B$19:$N$300,13,FALSE)))),(IFERROR(VLOOKUP($A97,'Singular Minerals'!$B$12:$U$500,20,FALSE),IFERROR(VLOOKUP($A97,'Multiple Minerals'!$B$26:$U$309,20,FALSE),VLOOKUP($A97,'Aggregate Minerals'!$B$19:$N$300,13,FALSE))))) -> 9.4871996e+09 | M97: 2500000000 | O97: =IF(M97<=renewable_cutoff,L97,"") | P97: =IF(M97>renewable_cutoff,L97,"") -> 9.4871996e+09 | V97: =L97 -> 9.4871996e+09 | Y97: 0.2 ppm Te in sulfide (LCA data). Assuming tetradymite. | Z97: 2e-07
A98: 1287 | B98: =CONCATENATE("Tin, element mass ratio in Cassiterite; {", J98, "}; ", AA98," g/g in ground") -> Tin, element mass ratio in Cassiterite; {SnO2}; 0.001 g/g in ground | C98: minerals and metals | D98: subsoil | E98: stock | F98: NA | G98: resource extraction | I98: g | J98: SnO2 | K98: element | L98: =IF(K98="mineral",(IFERROR(VLOOKUP($A98,'Singular Minerals'!$B$12:$U$500,19,FALSE),IFERROR(VLOOKUP($A98,'Multiple Minerals'!$B$26:$U$309,19,FALSE),VLOOKUP($A98,'Aggregate Minerals'!$B$19:$N$300,13,FALSE)))),(IFERROR(VLOOKUP($A98,'Singular Minerals'!$B$12:$U$500,20,FALSE),IFERROR(VLOOKUP($A98,'Multiple Minerals'!$B$26:$U$309,20,FALSE),VLOOKUP($A98,'Aggregate Minerals'!$B$19:$N$300,13,FALSE))))) -> 1354225.6 | M98: 2500000000 | O98: =IF(M98<=renewable_cutoff,L98,"") | P98: =IF(M98>renewable_cutoff,L98,"") -> 1354225.6 | V98: =L98 -> 1354225.6 | Y98: 0.1% in crude cassiderite ore (LCA data). | AA98: 0.001
A99: 1153 | B99: =CONCATENATE("TiO2; {", J99, "}; ", Z99," g/g in ground") -> TiO2; {Fe2+TiO3}; 0.026 g/g in ground | C99: minerals and metals | D99: subsoil | E99: stock | F99: NA | G99: resource extraction | I99: g | J99: Fe2+TiO3 | K99: element | L99: =IF(K99="mineral",(IFERROR(VLOOKUP($A99,'Singular Minerals'!$B$12:$U$500,19,FALSE),IFERROR(VLOOKUP($A99,'Multiple Minerals'!$B$26:$U$309,19,FALSE),VLOOKUP($A99,'Aggregate Minerals'!$B$19:$N$300,13,FALSE)))),(IFERROR(VLOOKUP($A99,'Singular Minerals'!$B$12:$U$500,20,FALSE),IFERROR(VLOOKUP($A99,'Multiple Minerals'!$B$26:$U$309,20,FALSE),VLOOKUP($A99,'Aggregate Minerals'!$B$19:$N$300,13,FALSE))))) -> 5.5213934e+09 | M99: 2500000000 | O99: =IF(M99<=renewable_cutoff,L99,"") | P99: =IF(M99>renewable_cutoff,L99,"") -> 5.5213934e+09 | V99: =L99 -> 5.5213934e+09 | Y99: 2.6% in crude ilmenite ore (LCA data). | Z99: 0.026
A100: 1248 | B100: =CONCATENATE("TiO2; {", J100, "}; ", Z100," g/g in ground") -> TiO2; {TiO2}; 0.004 g/g in ground | C100: minerals and metals | D100: subsoil | E100: stock | F100: NA | G100: resource extraction | I100: g | J100: TiO2 | K100: element | L100: =IF(K100="mineral",(IFERROR(VLOOKUP($A100,'Singular Minerals'!$B$12:$U$500,19,FALSE),IFERROR(VLOOKUP($A100,'Multiple Minerals'!$B$26:$U$309,19,FALSE),VLOOKUP($A100,'Aggregate Minerals'!$B$19:$N$300,13,FALSE)))),(IFERROR(VLOOKUP($A100,'Singular Minerals'!$B$12:$U$500,20,FALSE),IFERROR(VLOOKUP($A100,'Multiple Minerals'!$B$26:$U$309,20,FALSE),VLOOKUP($A100,'Aggregate Minerals'!$B$19:$N$300,13,FALSE))))) -> 4.6072439e+09 | M100: 2500000000 | O100: =IF(M100<=renewable_cutoff,L100,"") | P100: =IF(M100>renewable_cutoff,L100,"") -> 4.6072439e+09 | V100: =L100 -> 4.6072439e+09 | Y100: 0.4% in crude rutile ore (LCA data). | Z100: 0.004
...

Sheet Renewable Earth Flows
B4: Constants | D4: Primary flows
B5: 155.2 | C5: g/mol | D5: Average crustal molecular weight (Valero et al. 2012)
B6: 1.2e+25 | C6: sej/yr | D6: Geobiosphere emergy baseline (Brown et al. 2016)
B7: 1 | C7: sej/J | D7: Solar equivalent Joules of sunlight exergy
B8: 4900 | C8: sej/J | D8: Solar equivalent Joules of geothermal exergy (Brown et al., 2016)
B9: 30900 | C9: sej/J | D9: Solar equivalent Joules of tidal exergy (Brown et al., 2016)
B10: =AVERAGE(3.6E+24,3.85E+24) -> 3.725e+24 | C10: J/y | D10: Solar exergy absorbed (Brown et al. 2016)
B11: 9.515e+20 | C11: J/y | D11: Geothermal exergy Flows (Brown et al. 2016)
B12: 1.17e+20 | C12: J/y | D12: Geobiosphere tidal exergy absorbed (Brown et al. 2016)
B13: =B10*B7 -> 3.725e+24 | C13: seJ/y | D13: Global solar emergy (Brown et al. 2016)
B14: =B11*B8 -> 4.66235e+24 | C14: seJ/y | D14: Global geothermal exergy (Brown et al. 2016)
B15: =B12*B9 -> 3.6153e+24 | C15: seJ/y | D15: Global tidal emergy (Brown et al. 2016)
B16: 100 | C16: yrs | D16: Renewable cutoff threshold
B17: =273.15+14.1 -> 287.25 | C17: K | D17: 20th century average surface temperature of 14.1°C (http://www.ncdc.noaa.gov/sotc/global/2013/10)
B18: 510000000 | C18: km2 | D18: Earth surface area (NOAA;http://ngdc.noaa.gov/mgg/global/etopo1_ocean_volumes.html)
B19: 362000000 | C19: km2 | D19: Ocean surface area (NOAA;http://ngdc.noaa.gov/mgg/global/etopo1_ocean_volumes.html)
B20: =B18-B19 -> 148000000 | C20: km2 | D20: Land surface area including freshwater lakes (NOAA;http://ngdc.noaa.gov/mgg/global/etopo1_ocean_volumes.html)
B21: 9.81 | C21: m/s2 | D21: Gravity acceleration
B22: =60*60*24*365.25 -> 31557600 | C22: sec/yr | D22: T - time
B23: 155.2 | C23: g/mol | D23: Average molar mass of crust
B24: =crust_mass -> 2.17e+25 | C24: g/mol | D24: Crust mass
B25: =ave_crust_specific_emergy -> 1.3824885e+09 | C25: sej/g | D25: Average crust specific emergy
B26: 1.29e+18 | C26: m3 | D26: Ocean volume
B27: =28.97 -> 28.97 | C27: g/mol | D27: Ave atmosphere molar mass
B32: Wind transformity | D32: Secondary flow
B33: =GEB -> 1.2e+25 | C33: sej/yr | D33: Driving Emergy
B34: ='Land, Biomass & Soil'!G33 -> 1.2525898e+22 | C34: J/yr | D34: Surface wind energy dissipated over land (Lee and Brown, 2019)
B35: ='Land, Biomass & Soil'!G35+'Land, Biomass & Soil'!G36 -> 1.0551025e+22 | C35: J/yr | D35: Surface wind energy dissipated over ocean (Lee and Brown, 2019)
B36: =B34+B35 -> 2.3076923e+22 | C36: J/yr | D36: Total surface wind energy dissipation (Lee and Brown, 2019)
B37: =B33/B36 -> 520 | C37: sej/J | D37: Wind Transformity
B39: Waves transformity (and waves on the shore) | E39: Tertiary flow
B40: =B35 -> 1.0551025e+22 | C40: J/yr | D40: Wind energy input to oceans (computed as above)
B41: =B40*wind_tr -> 5.4865331e+24 | C41: sej/yr | D41: Emergy of wind energy input to oceans
B42: =68000000000000 -> 68000000000000 | C42: W/yr | D42: Wind energy transferred to the oceans (Rascale et al. 2008)
B43: =B22*B42 -> 2.1459168e+21 | C43: J/yr | D43: Wave energy
B44: =B43/B40 -> 0.20338467 | C44: % | D44: % of input transferred to waves
B45: =wind_tr -> 520 | C45: sej/J | D45: Wind transformity
B46: =ROUND(B41/B43,-2) -> 2600 | C46: sej/J | D46: Transformity of waves on the ocean surface
B47: 2400000000000 | C47: W/yr | D47: Wave energy transmitted to surf zone turbulence (Rascle et al., 2008)
B48: =B47*B22 -> 7.573824e+19 | C48: J/yr | D48: Wave energy dissipated in the surf zone assuming all transmitted is dissipated
B49: =ROUND((B41/B48),-2) -> 72400 | C49: sej/J | D49: Transformity of wave energy on the shore
B51: Rain transformity (chemical potential) | E51: Secondary flow
B52: =Water!N21 -> 22500 | C52: sej/J | D52: Transformity of chemical potential of Land precipation, see Rain tab
B53: =Water!N22 -> 6000 | C53: sej/J | D53: Transformity of chemical potential of Ocean precipation, see Rain tab
B55: Geopotential of continental river discharge | F55: Tertiary flow
B56: 2.09 | C56: mm/d | D56: Precipation on land (Table 1; Adler et al., 2003, also equal to Trenberth et al., 2007)
B57: =land_surface_area*1000*1000 -> 148000000000000 | C57: m2 | D57: Land surface area including freshwater lakes (NOAA;http://ngdc.noaa.gov/mgg/global/etopo1_ocean_volumes.html)
B58: =1000000*(B56/1000)*B57*365.25 -> 1.1297913e+20 | C58: g/yr | D58: Land precipitation
B59: 10 | C59: ppm | D59: Total Dissoved Solids (TDS) of precipitation
B60: 100 | C60: ppm | D60: TDS global rivers, based on 3.8 billion tons/yr of dissolved solids export (Milliman and Farnsworth, 2011, p. 51)
B61: 35000 | C61: ppm | D61: TDS concentration of ocean water and cellular interstitial fluid
B62: =(-8.314*287.25*LN((1000000-B61)/(1000000-B59))/18.01) -> 4.7229772 | C62: J/g | D62: Gibb's mixing exergy of rainfall
B63: =B62*B58 -> 5.3359785e+20 | C63: J/yr | D63: Energy of land precipitation
B64: =B63*rain_land_tr -> 1.2005952e+25 | C64: seJ/yr | D64: Emergy of land precipitation
B65: 37288 | C65: km3/yr | D65: Global annual stream discharge = 3.73 E4 km3, not including Antarctica and Greenland as they are largely glacier-based (Dai et al., 2009)
B66: =B65*1000000000*1000 -> 3.7288e+16 | C66: kg/yr | D66: Global annual stream discharge = 3.73 E4 km3, not including Antarctica and Greenland as they are largely glacier-based (Dai et al., 2009)
B67: 797 | C67: m | D67: Average elevation of precipitation on land (http://www.ngdc.noaa.gov/mgg/global/etopo1_surface_histogram.html)
B68: =B66*gravity*B67 -> 2.9153884e+20 | C68: J/yr | D68: Geopotential energy dissipation in global runoff
B69: =ROUND(B64/B68,-1) -> 41180 | C69: sej/J | D69: Geopotential transformity of continental runoff
B70: =B64/B66/1000 -> 321978.97 | C70: sej/g | D70: Geopotential specific emergy of continental runoff
B72: Chemical potential of continental river discharge
B73: =gas_constant*Surface_Temperature*LN((1000000-B60)/(1000000-B61))/18.01 -> 4.7110422 | C73: J/g | D73: Gibb's mixing exergy of river water
B74: =B73*B66*1000 -> 1.7566534e+20 | C74: J/yr | D74: Global chemical exergy dissipated from continental runoff
B75: =ROUND(B64/B74,-2) -> 68300 | C75: sej/J | D75: Chemical transformity of continental runoff (see Water tab)
B77: Wind Driven Ocean currents transformity | E77: Tertiary flow
B78: 3 | C78: TW | D78: Total energy input to the Ekman layer, including inputs to near inertial and sub inertial waves (Wang and Huang, 2004a). Assume all input is dissipated in Ekman transport.
B79: =B78*1000000000000*B22 -> 9.46728e+19 | C79: J/yr | D79: Total energy input to the Ekman layer, including inputs to near inertial and sub inertial waves (Wang and Huang, 2004a). Assume all input is dissipated in Ekman transport.
B80: =B41 -> 5.4865331e+24 | C80: sej/yr | D80: Wind emergy input to the ocean
B81: =ROUND((B41/B79),-2) -> 58000 | C81: sej/J | D81: Transformity of wind-driven surface ocean currents
B83: Tidal energy absorbed on the continental shelf and in estuaries | G83: Secondary flow
B84: =0.93+0.36 -> 1.29 | C84: TW | D84: Shallow (< 1000 m) tidal energy dissipation rate (bottom drag + eddy turbulence) from Taguchi et al., 2014, Table 6
B85: =B84*1000000000000*B22 -> 4.0709304e+19 | C85: J/yr | D85: Shallow (< 1000 m) tidal energy dissipation rate (bottom drag + eddy turbulence) from Taguchi et al., 2014, Table 6
B86: =B15 -> 3.6153e+24 | C86: sej/yr | D86: Emergy base for the tides
B87: =ROUND((B86/B85),-2) -> 88800 | C87: sej/J | D87: Transformity of tidal energy issipated in coastal waters
B89: Average crustal specific emergy
B90: =2.17E+25 -> 2.17e+25 | C90: g | D90: mass of continental crust (Peterson and Depaolo, 2007)
B91: 2500000000 | C91: yr | D91: Average age of the crust (Taylor and McLennan, 1995; Veizer and Jansen, 1985)
B92: =crust_mass/crust_age -> 8.68e+15 | C92: g/yr | D92: average crust turnover
B93: =GEB*B91/crust_mass -> 1.3824885e+09 | C93: sej/g | D93: average crustal specific emergy
B95: Sedimentary erosion specific emergy
B96: 5.5e+15 | C96: g/yr | D96: Continental erosion rate (Willenbring et al., 2013)
B97: =B67 -> 797 | C97: m | D97: Average elevation of precipitation on land (http://www.ngdc.noaa.gov/mgg/global/etopo1_surface_histogram.html)
B98: =gravity*B96/1000*B67 -> 4.3002135e+16 | C98: J/yr | D98: Geopotential energy dissipated from average continental elevation of 797m.
B99: =GEB/B98 -> 2.7905591e+08 | C99: sej/J | D99: Transformity of sedimentary erosion
B100: =GEB/B96 -> 2.1818182e+09 | C100: sej/g | D100: Specific emergy of sedimentary erosion

Sheet Crust Element Composition
B2: Composition of the Crust
B3: Table 3.4 in Valero 2008 | H3: average molecular mass of an element in the crust
B4: Element | C4: g/g crust | D4: Common name | E4: Molar mass | F4: mole/g crust | H4: =SUMPRODUCT(C5:C81,E5:E81) -> 24.05809
B5: Ag | C5: 5.3e-08 | D5: Silver | E5: 107.8682 | F5: =C5/E5 -> 4.9134036e-10
B6: Al | C6: 0.0815 | D6: Aluminum | E6: 26.9815 | F6: =C6/E6 -> 0.0030205882
B7: As | C7: 4.8e-06 | D7: Arsenic | E7: 74.9216 | F7: =C7/E7 -> 6.4066971e-08
B8: Au | C8: 1.5e-09 | D8: Gold | E8: 196.9665 | F8: =C8/E8 -> 7.6155082e-12
B9: B | C9: 1.7e-05 | D9: Boron | E9: 10.811 | F9: =C9/E9 -> 1.5724725e-06
B10: Ba | C10: 0.000628 | D10: Barium | E10: 137.327 | F10: =C10/E10 -> 4.5730264e-06
B11: Be | C11: 2.1e-06 | D11: Beryllium | E11: 9.0122 | F11: =C11/E11 -> 2.3301747e-07
B12: Bi | C12: 1.6e-07 | D12: Bismuth | E12: 208.9804 | F12: =C12/E12 -> 7.6562204e-10
B13: Br | C13: 1.6e-06 | D13: Bromine | E13: 79.904 | F13: =C13/E13 -> 2.0024029e-08
B14: C | C14: 0.00199 | D14: Carbon | E14: 12.0107 | F14: =C14/E14 -> 0.0001656856
B15: Ca | C15: 0.0257 | D15: Calcium | E15: 40.078 | F15: =C15/E15 -> 0.00064124956
B16: Cd | C16: 9e-08 | D16: Cadmium | E16: 112.411 | F16: =C16/E16 -> 8.0063339e-10
... B81: Zr | C81: 0.000193 | D81: Zirconium | E81: 91.224 | F81: =C81/E81 -> 2.1156713e-06

Sheet Precipitation_Matrix Inversion
T1: 148000000000000 | U1: m2; Land area
B2: Volume (1000 km3) water | T2: 362000000000000 | U2: m2; Ocean area
B3: To | C3: S,T,DH | D3: Land | E3: Ocean | F3: L. Atmos | G3: O. Atmos | H3: Vector | T3: 3.7e+24 | U3: J/y; Solar energy absorbed (Brown et al. 2016)
A4: 1 | B4: S,T, DH | C4: 1 | D4: 0 | E4: 0 | F4: 0 | G4: 0 | H4: 1 | T4: 9.515e+20 | U4: J/y; Geothermal Flows (Brown et al. 2016)
A5: 2 | B5: Land | C5: =D15+D23+D31 -> 3.2877699e+24 | D5: -113 | E5: 0 | F5: 113 | G5: 0 | H5: 0 | T5: 1.17e+20 | U5: J/y; Tidal energy absorbed (Brown et al. 2016)
A6: 3 | B6: Ocean | C6: =D16+D24+D32 -> 7.5386645e+24 | D6: 40 | E6: -452.4 | F6: 0 | G6: 412 | H6: 0 | T6: 1.2e+25 | U6: seJ/y Global Emergy Baseline (Brown et al. 2016)
A7: 4 | B7: L. Atmos | C7: =D13+D21+D29 -> 4.5281746e+23 | D7: 73 | E7: 0 | F7: -113 | G7: 40 | H7: 0 | T7: 4900 | U7: seJ/J: SER of geothermal Exergy
A8: 5 | B8: O. Atmos | C8: =D14+D22+D30 -> 1.7688255e+23 | D8: 0 | E8: 413 | F8: 0 | G8: =-1*(G6+G5) -> -412 | H8: 0 | T8: 30900 | U8: seJ/J: SER of tidal energy absorbed
B9: * T, S and DH refer to Tide, Sun and Deep Heat emergy | T9: ='Renewable Earth Flows'!B13 -> 3.725e+24 | U9: seJ/y; global solar emergy (Brown et al. 2016b)
T10: ='Renewable Earth Flows'!B14 -> 4.66235e+24 | U10: seJ/y; global geothermal exergy (Brown et al. 2016b)
B11: Tidal emergy absorption | T11: ='Renewable Earth Flows'!B15 -> 3.6153e+24 | U11: seJ/y; global tidal emergy (Brown et al. 2016b)
B12: Unit | C12: % Absorbed | D12: Emergy (seJ/y)
B13: L. Atmos. | C13: =(0.02/3.7)*(T1/SUM(T1:T2)) -> 0.0015686275 | D13: =C13*T$11 -> 5.6710588e+21 | E13: 0.054% tide momentum dissipated in atmosphere. (Munk and Wunsch, 1998) | J13: Chemical Potential
B14: O. Atmos | C14: =(0.02/3.7)*(T2/SUM(T1:T2)) -> 0.003836778 | D14: =C14*T$11 -> 1.3871103e+22 | K14: TDS | L14: J/g | M14: J/1000 km3 | T14: This literature should be in the final page References, to avoid duplicate information and risk of errors.
B15: Land | C15: =0.2/3.7 -> 0.054054054 | D15: =C15*T$11 -> 1.9542162e+23 | E15: 5.4% tide momentum dissipated in land. (Munk and Wunsch, 1998) | J15: River | K15: 100 | L15: =(-8.314*287.25*LN((1000000-35000)/(1000000-K15))/18.01) -> 4.7110422 | M15: =(-8.314*287.25*LN((1000000-35000)/(1000000-K15))/18.01)*1000000000000000000 -> 4.7110422e+18 | T15: Literature Cited:
B16: Ocean | C16: =1-C13-C14-C15 -> 0.94054054 | D16: =C16*T$11 -> 3.4003362e+24 | J16: Ocean | K16: 35000 | L16: =(-8.314*287.25*LN((1000000-35000)/(1000000-K16))/18.01) -> 0 | M16: =(-8.314*287.25*LN((1000000-35000)/(1000000-K16))/18.01)*1000000000000000000 -> 0 | T16: Munk, W., and Wunsch, C., 1998. Abyssal recipes II: Energetics of tidal and wind mixing. Deep-Sea Research I, 45: 1977-2010
C17: =C13+C14+C15+C16 -> 1 | D17: =SUM(D13:D16) -> 3.6153e+24 | J17: Precipitation | K17: 10 | L17: =(-8.314*287.25*LN((1000000-35000)/(1000000-K17))/18.01) -> 4.7229772 | M17: =(-8.314*287.25*LN((1000000-35000)/(1000000-K17))/18.01)*1000000000000000000 -> 4.7229772e+18 | T17: Trenberth K E Smith, L., Qian, T., Dai, A., Fasullo, J., 2007. Estimates of the global water budget and its annual cycle using observational and model data J. Hydrometeorology. 8 758–69
J18: ET vs. Precipitation | K18: 0.01 | L18: =(-8.314*287.25*LN((1000000-10)/(1000000-K18))/18.01) -> 0.0013247197 | M18: =(-8.314*287.25*LN((1000000-10)/(1000000-K18))/18.01)*1000000000000000000 -> 1.3247197e+15 | T18: Hofmeister, A.M. & Criss, R.E. (2005) Earth’s heat flux revisited and linked to chemistry. Tectonophysics. 395, 159-177
B19: Geothermal emergy absorption
B20: Unit | C20: % Absorbed | D20: Emergy (seJ/y)
B21: L. Atmos. | C21: =8%*0.3 -> 0.024 | D21: =T$10*C21 -> 1.118964e+23 | E21: 8% geothermal absorbance in Atmosphere (estimate)
B22: O. Atmos | C22: =1%*0.7 -> 0.007 | D22: =T$10*C22 -> 3.263645e+22 | T22: Constants above should be linked to those in page Renewable Earth Flows.
B23: Land | C23: 0.495 | D23: =T$10*C23 -> 2.3078633e+24 | E23: heat loss to land and ocean is about equal (Hoffmeister and Criss, 2005) | T23: If these will change, also this page would change without risf of errors.
B24: Ocean | C24: 0.495 | D24: =T$10*C24 -> 2.3078633e+24 | E24: heat loss to land and ocean is about equal (Hoffmeister and Criss, 2005) | T24: In so doing, this page will be more simple, without the Table of constants.
C25: =C21+C22+C23+C24 -> 1.021 | D25: =SUM(D21:D24) -> 4.7602593e+24
B27: Solar Emergy absorption
B28: Unit | C28: % Absorbed | D28: Emergy (seJ/y)
B29: L. Atmos. | C29: =30%*0.3 -> 0.09 | D29: =T$9*C29 -> 3.3525e+23 | E29: 30% Solar radiation absorbed by atmosphere (Trenberth et al.;2009)
B30: O. Atmos | C30: =5%*0.7 -> 0.035 | D30: =T$9*C30 -> 1.30375e+23
B31: Land | C31: =0.702*0.3 -> 0.2106 | D31: =T$9*C31 -> 7.84485e+23
B32: Ocean | C32: =0.702*0.7 -> 0.4914 | D32: =T$9*C32 -> 1.830465e+24
C33: =C29+C30+C31+C32 -> 0.827 | D33: =SUM(D29:D32) -> 3.080575e+24
B35: Available Energy (J/yr)
B36: To | C36: S,T,DH | D36: Land | E36: Ocean | F36: L. Atmos | G36: O. Atmos | H36: Vector | I36: Transformity (sej/J)
A37: 1 | B37: S,T, DH | C37: 1 | D37: 0 | E37: 0 | F37: 0 | G37: 0 | H37: 1 | I37: {=MMULT(MINVERSE(C37:G41),H37:H41)} -> 1
A38: 2 | B38: Land | C38: =C5 -> 3.2877699e+24 | D38: =D5*M17 -> -5.3369642e+20 | E38: 0 | F38: =F5*M17 -> 5.3369642e+20 | G38: =G5*M17 -> 0 | H38: 1 | I38: 7010.1091
A39: 3 | B39: Ocean | C39: =C6 -> 7.5386645e+24 | D39: =D6*M15 -> 1.8844169e+20 | E39: =E6*M17 -> -2.1366749e+21 | F39: 0 | G39: =G6*M17 -> 1.9458666e+21 | H39: 1 | I39: 4230.3386
A40: 4 | B40: L. Atmos | C40: =C7 -> 4.5281746e+23 | D40: =D7*(M18) -> 9.6704541e+16 | E40: 0 | F40: =F7*M17 -> -5.3369642e+20 | G40: =G7*M18 -> 5.2988789e+16 | H40: 1 | I40: 849.73448
A41: 5 | B41: O. Atmos | C41: =C8 -> 1.7688255e+23 | D41: 0 | E41: =E8*(M18) -> 5.4710925e+17 | F41: 0 | G41: =G8*M17 -> -1.9458666e+21 | H41: 1 | I41: 92.091108

Sheet Water
B2: Table 1: Global average mixing exergy, specific emergy, and transformity of various freshwater storages
J3: Annual Flux
B4: Type | C4: Distribution area 1. (E3km2) | D4: Volume1. (E3km3) | E4: % total | F4: % freshwater | G4: Turnover1. (yrs) | H4: TDS2. (mg/l) | I4: Exergy3. (J/g) | J4: Mass (g/yr) | K4: Chem. Pot. ( J/yr) | L4: Driving Emergy4. (sej/yr) | M4: Specific Emergy5. (sej/g) | N4: Transformity6. (sej/J)
B5: World Ocean | C5: 361300 | D5: 1338000 | E5: =D5/$D$27 -> 0.96354364 | F5: - - | G5: 2500 | H5: 35000 | J5: =D5*1000000000000*1000000/G5 -> 5.352e+20 | K5: =I5*J5 -> 0 | L5: 1.2e+25 | M5: =L5/J5 -> 22421.525
B6: Ground water (gravity and capillary) | C6: 134800 | D6: 25400 | E6: =D6/$D$27 -> 0.018291486 | F6: =D6/$D$28 -> 0.69268716 | G6: 1400 | H6: =335 -> 335 | I6: =gas_constant*Surface_Temperature/18.01*LN((1000000-H6)/965000) -> 4.6798735 | J6: =D6*1000000000000*1000000/G6 -> 1.8142857e+19 | K6: =I6*J6 -> 8.4906276e+19 | L6: =GEB -> 1.2e+25 | M6: =L6/J6 -> 661417.32 | N6: =ROUND((M6/I6),-3) -> 141000
B7: Predominantly fresh ground water | C7: 134800 | D7: 11530 | E7: =D7/$D$27 -> 0.0083031824 | F7: =D7/$D$28 -> 0.31443634 | G7: 1400 | H7: 335 | I7: =gas_constant*Surface_Temperature/18.01*LN((1000000-H7)/965000) -> 4.6798735 | J7: =D7*1000000000000*1000000/G7 -> 8.2357143e+18 | K7: =I7*J7 -> 3.8542101e+19 | L7: =GEB -> 1.2e+25 | M7: =L7/J7 -> 1457068.5 | N7: =ROUND((M7/I7),-3) -> 311000
B8: Soil moisture | C8: 82000 | D8: 16.5 | E8: =D8/$D$27 -> 1.1882265e-05 | F8: =D8/$D$28 -> 0.00044997394 | G8: 1 | H8: 10 | I8: =gas_constant*Surface_Temperature/18.01*LN((1000000-H8)/965000) -> 4.7229772 | J8: =D8*1000000000000*1000000/G8 -> 1.65e+19 | K8: =I8*J8 -> 7.7929123e+19 | L8: =GEB -> 1.2e+25 | M8: =L8/J8 -> 727272.73 | N8: =ROUND((M8/I8),-3) -> 154000
B9: Glaciers and permanent snow cover | C9: 16277.5 | D9: 24064 | E9: =D9/$D$27 -> 0.017329383 | F9: =D9/$D$28 -> 0.65625291 | G9: =SUMPRODUCT(F10:F13,G10:G13)/F9 -> 9686.3743 | H9: 10 | I9: =gas_constant*Surface_Temperature/18.01*LN((1000000-H9)/965000) -> 4.7229772 | J9: =D9*1000000000000*1000000/G9 -> 2.4843145e+18 | K9: =I9*J9 -> 1.1733361e+19 | L9: =GEB -> 1.2e+25 | M9: =L9/J9 -> 4830306.3 | N9: =ROUND((M9/I9),-3) -> 1023000
B10: - Antarctica | C10: 13980 | D10: 21600 | E10: =D10/$D$27 -> 0.015554965 | F10: =D10/$D$28 -> 0.5890568 | G10: 9700 | H10: 10 | I10: =gas_constant*Surface_Temperature/18.01*LN((1000000-H10)/965000) -> 4.7229772 | J10: =D10*1000000000000*1000000/G10 -> 2.2268041e+18 | K10: =I10*J10 -> 1.0517145e+19 | L10: =GEB -> 1.2e+25 | M10: =L10/J10 -> 5388888.9 | N10: =ROUND((M10/I10),-3) -> 1141000
B11: - Greenland | C11: 1802.4 | D11: 2340 | E11: =D11/$D$27 -> 0.0016851212 | F11: =D11/$D$28 -> 0.063814486 | G11: 9700 | H11: 10 | I11: =gas_constant*Surface_Temperature/18.01*LN((1000000-H11)/965000) -> 4.7229772 | J11: =D11*1000000000000*1000000/G11 -> 2.4123711e+17 | K11: =I11*J11 -> 1.1393574e+18 | L11: =GEB -> 1.2e+25 | M11: =L11/J11 -> 49743590 | N11: =ROUND((M11/I11),-3) -> 10532000
B12: - Arctic Islands | C12: 226.1 | D12: 83.5 | E12: =D12/$D$27 -> 6.013146e-05 | F12: =D12/$D$28 -> 0.0022771409 | G12: 9700 | H12: 10 | I12: =gas_constant*Surface_Temperature/18.01*LN((1000000-H12)/965000) -> 4.7229772 | J12: =D12*1000000000000*1000000/G12 -> 8.6082474e+15 | K12: =I12*J12 -> 4.0656556e+16 | L12: =GEB -> 1.2e+25 | M12: =L12/J12 -> 1.394012e+09 | N12: =ROUND((M12/I12),-3) -> 295155000
B13: - Mountainous regions | C13: 224 | D13: 40.6 | E13: =D13/$D$27 -> 2.9237572e-05 | F13: =D13/$D$28 -> 0.0011072086 | G13: 1600 | H13: 10 | I13: =gas_constant*Surface_Temperature/18.01*LN((1000000-H13)/965000) -> 4.7229772 | J13: =D13*1000000000000*1000000/G13 -> 2.5375e+16 | K13: =I13*J13 -> 1.1984555e+17 | L13: 1.2e+25 | M13: =L13/J13 -> 4.729064e+08 | N13: =ROUND((M13/I13),-3) -> 100129000
B14: Ground ice of permafrost zone | C14: 21000 | D14: 300 | E14: =D14/$D$27 -> 0.00021604117 | F14: =D14/$D$28 -> 0.0081813444 | G14: 10000 | H14: 10 | I14: =gas_constant*Surface_Temperature/18.01*LN((1000000-H14)/965000) -> 4.7229772 | J14: =D14*1000000000000*1000000/G14 -> 3e+16 | K14: =I14*J14 -> 1.4168932e+17 | L14: 1.2e+25 | M14: =L14/J14 -> 400000000 | N14: =ROUND((M14/I14),-3) -> 84692000
B15: Lakes | C15: 2058.7 | D15: 176.4 | E15: =D15/$D$27 -> 0.00012703221 | F15: =D15/$D$28 -> 0.0048106305 | G15: 17 | H15: 10000 | I15: =gas_constant*Surface_Temperature/18.01*LN((1000000-H15)/965000) -> 3.3915893 | J15: =D15*1000000000000*1000000/G15 -> 1.0376471e+19 | K15: =I15*J15 -> 3.5192727e+19 | L15: ='Renewable Earth Flows'!$B$64 -> 1.2005952e+25 | M15: =L15/J15 -> 1157036.2 | N15: =ROUND((M15/I15),-3) -> 341000
B16: - Fresh | C16: 1236.4 | D16: 91 | E16: =D16/$D$27 -> 6.5532489e-05 | F16: =D16/$D$28 -> 0.0024816745 | G16: 17 | H16: 200 | I16: =gas_constant*Surface_Temperature/18.01*LN((1000000-H16)/965000) -> 4.6977798 | J16: =D16*1000000000000*1000000/G16 -> 5.3529412e+18 | K16: =I16*J16 -> 2.5146939e+19 | L16: ='Renewable Earth Flows'!$B$64 -> 1.2005952e+25 | M16: =L16/J16 -> 2242870.1 | N16: =ROUND((M16/I16),-3) -> 477000
B17: - Salt | C17: 822.3 | D17: 85.4 | E17: =D17/$D$27 -> 6.1499721e-05 | F17: =D17/$D$28 -> 0.002328956 | G17: 17 | I17: =gas_constant*Surface_Temperature/18.01*LN((1000000-H17)/965000) -> 4.7243032 | J17: =D17*1000000000000*1000000/G17 -> 5.0235294e+18 | K17: =I17*J17 -> 2.3732676e+19 | L17: ='Renewable Earth Flows'!$B$64 -> 1.2005952e+25 | M17: =L17/J17 -> 2389943.5 | N17: =ROUND((M17/I17),-3) -> 506000
B18: Swamp and bogs | C18: 2682.6 | D18: 11.5 | E18: =D18/$D$27 -> 8.2815783e-06 | F18: =D18/$D$28 -> 0.0003136182 | G18: 5 | H18: 50 | I18: =gas_constant*Surface_Temperature/18.01*LN((1000000-H18)/965000) -> 4.7176729 | J18: =D18*1000000000000*1000000/G18 -> 2.3e+18 | K18: =I18*J18 -> 1.0850648e+19 | L18: ='Renewable Earth Flows'!$B$64 -> 1.2005952e+25 | M18: =L18/J18 -> 5219979 | N18: =ROUND((M18/I18),-3) -> 1106000
B19: River/stream | C19: 148800 | D19: 2.12 | E19: =D19/$D$27 -> 1.526691e-06 | F19: =D19/$D$28 -> 5.7814834e-05 | G19: =21/365.25 -> 0.057494867 | H19: 100 | I19: =gas_constant*Surface_Temperature/18.01*LN((1000000-H19)/965000) -> 4.7110422 | J19: =D19*1000000000000*1000000/G19 -> 3.6872857e+19 | K19: =I19*J19 -> 1.7370958e+20 | L19: ='Renewable Earth Flows'!$B$64 -> 1.2005952e+25 | M19: =L19/J19 -> 325604.05 | N19: =ROUND((M19/I19),-3) -> 69000
B20: Biological | C20: 510000 | D20: 1.12 | E20: =D20/$D$27 -> 8.0655372e-07 | F20: =D20/$D$28 -> 3.0543686e-05 | G20: =1/365.25 -> 0.0027378508 | H20: 9000 | I20: =gas_constant*Surface_Temperature/18.01*LN((1000000-H20)/965000) -> 3.5254651 | J20: =D20*1000000000000*1000000/G20 -> 4.0908e+20 | K20: =I20*J20 -> 1.4421973e+21 | L20: ='Renewable Earth Flows'!$B$64 -> 1.2005952e+25 | M20: =L20/J20 -> 29348.664 | N20: =ROUND((M20/I20),-3) -> 8000
B21: Terrestrial Precipitation | C21: 148000 | D21: 113 | G21: 1 | H21: 10 | I21: =gas_constant*Surface_Temperature/18.01*LN((1000000-H21)/965000) -> 4.7229772 | J21: =D21*1000000000000*1000000/G21 -> 1.13e+20 | K21: =I21*J21 -> 5.3369642e+20 | L21: 1.2e+25 | M21: =L21/J21 -> 106194.69 | N21: =ROUND((M21/I21),-2) -> 22500
B22: Ocean Precipitation | C22: 362000 | D22: 413 | G22: 1 | H22: 10 | I22: =gas_constant*Surface_Temperature/18.01*LN((1000000-H22)/965000) -> 4.7229772 | J22: =D22*1000000000000*1000000/G22 -> 4.13e+20 | K22: =I22*J22 -> 1.9505896e+21 | L22: 1.2e+25 | M22: =L22/J22 -> 29055.69 | N22: =ROUND((M22/I22),-3) -> 6000
B23: Runoff to the sea | C23: 148000 | D23: ='Water Notes'!F30 -> 39.9 | G23: 1 | H23: 100 | I23: =gas_constant*Surface_Temperature/18.01*LN((1000000-H23)/965000) -> 4.7110422 | J23: =D23*1000000000000*1000000/G23 -> 3.99e+19 | K23: =I23*J23 -> 1.8797058e+20 | L23: ='Renewable Earth Flows'!$B$64 -> 1.2005952e+25 | M23: =L23/J23 -> 300901.04 | N23: =ROUND((M23/I23),-2) -> 63900
B24: Evapotranspiration on land | C24: 148000 | D24: ='Water Notes'!E30 -> 73.1 | G24: 1 | H24: 10 | I24: =gas_constant*Surface_Temperature/18.01*LN((1000000-H24)/965000) -> 4.7229772 | J24: =D24*1000000000000*1000000/G24 -> 7.31e+19 | K24: =I24*J24 -> 3.4524963e+20 | L24: 1.2e+25 | M24: =L24/J24 -> 164158.69 | N24: =ROUND((M24/I24),-2) -> 34800
B25: Atmosphere | C25: 510000 | D25: 13.45 | E25: =D25/$D$27 -> 9.685846e-06 | F25: =D25/$D$28 -> 0.00036679694 | G25: =8/365.25 -> 0.021902806 | H25: 10 | I25: =gas_constant*Surface_Temperature/18.01*LN((1000000-H25)/965000) -> 4.7229772 | J25: =D25*1000000000000*1000000/G25 -> 6.1407656e+20 | K25: =I25*J25 -> 2.9002696e+21 | L25: 1.2e+25 | M25: =L25/J25 -> 19541.537 | N25: =ROUND((M25/I25),-2) -> 4100
B27: Total | C27: 510000 | D27: =SUM(D5:D25)-D15-D9-D7 -> 1388624.2
B28: Total freshwater | C28: 148800 | D28: =SUM(D6:D25)-D9-D15-D6-D17 -> 36668.79
B30: 1. data from Shiklomanov,I. A. and J. C. Rodda, 2003. World water resources at the beginning of the twenty-first century. Cambridge University Press, 435 p.
B31: 2. Estimates based on interpretation of data from Brezonik and Arnold (2011), Hem (1989), Leisenring et al. (2011), Meybeck et al. (1989) and Milliman and Farnsworth (2011) dan added references to check numbers
B32: 3. Gibbs energy = RT/w ln(ci/965,000); Give value for universal gas constant and temperature defeind somewhere on sheet?
B33: 4. Driving emergy for rain, vapor, glaciers, and ground ice, is the GEB (Em= 1.2E+25 sej/yr). Other terrestrial freshwater storages are driven by terrestrial precipitation (Em= 3.64E+24 sej/yr ).
B34: 5. Specific emergy is the ratio of the driving emergy to the annual mass flux. Values for Precipitation, Runoff and ET calculated using Matrix Method
B35: 6. The global average transformity of a fresh water body is the ratio of its average specific emergy to its Gibb’s free energy . This is the same as the emergy base divided by the Gibbs free energyt of the flow.
B36: 7. Driving emergy determined using matrix method. See Precipitation _Matrix Inversion tab

Sheet Water Notes
B4: Hyrologial Cycle
B5: Terrestrial Precipitation | C5: 148000 | D5: 113 | G5: 1 | H5: 10 | I5: =gas_constant*Surface_Temperature/18.01*LN((1000000-H5)/965000) -> 4.7229772 | J5: =D5*1000000000000*1000000/G5 -> 1.13e+20 | K5: =I5*J5 -> 5.3369642e+20 | L5: 1.2e+25 | M5: =L5/((D5*1000*1000000000*1000000)/G5) -> 106194.69 | N5: =ROUND((M5/I5),-2) -> 22500 | O5: Rain on land
B6: Ocean Precipitation | C6: 362000 | D6: 413 | G6: 1 | H6: 10 | I6: =gas_constant*Surface_Temperature/18.01*LN((1000000-H6)/965000) -> 4.7229772 | J6: =D6*1000000000000*1000000/G6 -> 4.13e+20 | K6: =I6*J6 -> 1.9505896e+21 | L6: ='Renewable Earth Flows'!#REF! -> #REF! | M6: =L6/((D6*1000*1000000000*1000000)/G6) -> #REF! | N6: =ROUND((M6/I6),-2) -> #REF! | O6: Rain on oceans
B7: Runoff to the sea | C7: 148000 | D7: =F30 -> 39.9 | G7: 1 | H7: 100 | I7: =gas_constant*Surface_Temperature/18.01*LN((1000000-H7)/965000) -> 4.7110422 | J7: =D7*1000000000000*1000000/G7 -> 3.99e+19 | K7: =I7*J7 -> 1.8797058e+20 | L7: 1.2e+25 | M7: =L7/((D7*1000*1000000000*1000000)/G7) -> 300751.88 | N7: =ROUND((M7/I7),-2) -> 63800 | O7: runoff to sea
B8: Evapotranspiration | C8: 148000 | D8: =E30 -> 73.1 | G8: 1 | H8: 10 | I8: =gas_constant*Surface_Temperature/18.01*LN((1000000-H8)/965000) -> 4.7229772 | J8: =D8*1000000000000*1000000/G8 -> 7.31e+19 | K8: =I8*J8 -> 3.4524963e+20 | L8: 1.2e+25 | M8: =L8/((D8*1000*1000000000*1000000)/G8) -> 164158.69 | N8: =ROUND((M8/I8),-2) -> 34800 | O8: ET on land
B13: From Marcinek (2007) Hydrological cycle
B14: Author of budget | C14: Time of study | D14: precip. land | E14: evap. land | F14: sea to land | G14: Evap. Sea | H14: precip sea | I14: global balance
B15: M. I. Budyko u. a. (bei Dyck 1968) | C15: 1968 | D15: 107 | E15: 61 | F15: 46 | G15: 449 | H15: 403 | I15: 510
B16: V. I. Korzun u. a. | C16: 1974 | D16: 119 | E16: 72 | F16: 47 | G16: 505 | H16: 458 | I16: 577
B17: M. I. L’voviè | C17: 1974 | D17: 113.5 | E17: 72.5 | F17: 41 | G17: 452.6 | H17: 411.6 | I17: 525.1
B18: A. Baumgartner u. E. Reichel | C18: 1975 | D18: 111.1 | E18: 71.4 | F18: 39.7 | G18: 424.7 | H18: 385 | I18: 496.1
B19: R. K. Klige u. a. (updated) | C19: 1998 | D19: 119.83 | E19: 69.91 | F19: 50.53 | G19: 507.15 | H19: 457.23 | I19: 577.06
B20: M. T. Chahine | C20: 1992 | D20: 107 | E20: 71 | F20: 36 | G20: 434 | H20: 398 | I20: 505
B21: I. A. Shiklomanov | C21: 1998 | D21: 119 | E21: 74 | F21: 45 | G21: 503 | H21: 458 | I21: 577
B22: T. Oki | C22: 1999 | D22: 115 | E22: 75 | F22: 40 | G22: 431 | H22: 391 | I22: 506
B23: K. E. Trenberth et al | C23: 2006 | D23: 113 | E23: 73 | F23: 40 | G23: 413 | H23: 373 | I23: 486
B24: Average | D24: =AVERAGE(D15:D23) -> 113.82556 | E24: =AVERAGE(E15:E23) -> 71.09 | F24: =AVERAGE(F15:F23) -> 42.803333 | G24: =AVERAGE(G15:G23) -> 457.71667 | H24: =AVERAGE(H15:H23) -> 414.98111 | I24: =AVERAGE(I15:I23) -> 528.80667 | J24: =D24+H24 -> 528.80667 | K24: =E24+G24 -> 528.80667 | L24: =D6+D5 -> 526 | M24: =G24+E24 -> 528.80667 | N24: =(L24-M24)/L24 -> -0.0053358682
B25: Standard deviation | D25: =_xlfn.STDEV.P(D15:D23) -> 4.6233108 | E25: =_xlfn.STDEV.P(E15:E23) -> 3.8517702 | F25: =_xlfn.STDEV.P(F15:F23) -> 4.3107463 | G25: =_xlfn.STDEV.P(G15:G23) -> 35.273613 | H25: =_xlfn.STDEV.P(H15:H23) -> 31.912954 | I25: =_xlfn.STDEV.P(I15:I23) -> 35.480898
B26: Maximum | D26: =MAX(D15:D23) -> 119.83 | E26: =MAX(E15:E23) -> 75 | F26: =MAX(F15:F23) -> 50.53 | G26: =MAX(G15:G23) -> 507.15 | H26: =MAX(H15:H23) -> 458 | I26: =MAX(I15:I23) -> 577.06
B27: Minimum | D27: =MIN(D15:D23) -> 107 | E27: =MIN(E15:E23) -> 61 | F27: =MIN(F15:F23) -> 36 | G27: =MIN(G15:G23) -> 413 | H27: =MIN(H15:H23) -> 373 | I27: =MIN(I15:I23) -> 486
B28: % difference between average and Emcf data | D28: =(D5-D24)/D5 -> -0.0073058014 | F28: =(D7-F24)/D7 -> -0.072765246 | H28: =(D6-H24)/D6 -> -0.0047968792
H29: .
B30: This Study assuming hydrological balance | D30: 113 | E30: =D30-F30 -> 73.1 | F30: 39.9 | G30: =H30+F30 -> 452.9 | H30: 413

Sheet Singular Minerals
A2: * See Section 7.1 in the companion report (The Unit Emergy Value (UEV) Library for Characterizing Environmental Support in Life Cycle Assessment) for the background information and underlying methods | K2: Average molar mass of crust: | L2: 155.2 | M2: g/mol | N2: (Valero et al., 2012)
K3: Crust mass: | L3: =crust_mass -> 2.17e+25 | M3: g/mol
K4: Average crust specific emergy: | L4: =ave_crust_specific_emergy -> 1.3824885e+09 | M4: sej/g | R4: Fraction of Crust represented by minable concentrations: | S4: =SUMIF(O12:O327,">0",H12:H327) -> 0.68957504
K5: Total Gibbs free exergy: | L5: =-1000*SUMPRODUCT(F12:F327,I12:I327) -> 11660.3 | M5: J/g | R5: Total crustal concentration exergy: | S5: =SUMPRODUCT(Q12:Q327,G12:G327)/S4 -> 25.024696 | T5: J/g
K6: Average Gibbs crustal transformity: | L6: =L4/L5 -> 118563.71 | M6: sej/J | R6: Average concentration exergy crustal transformity: | S6: =ave_crust_specific_emergy/S5 -> 55244967 | T6: sej/J
C7: *** DO NOT sort this list - the linked ECFs depend on this arragnement. Any sorting must be undone. They are not currently perfectly alphebetized.
C8: Table 1. EmCFs for singular minerals
C9: 1 | D9: =C9+1 -> 2 | E9: =D9+1 -> 3 | F9: =E9+1 -> 4 | G9: =F9+1 -> 5 | H9: =G9+1 -> 6 | I9: =H9+1 -> 7 | J9: =I9+1 -> 8 | K9: =J9+1 -> 9 | ... T9: =S9+1 -> 18
B10: =MAX(B12:B327) -> 1316 | F10: @ ave abundance | O10: @ mine abundance
B11: ID | C11: Mineral | D11: Formula | E11: Molar mass of mineral (gmineral/molmineral) | F11: Molar Conc. (molmineral/gcrust) | G11: Mineral concentration gmineral/gcrust | H11: Molar fraction (molmineral/molcrust) | I11: Gibbs Formation Exergymineral (kJ/molmineral) | J11: Mineral Chemical Exergymineral (bch) (kJ/molmineral) | K11: Gibbs Formation Exergymineral (J/gmineral) | L11: Chemical Specific Emergy (sej/gmineral) | M11: Element | N11: % element | O11: Mine Concentration (gmineral/gcrust) | P11: Molar fraction (molmineral_mine / molcrust) | Q11: Concentration exergy (J/gmineral) | R11: Total Concentration Exergy (J/yr) | S11: Concentration Specific Emergy (sej/gmineral) | T11: Mineral Specific Emergy (sej/gmineral) | U11: Element Specific Emergy (sej/gmineral)
B12: 1001 | C12: Acanthite | D12: Ag2S | E12: 247.8019 | F12: 2.74e-11 | G12: =F12*E12 -> 6.7897721e-09 | H12: =F12*$L$2 -> 4.25248e-09 | I12: -40.3 | J12: 706.05 | K12: =-I12*1000/E12 -> 162.62991 | L12: =IF(ISNUMBER(K12),$L$6*K12,0) -> 19282005 | P12: =IF(ISNUMBER(O12),(O12/E12)/(1/$L$2),"") | Q12: =IF(ISNUMBER(O12),standard_temperature*gas_constant*LN(P12/H12)/E12,"") | R12: =IF(ISNUMBER(Q12),Q12*$G12*crust_mass/crust_age,"") | S12: =IF(ISNUMBER(O12),$S$6*Q12,"") | T12: =MAX(L12,S12) -> 19282005 | U12: =IF(ISNUMBER(N12),T12/N12,"")
B13: 1002 | C13: Actinolite | D13: Ca2Mg3Fe2Si8O22(OH)2 | E13: 875.45 | F13: 2.82e-06 | G13: =F13*E13 -> 0.002468769 | H13: =F13*$L$2 -> 0.000437664 | I13: -10801.5 | J13: 616.52 | K13: =-I13*1000/E13 -> 12338.226 | L13: =IF(ISNUMBER(K13),$L$6*K13,0) -> 1.4628659e+09 | P13: =IF(ISNUMBER(O13),(O13/E13)/(1/$L$2),"") | Q13: =IF(ISNUMBER(O13),standard_temperature*gas_constant*LN(P13/H13)/E13,"") | R13: =IF(ISNUMBER(Q13),Q13*$G13*crust_mass/crust_age,"") | S13: =IF(ISNUMBER(O13),$S$6*Q13,"") | T13: =MAX(L13,S13) -> 1.4628659e+09 | U13: =IF(ISNUMBER(N13),T13/N13,"")
B14: 1003 | C14: Aegirine | D14: NaFe3+Si2O6 | E14: 231 | F14: 1.32e-05 | G14: =F14*E14 -> 0.0030492 | H14: =F14*$L$2 -> 0.00204864 | I14: -2417.2 | J14: 16.61 | K14: =-I14*1000/E14 -> 10464.069 | L14: =IF(ISNUMBER(K14),$L$6*K14,0) -> 1.2406589e+09 | P14: =IF(ISNUMBER(O14),(O14/E14)/(1/$L$2),"") | Q14: =IF(ISNUMBER(O14),standard_temperature*gas_constant*LN(P14/H14)/E14,"") | R14: =IF(ISNUMBER(Q14),Q14*$G14*crust_mass/crust_age,"") | S14: =IF(ISNUMBER(O14),$S$6*Q14,"") | T14: =MAX(L14,S14) -> 1.2406589e+09 | U14: =IF(ISNUMBER(N14),T14/N14,"")
B15: 1004 | C15: Aenigmatite | D15: Na2Fe2+5TiSi6O20 | E15: 861.57 | F15: 3.16e-09 | G15: =F15*E15 -> 2.7225612e-06 | H15: =F15*$L$2 -> 4.90432e-07 | I15: -7660.9 | J15: 444.94 | K15: =-I15*1000/E15 -> 8891.7906 | L15: =IF(ISNUMBER(K15),$L$6*K15,0) -> 1.0542437e+09 | P15: =IF(ISNUMBER(O15),(O15/E15)/(1/$L$2),"") | Q15: =IF(ISNUMBER(O15),standard_temperature*gas_constant*LN(P15/H15)/E15,"") | R15: =IF(ISNUMBER(Q15),Q15*$G15*crust_mass/crust_age,"") | S15: =IF(ISNUMBER(O15),$S$6*Q15,"") | T15: =MAX(L15,S15) -> 1.0542437e+09 | U15: =IF(ISNUMBER(N15),T15/N15,"")
B16: 1005 | C16: Albite | D16: NaAlSi3O8 | E16: 262.2233 | F16: 0.000514 | G16: =F16*E16 -> 0.13478278 | H16: =F16*$L$2 -> 0.0797728 | I16: -3704.5 | J16: 6.51 | K16: =-I16*1000/E16 -> 14127.272 | L16: =IF(ISNUMBER(K16),$L$6*K16,0) -> 1.6749818e+09 | P16: =IF(ISNUMBER(O16),(O16/E16)/(1/$L$2),"") | Q16: =IF(ISNUMBER(O16),standard_temperature*gas_constant*LN(P16/H16)/E16,"") | R16: =IF(ISNUMBER(Q16),Q16*$G16*crust_mass/crust_age,"") | S16: =IF(ISNUMBER(O16),$S$6*Q16,"") | T16: =MAX(L16,S16) -> 1.6749818e+09 | U16: =IF(ISNUMBER(N16),T16/N16,"")
B17: 1006 | C17: Almandine | D17: Fe2+3Al2(SiO4)3 | E17: 497.75 | F17: 2.09e-05 | G17: =F17*E17 -> 0.010402975 | H17: =F17*$L$2 -> 0.00324368 | I17: -4969.8 | J17: 336.21 | K17: =-I17*1000/E17 -> 9984.5304 | L17: =IF(ISNUMBER(K17),$L$6*K17,0) -> 1.183803e+09 | P17: =IF(ISNUMBER(O17),(O17/E17)/(1/$L$2),"") | Q17: =IF(ISNUMBER(O17),standard_temperature*gas_constant*LN(P17/H17)/E17,"") | R17: =IF(ISNUMBER(Q17),Q17*$G17*crust_mass/crust_age,"") | S17: =IF(ISNUMBER(O17),$S$6*Q17,"") | T17: =MAX(L17,S17) -> 1.183803e+09 | U17: =IF(ISNUMBER(N17),T17/N17,"")
B18: 1007 | C18: Alunite | D18: KAl3(SO4)2(OH)6 | E18: 414.21 | F18: 2.2e-13 | G18: =F18*E18 -> 9.11262e-11 | H18: =F18*$L$2 -> 3.4144e-11 | I18: -4652.2 | J18: =AVERAGE(52.02,42.73) -> 47.375 | K18: =-I18*1000/E18 -> 11231.501 | L18: =IF(ISNUMBER(K18),$L$6*K18,0) -> 1.3316484e+09 | P18: =IF(ISNUMBER(O18),(O18/E18)/(1/$L$2),"") | Q18: =IF(ISNUMBER(O18),standard_temperature*gas_constant*LN(P18/H18)/E18,"") | R18: =IF(ISNUMBER(Q18),Q18*$G18*crust_mass/crust_age,"") | S18: =IF(ISNUMBER(O18),$S$6*Q18,"") | T18: =MAX(L18,S18) -> 1.3316484e+09 | U18: =IF(ISNUMBER(N18),T18/N18,"")
B19: 1008 | C19: Amblygonite | D19: Li0:75Na0:25Al(PO4)F0:75(OH)0:25 | E19: 151.41 | F19: 1.29e-07 | G19: =F19*E19 -> 1.953189e-05 | H19: =F19*$L$2 -> 2.00208e-05 | I19: -282.7 | J19: 1958.81 | K19: =-I19*1000/E19 -> 1867.1158 | L19: =IF(ISNUMBER(K19),$L$6*K19,0) -> 2.2137217e+08 | P19: =IF(ISNUMBER(O19),(O19/E19)/(1/$L$2),"") | Q19: =IF(ISNUMBER(O19),standard_temperature*gas_constant*LN(P19/H19)/E19,"") | R19: =IF(ISNUMBER(Q19),Q19*$G19*crust_mass/crust_age,"") | S19: =IF(ISNUMBER(O19),$S$6*Q19,"") | T19: =MAX(L19,S19) -> 2.2137217e+08 | U19: =IF(ISNUMBER(N19),T19/N19,"")
B20: 1009 | C20: Analcime | D20: NaAlSi2O6 (H2O) | E20: 220.15 | F20: 1.01e-06 | G20: =F20*E20 -> 0.0002223515 | H20: =F20*$L$2 -> 0.000156752 | I20: -3088.5 | J20: =AVERAGE(0.47,258.91,16.22) -> 91.866667 | K20: =-I20*1000/E20 -> 14029.071 | L20: =IF(ISNUMBER(K20),$L$6*K20,0) -> 1.6633387e+09 | P20: =IF(ISNUMBER(O20),(O20/E20)/(1/$L$2),"") | Q20: =IF(ISNUMBER(O20),standard_temperature*gas_constant*LN(P20/H20)/E20,"") | R20: =IF(ISNUMBER(Q20),Q20*$G20*crust_mass/crust_age,"") | S20: =IF(ISNUMBER(O20),$S$6*Q20,"") | T20: =MAX(L20,S20) -> 1.6633387e+09 | U20: =IF(ISNUMBER(N20),T20/N20,"")
B21: 1010 | C21: Anatase | D21: TiO2 | E21: 79.87 | F21: 5.59e-07 | G21: =F21*E21 -> 4.464733e-05 | H21: =F21*$L$2 -> 8.67568e-05 | I21: -883.7 | J21: =AVERAGE(25.53,26.79) -> 26.16 | K21: =-I21*1000/E21 -> 11064.229 | L21: =IF(ISNUMBER(K21),$L$6*K21,0) -> 1.3118161e+09 | P21: =IF(ISNUMBER(O21),(O21/E21)/(1/$L$2),"") | Q21: =IF(ISNUMBER(O21),standard_temperature*gas_constant*LN(P21/H21)/E21,"") | R21: =IF(ISNUMBER(Q21),Q21*$G21*crust_mass/crust_age,"") | S21: =IF(ISNUMBER(O21),$S$6*Q21,"") | T21: =MAX(L21,S21) -> 1.3118161e+09 | U21: =IF(ISNUMBER(N21),T21/N21,"")
B22: 1011 | C22: Andalusite | D22: Al2SiO5 | E22: 162.05 | F22: 1.25e-05 | G22: =F22*E22 -> 0.002025625 | H22: =F22*$L$2 -> 0.00194 | I22: -2443 | J22: =AVERAGE(10.09,13.22) -> 11.655 | K22: =-I22*1000/E22 -> 15075.594 | L22: =IF(ISNUMBER(K22),$L$6*K22,0) -> 1.7874184e+09 | P22: =IF(ISNUMBER(O22),(O22/E22)/(1/$L$2),"") | Q22: =IF(ISNUMBER(O22),standard_temperature*gas_constant*LN(P22/H22)/E22,"") | R22: =IF(ISNUMBER(Q22),Q22*$G22*crust_mass/crust_age,"") | S22: =IF(ISNUMBER(O22),$S$6*Q22,"") | T22: =MAX(L22,S22) -> 1.7874184e+09 | U22: =IF(ISNUMBER(N22),T22/N22,"")
B23: 1012 | C23: Andesine | D23: Na0:6Ca0:4Al1:4Si2:608 | E23: 268.62 | F23: 0.000203 | G23: =F23*E23 -> 0.05452986 | H23: =F23*$L$2 -> 0.0315056 | I23: -763.7 | J23: 24.8 | K23: =-I23*1000/E23 -> 2843.0497 | L23: =IF(ISNUMBER(K23),$L$6*K23,0) -> 3.3708252e+08 | P23: =IF(ISNUMBER(O23),(O23/E23)/(1/$L$2),"") | Q23: =IF(ISNUMBER(O23),standard_temperature*gas_constant*LN(P23/H23)/E23,"") | R23: =IF(ISNUMBER(Q23),Q23*$G23*crust_mass/crust_age,"") | S23: =IF(ISNUMBER(O23),$S$6*Q23,"") | T23: =MAX(L23,S23) -> 3.3708252e+08 | U23: =IF(ISNUMBER(N23),T23/N23,"")
B24: 1013 | C24: Andradite | D24: Ca3Fe2+2(SiO4)3 | E24: 508.18 | F24: 1.96e-08 | G24: =F24*E24 -> 9.960328e-06 | H24: =F24*$L$2 -> 3.04192e-06 | I24: -5419.4 | J24: 114.91 | K24: =-I24*1000/E24 -> 10664.332 | L24: =IF(ISNUMBER(K24),$L$6*K24,0) -> 1.2644027e+09 | P24: =IF(ISNUMBER(O24),(O24/E24)/(1/$L$2),"") | Q24: =IF(ISNUMBER(O24),standard_temperature*gas_constant*LN(P24/H24)/E24,"") | R24: =IF(ISNUMBER(Q24),Q24*$G24*crust_mass/crust_age,"") | S24: =IF(ISNUMBER(O24),$S$6*Q24,"") | T24: =MAX(L24,S24) -> 1.2644027e+09 | U24: =IF(ISNUMBER(N24),T24/N24,"")
B25: 1014 | C25: Anglesite | D25: PbSO4 | E25: 303.26 | F25: 3.82e-10 | G25: =F25*E25 -> 1.1584532e-07 | H25: =F25*$L$2 -> 5.92864e-08 | I25: -784.5 | J25: 33.55 | K25: =-I25*1000/E25 -> 2586.8891 | L25: =IF(ISNUMBER(K25),$L$6*K25,0) -> 3.0671117e+08 | P25: =IF(ISNUMBER(O25),(O25/E25)/(1/$L$2),"") | Q25: =IF(ISNUMBER(O25),standard_temperature*gas_constant*LN(P25/H25)/E25,"") | R25: =IF(ISNUMBER(Q25),Q25*$G25*crust_mass/crust_age,"") | S25: =IF(ISNUMBER(O25),$S$6*Q25,"") | T25: =MAX(L25,S25) -> 3.0671117e+08 | U25: =IF(ISNUMBER(N25),T25/N25,"")
B26: 1015 | C26: Anhydrite | D26: CaSO4 | E26: 136.14 | F26: 1.73e-06 | G26: =F26*E26 -> 0.0002355222 | H26: =F26*$L$2 -> 0.000268496 | I26: -1322.7 | J26: 23.65 | K26: =-I26*1000/E26 -> 9715.7338 | L26: =IF(ISNUMBER(K26),$L$6*K26,0) -> 1.1519334e+09 | O26: ='EmCF Library'!Z25 -> 0.7445 | P26: =IF(ISNUMBER(O26),(O26/E26)/(1/$L$2),"") -> 0.84873219 | Q26: =IF(ISNUMBER(O26),standard_temperature*gas_constant*LN(P26/H26)/E26,"") -> 146.73107 | R26: =IF(ISNUMBER(Q26),Q26*$G26*crust_mass/crust_age,"") -> 2.9996712e+14 | S26: =IF(ISNUMBER(O26),$S$6*Q26,"") -> 8.106153e+09 | T26: =MAX(L26,S26) -> 8.106153e+09 | U26: =IF(ISNUMBER(N26),T26/N26,"")
B27: 1016 | C27: Ankerite | D27: CaFe2+0:6Mg0:3Mn2+0:1(CO3)2 | E27: 206.39 | F27: 1.36e-05 | G27: =F27*E27 -> 0.002806904 | H27: =F27*$L$2 -> 0.00211072 | I27: -1923.1 | J27: 105.34 | K27: =-I27*1000/E27 -> 9317.7964 | L27: =IF(ISNUMBER(K27),$L$6*K27,0) -> 1.1047525e+09 | P27: =IF(ISNUMBER(O27),(O27/E27)/(1/$L$2),"") | Q27: =IF(ISNUMBER(O27),standard_temperature*gas_constant*LN(P27/H27)/E27,"") | R27: =IF(ISNUMBER(Q27),Q27*$G27*crust_mass/crust_age,"") | S27: =IF(ISNUMBER(O27),$S$6*Q27,"") | T27: =MAX(L27,S27) -> 1.1047525e+09 | U27: =IF(ISNUMBER(N27),T27/N27,"")
B28: 1017 | C28: Anorthite | D28: CaAl2Si2O8 | E28: 278.21 | F28: 9.9e-07 | G28: =F28*E28 -> 0.0002754279 | H28: =F28*$L$2 -> 0.000153648 | I28: -4021 | J28: 26.68 | K28: =-I28*1000/E28 -> 14453.111 | L28: =IF(ISNUMBER(K28),$L$6*K28,0) -> 1.7136145e+09 | P28: =IF(ISNUMBER(O28),(O28/E28)/(1/$L$2),"") | Q28: =IF(ISNUMBER(O28),standard_temperature*gas_constant*LN(P28/H28)/E28,"") | R28: =IF(ISNUMBER(Q28),Q28*$G28*crust_mass/crust_age,"") | S28: =IF(ISNUMBER(O28),$S$6*Q28,"") | T28: =MAX(L28,S28) -> 1.7136145e+09 | U28: =IF(ISNUMBER(N28),T28/N28,"")
B29: 1018 | C29: Anthophyllite | D29: Mg7Si8O22(OH)2 | E29: 780.82 | F29: 2.67e-08 | G29: =F29*E29 -> 2.0847894e-05 | H29: =F29*$L$2 -> 4.14384e-06 | I29: -11396 | J29: =AVERAGE(153.29,181.76) -> 167.525 | K29: =-I29*1000/E29 -> 14594.913 | L29: =IF(ISNUMBER(K29),$L$6*K29,0) -> 1.730427e+09 | P29: =IF(ISNUMBER(O29),(O29/E29)/(1/$L$2),"") | Q29: =IF(ISNUMBER(O29),standard_temperature*gas_constant*LN(P29/H29)/E29,"") | R29: =IF(ISNUMBER(Q29),Q29*$G29*crust_mass/crust_age,"") | S29: =IF(ISNUMBER(O29),$S$6*Q29,"") | T29: =MAX(L29,S29) -> 1.730427e+09 | U29: =IF(ISNUMBER(N29),T29/N29,"")
B30: 1019 | C30: Apatite | D30: Ca5(PO4)3(OH)0:33F0:33Cl0:33 | E30: 509.12 | F30: 7.91e-07 | G30: =F30*E30 -> 0.00040271392 | H30: =F30*$L$2 -> 0.0001227632 | I30: -6386.9 | J30: 17.71 | K30: =-I30*1000/E30 -> 12544.98 | L30: =IF(ISNUMBER(K30),$L$6*K30,0) -> 1.4873793e+09 | M30: P | N30: =3*30.97/'Singular Minerals'!E30 -> 0.18249136 | O30: ='EmCF Library'!AA78/N30 -> 0.65756539 | P30: =IF(ISNUMBER(O30),(O30/E30)/(1/$L$2),"") -> 0.20045205 | Q30: =IF(ISNUMBER(O30),standard_temperature*gas_constant*LN(P30/H30)/E30,"") -> 36.019965 | R30: =IF(ISNUMBER(Q30),Q30*$G30*crust_mass/crust_age,"") -> 1.2590984e+14 | S30: =IF(ISNUMBER(O30),$S$6*Q30,"") -> 1.9899218e+09 | T30: =MAX(L30,S30) -> 1.9899218e+09 | U30: =IF(ISNUMBER(N30),T30/N30,"") -> 1.0904197e+10
B31: 1020 | C31: Apatite (for Fluorine, 22% mineral in ground) | D31: Ca5(PO4)3(OH)0:33F0:33Cl0:33 | E31: 509.12 | F31: 7.91e-07 | G31: =F31*E31 -> 0.00040271392 | H31: =F31*$L$2 -> 0.0001227632 | I31: -6386.9 | J31: 17.71 | K31: =-I31*1000/E31 -> 12544.98 | L31: =IF(ISNUMBER(K31),$L$6*K31,0) -> 1.4873793e+09 | M31: F | N31: 0.045 | O31: ='EmCF Library'!AA44/N31 -> 0.22222222 | P31: =IF(ISNUMBER(O31),(O31/E31)/(1/$L$2),"") -> 0.067742161 | Q31: =IF(ISNUMBER(O31),standard_temperature*gas_constant*LN(P31/H31)/E31,"") -> 30.737935 | R31: =IF(ISNUMBER(Q31),Q31*$G31*crust_mass/crust_age,"") -> 1.074462e+14 | S31: =IF(ISNUMBER(O31),$S$6*Q31,"") -> 1.6981162e+09 | T31: =MAX(L31,S31) -> 1.6981162e+09 | U31: =IF(ISNUMBER(N31),T31/N31,"") -> 3.7735915e+10
B32: 1021 | C32: Apatite (for Fluorine, 67% mineral in ground) | D32: Ca5(PO4)3(OH)0:33F0:33Cl0:33 | E32: 509.12 | F32: 7.91e-07 | G32: =F32*E32 -> 0.00040271392 | H32: =F32*$L$2 -> 0.0001227632 | I32: -6386.9 | J32: 17.71 | K32: =-I32*1000/E32 -> 12544.98 | L32: =IF(ISNUMBER(K32),$L$6*K32,0) -> 1.4873793e+09 | M32: F | N32: 0.045 | O32: ='EmCF Library'!AA45/N32 -> 0.66666667 | P32: =IF(ISNUMBER(O32),(O32/E32)/(1/$L$2),"") -> 0.20322648 | Q32: =IF(ISNUMBER(O32),standard_temperature*gas_constant*LN(P32/H32)/E32,"") -> 36.086892 | R32: =IF(ISNUMBER(Q32),Q32*$G32*crust_mass/crust_age,"") -> 1.2614378e+14 | S32: =IF(ISNUMBER(O32),$S$6*Q32,"") -> 1.9936192e+09 | T32: =MAX(L32,S32) -> 1.9936192e+09 | U32: =IF(ISNUMBER(N32),T32/N32,"") -> 4.4302648e+10
B33: 1022 | C33: Apatite (for Phosphorous, 22% mineral in ground) | D33: Ca5(PO4)3(OH)0:33F0:33Cl0:33 | E33: 509.12 | F33: 7.91e-07 | G33: =F33*E33 -> 0.00040271392 | H33: =F33*$L$2 -> 0.0001227632 | I33: -6386.9 | J33: 17.71 | K33: =-I33*1000/E33 -> 12544.98 | L33: =IF(ISNUMBER(K33),$L$6*K33,0) -> 1.4873793e+09 | M33: P | N33: =3*30.97/'Singular Minerals'!E33 -> 0.18249136 | O33: ='EmCF Library'!AA79/N33 -> 0.21918846 | P33: =IF(ISNUMBER(O33),(O33/E33)/(1/$L$2),"") -> 0.06681735 | Q33: =IF(ISNUMBER(O33),standard_temperature*gas_constant*LN(P33/H33)/E33,"") -> 30.671008 | R33: =IF(ISNUMBER(Q33),Q33*$G33*crust_mass/crust_age,"") -> 1.0721225e+14 | S33: =IF(ISNUMBER(O33),$S$6*Q33,"") -> 1.6944188e+09 | T33: =MAX(L33,S33) -> 1.6944188e+09 | U33: =IF(ISNUMBER(N33),T33/N33,"") -> 9.2849264e+09
B34: 1023 | C34: Aragonite | D34: CaCO3 | E34: 100.0875 | F34: 7.64e-07 | G34: =F34*E34 -> 7.646685e-05 | H34: =F34*$L$2 -> 0.0001185728 | I34: -1128.6 | J34: =AVERAGE(19.06,18.43) -> 18.745 | K34: =-I34*1000/E34 -> 11276.133 | L34: =IF(ISNUMBER(K34),$L$6*K34,0) -> 1.3369402e+09 | P34: =IF(ISNUMBER(O34),(O34/E34)/(1/$L$2),"") | Q34: =IF(ISNUMBER(O34),standard_temperature*gas_constant*LN(P34/H34)/E34,"") | R34: =IF(ISNUMBER(Q34),Q34*$G34*crust_mass/crust_age,"") | S34: =IF(ISNUMBER(O34),$S$6*Q34,"") | T34: =MAX(L34,S34) -> 1.3369402e+09 | U34: =IF(ISNUMBER(N34),T34/N34,"")
B35: 1024 | C35: Arfvedsonite | D35: Na3Fe2+4Fe3+(Si8O22)(OH)2 | E35: 958.89 | F35: 1.09e-07 | G35: =F35*E35 -> 0.00010451901 | H35: =F35*$L$2 -> 1.69168e-05 | I35: -11201.5 | J35: -1189.89 | K35: =-I35*1000/E35 -> 11681.736 | L35: =IF(ISNUMBER(K35),$L$6*K35,0) -> 1.38503e+09 | P35: =IF(ISNUMBER(O35),(O35/E35)/(1/$L$2),"") | Q35: =IF(ISNUMBER(O35),standard_temperature*gas_constant*LN(P35/H35)/E35,"") | R35: =IF(ISNUMBER(Q35),Q35*$G35*crust_mass/crust_age,"") | S35: =IF(ISNUMBER(O35),$S$6*Q35,"") | T35: =MAX(L35,S35) -> 1.38503e+09 | U35: =IF(ISNUMBER(N35),T35/N35,"")
B36: 1025 | C36: Argentite | D36: Ag2S | E36: 247.8019 | F36: 4.99e-11 | G36: =F36*E36 -> 1.2365315e-08 | H36: =F36*$L$2 -> 7.74448e-09 | I36: -39.4 | J36: 707.35 | K36: =-I36*1000/E36 -> 158.99797 | L36: =IF(ISNUMBER(K36),$L$6*K36,0) -> 18851390 | P36: =IF(ISNUMBER(O36),(O36/E36)/(1/$L$2),"") | Q36: =IF(ISNUMBER(O36),standard_temperature*gas_constant*LN(P36/H36)/E36,"") | R36: =IF(ISNUMBER(Q36),Q36*$G36*crust_mass/crust_age,"") | S36: =IF(ISNUMBER(O36),$S$6*Q36,"") | T36: =MAX(L36,S36) -> 18851390 | U36: =IF(ISNUMBER(N36),T36/N36,"")
B37: 1026 | C37: Arsenolite | D37: As2O3 | E37: 197.84 | F37: 2.8e-10 | G37: =F37*E37 -> 5.53952e-08 | H37: =F37*$L$2 -> 4.3456e-08 | I37: -579.1 | J37: 414.17 | K37: =-I37*1000/E37 -> 2927.1128 | L37: =IF(ISNUMBER(K37),$L$6*K37,0) -> 3.4704936e+08 | P37: =IF(ISNUMBER(O37),(O37/E37)/(1/$L$2),"") | Q37: =IF(ISNUMBER(O37),standard_temperature*gas_constant*LN(P37/H37)/E37,"") | R37: =IF(ISNUMBER(Q37),Q37*$G37*crust_mass/crust_age,"") | S37: =IF(ISNUMBER(O37),$S$6*Q37,"") | T37: =MAX(L37,S37) -> 3.4704936e+08 | U37: =IF(ISNUMBER(N37),T37/N37,"")
B38: 1027 | C38: Arsenopyrite | D38: FeAsS | E38: 162.8323 | F38: 2.89e-08 | G38: =F38*E38 -> 4.7058535e-06 | H38: =F38*$L$2 -> 4.48528e-06 | I38: -50.2 | J38: 1427.63 | K38: =-I38*1000/E38 -> 308.29264 | L38: =IF(ISNUMBER(K38),$L$6*K38,0) -> 36552319 | P38: =IF(ISNUMBER(O38),(O38/E38)/(1/$L$2),"") | Q38: =IF(ISNUMBER(O38),standard_temperature*gas_constant*LN(P38/H38)/E38,"") | R38: =IF(ISNUMBER(Q38),Q38*$G38*crust_mass/crust_age,"") | S38: =IF(ISNUMBER(O38),$S$6*Q38,"") | T38: =MAX(L38,S38) -> 36552319 | U38: =IF(ISNUMBER(N38),T38/N38,"")
B39: 1028 | C39: Augite | D39: Ca0:9Na0:1Mg0:9Fe2+0:2Al0:4Ti0:1Si1:9O6 | E39: 236.35 | F39: 0.000127 | G39: =F39*E39 -> 0.03001645 | H39: =F39*$L$2 -> 0.0197104 | I39: -3026.8 | J39: -440.02 | K39: =-I39*1000/E39 -> 12806.431 | L39: =IF(ISNUMBER(K39),$L$6*K39,0) -> 1.518378e+09 | P39: =IF(ISNUMBER(O39),(O39/E39)/(1/$L$2),"") | Q39: =IF(ISNUMBER(O39),standard_temperature*gas_constant*LN(P39/H39)/E39,"") | R39: =IF(ISNUMBER(Q39),Q39*$G39*crust_mass/crust_age,"") | S39: =IF(ISNUMBER(O39),$S$6*Q39,"") | T39: =MAX(L39,S39) -> 1.518378e+09 | U39: =IF(ISNUMBER(N39),T39/N39,"")
B40: 1029 | C40: Axinite-Fe | D40: Ca2Fe2+Al2BO3Si4O12(OH) | E40: 570.12 | F40: 1.93e-10 | G40: =F40*E40 -> 1.1003316e-07 | H40: =F40*$L$2 -> 2.99536e-08 | I40: -7180.9 | J40: 445.9 | K40: =-I40*1000/E40 -> 12595.419 | L40: =IF(ISNUMBER(K40),$L$6*K40,0) -> 1.4933596e+09 | P40: =IF(ISNUMBER(O40),(O40/E40)/(1/$L$2),"") | Q40: =IF(ISNUMBER(O40),standard_temperature*gas_constant*LN(P40/H40)/E40,"") | R40: =IF(ISNUMBER(Q40),Q40*$G40*crust_mass/crust_age,"") | S40: =IF(ISNUMBER(O40),$S$6*Q40,"") | T40: =MAX(L40,S40) -> 1.4933596e+09 | U40: =IF(ISNUMBER(N40),T40/N40,"")
B41: 1030 | C41: Azurite | D41: Cu3(CO3)2(OH)2 | E41: 344.67 | F41: 4.38e-09 | G41: =F41*E41 -> 1.5096546e-06 | H41: =F41*$L$2 -> 6.79776e-07 | I41: -1447.5 | J41: 27.73 | K41: =-I41*1000/E41 -> 4199.6692 | L41: =IF(ISNUMBER(K41),$L$6*K41,0) -> 4.9792837e+08 | P41: =IF(ISNUMBER(O41),(O41/E41)/(1/$L$2),"") | Q41: =IF(ISNUMBER(O41),standard_temperature*gas_constant*LN(P41/H41)/E41,"") | R41: =IF(ISNUMBER(Q41),Q41*$G41*crust_mass/crust_age,"") | S41: =IF(ISNUMBER(O41),$S$6*Q41,"") | T41: =MAX(L41,S41) -> 4.9792837e+08 | U41: =IF(ISNUMBER(N41),T41/N41,"")
B42: 1031 | C42: Baddeleyite | D42: ZrO2 | E42: 123.22 | F42: 9.75e-11 | G42: =F42*E42 -> 1.201395e-08 | H42: =F42*$L$2 -> 1.5132e-08 | I42: -1043.3 | J42: =AVERAGE(41.33,44.01) -> 42.67 | K42: =-I42*1000/E42 -> 8466.9696 | L42: =IF(ISNUMBER(K42),$L$6*K42,0) -> 1.0038753e+09 | O42: ='EmCF Library'!Z105 -> 0.0039 | P42: =IF(ISNUMBER(O42),(O42/E42)/(1/$L$2),"") -> 0.0049121896 | Q42: =IF(ISNUMBER(O42),standard_temperature*gas_constant*LN(P42/H42)/E42,"") -> 255.29339 | R42: =IF(ISNUMBER(Q42),Q42*$G42*crust_mass/crust_age,"") -> 2.6622272e+10 | S42: =IF(ISNUMBER(O42),$S$6*Q42,"") -> 1.4103675e+10 | T42: =MAX(L42,S42) -> 1.4103675e+10 | U42: =IF(ISNUMBER(N42),T42/N42,"")
B43: 1032 | C43: Barite | D43: BaSO4 | E43: 233.39 | F43: 3.04e-06 | G43: =F43*E43 -> 0.0007095056 | H43: =F43*$L$2 -> 0.000471808 | I43: -1361.9 | J43: =AVERAGE(28.53,34.39) -> 31.46 | K43: =-I43*1000/E43 -> 5835.2971 | L43: =IF(ISNUMBER(K43),$L$6*K43,0) -> 6.9185448e+08 | M43: Ba | N43: =137/E43 -> 0.5870003 | O43: 0.15 | P43: =IF(ISNUMBER(O43),(O43/E43)/(1/$L$2),"") -> 0.099747204 | Q43: =IF(ISNUMBER(O43),standard_temperature*gas_constant*LN(P43/H43)/E43,"") -> 56.862576 | R43: =IF(ISNUMBER(Q43),Q43*$G43*crust_mass/crust_age,"") -> 3.5018867e+14 | S43: =IF(ISNUMBER(O43),$S$6*Q43,"") -> 3.1413711e+09 | T43: =MAX(L43,S43) -> 3.1413711e+09 | U43: =IF(ISNUMBER(N43),T43/N43,"") -> 5.3515665e+09
B44: 1033 | C44: Bastnaesite | D44: La(CO3)F | E44: 217.91 | F44: 1.16e-07 | G44: =F44*E44 -> 2.527756e-05 | H44: =F44*$L$2 -> 1.80032e-05 | I44: -1527.8 | J44: 105.72 | K44: =-I44*1000/E44 -> 7011.1514 | L44: =IF(ISNUMBER(K44),$L$6*K44,0) -> 8.3126812e+08 | M44: Eu | N44: ='Crust Element Composition'!E38/'Singular Minerals'!E44 -> 0.63744436 | O44: ='EmCF Library'!Z42/N44 -> 0.10981351 | P44: =IF(ISNUMBER(O44),(O44/E44)/(1/$L$2),"") -> 0.078211446 | Q44: =IF(ISNUMBER(O44),standard_temperature*gas_constant*LN(P44/H44)/E44,"") -> 95.287642 | R44: =IF(ISNUMBER(Q44),Q44*$G44*crust_mass/crust_age,"") -> 2.0906987e+13 | S44: =IF(ISNUMBER(O44),$S$6*Q44,"") -> 5.2641626e+09 | T44: =MAX(L44,S44) -> 5.2641626e+09 | U44: =IF(ISNUMBER(N44),T44/N44,"") -> 8.2582307e+09
B45: 1034 | C45: Beidellite | D45: Na0:33Al2:33Si3:67O10(OH)2 | E45: 367.5404 | F45: 1.39e-05 | G45: =F45*E45 -> 0.0051088116 | H45: =F45*$L$2 -> 0.00215728 | I45: -5317.2 | J45: 10.76 | K45: =-I45*1000/E45 -> 14466.981 | L45: =IF(ISNUMBER(K45),$L$6*K45,0) -> 1.7152589e+09 | P45: =IF(ISNUMBER(O45),(O45/E45)/(1/$L$2),"") | Q45: =IF(ISNUMBER(O45),standard_temperature*gas_constant*LN(P45/H45)/E45,"") | R45: =IF(ISNUMBER(Q45),Q45*$G45*crust_mass/crust_age,"") | S45: =IF(ISNUMBER(O45),$S$6*Q45,"") | T45: =MAX(L45,S45) -> 1.7152589e+09 | U45: =IF(ISNUMBER(N45),T45/N45,"")
B46: 1035 | C46: Bertrandite | D46: Be4Si2O7(OH)2 | E46: 238.23 | F46: 3.38e-09 | G46: =F46*E46 -> 8.052174e-07 | H46: =F46*$L$2 -> 5.24576e-07 | I46: -4300.6 | J46: 79.67 | K46: =-I46*1000/E46 -> 18052.302 | L46: =IF(ISNUMBER(K46),$L$6*K46,0) -> 2.140348e+09 | P46: =IF(ISNUMBER(O46),(O46/E46)/(1/$L$2),"") | Q46: =IF(ISNUMBER(O46),standard_temperature*gas_constant*LN(P46/H46)/E46,"") | R46: =IF(ISNUMBER(Q46),Q46*$G46*crust_mass/crust_age,"") | S46: =IF(ISNUMBER(O46),$S$6*Q46,"") | T46: =MAX(L46,S46) -> 2.140348e+09 | U46: =IF(ISNUMBER(N46),T46/N46,"")
B47: 1036 | C47: Beryl | D47: Be3Al2Si6O18 | E47: 537.5 | F47: 5.99e-08 | G47: =F47*E47 -> 3.219625e-05 | H47: =F47*$L$2 -> 9.29648e-06 | I47: -8500.4 | J47: 65.76 | K47: =-I47*1000/E47 -> 15814.698 | L47: =IF(ISNUMBER(K47),$L$6*K47,0) -> 1.8750492e+09 | P47: =IF(ISNUMBER(O47),(O47/E47)/(1/$L$2),"") | Q47: =IF(ISNUMBER(O47),standard_temperature*gas_constant*LN(P47/H47)/E47,"") | R47: =IF(ISNUMBER(Q47),Q47*$G47*crust_mass/crust_age,"") | S47: =IF(ISNUMBER(O47),$S$6*Q47,"") | T47: =MAX(L47,S47) -> 1.8750492e+09 | U47: =IF(ISNUMBER(N47),T47/N47,"")
B48: 1037 | C48: Biotite | D48: K(Mg2:5Fe0:5)(Si3Al)O10(OH)1:75F0:25 | E48: 433.53 | F48: 8.8e-05 | G48: =F48*E48 -> 0.03815064 | H48: =F48*$L$2 -> 0.0136576 | I48: -5706.7 | J48: 74.05 | K48: =-I48*1000/E48 -> 13163.334 | L48: =IF(ISNUMBER(K48),$L$6*K48,0) -> 1.5606937e+09 | P48: =IF(ISNUMBER(O48),(O48/E48)/(1/$L$2),"") | Q48: =IF(ISNUMBER(O48),standard_temperature*gas_constant*LN(P48/H48)/E48,"") | R48: =IF(ISNUMBER(Q48),Q48*$G48*crust_mass/crust_age,"") | S48: =IF(ISNUMBER(O48),$S$6*Q48,"") | T48: =MAX(L48,S48) -> 1.5606937e+09 | U48: =IF(ISNUMBER(N48),T48/N48,"")
B49: 1038 | C49: Bischofite | D49: MgCl26(H2O) | E49: 964.1 | F49: 3.96e-10 | G49: =F49*E49 -> 3.817836e-07 | H49: =F49*$L$2 -> 6.14592e-08 | I49: -2116.4 | J49: 284.51 | K49: =-I49*1000/E49 -> 2195.208 | L49: =IF(ISNUMBER(K49),$L$6*K49,0) -> 2.60272e+08 | P49: =IF(ISNUMBER(O49),(O49/E49)/(1/$L$2),"") | Q49: =IF(ISNUMBER(O49),standard_temperature*gas_constant*LN(P49/H49)/E49,"") | R49: =IF(ISNUMBER(Q49),Q49*$G49*crust_mass/crust_age,"") | S49: =IF(ISNUMBER(O49),$S$6*Q49,"") | T49: =MAX(L49,S49) -> 2.60272e+08 | U49: =IF(ISNUMBER(N49),T49/N49,"")
B50: 1039 | C50: Bismite | D50: Bi2O3 | E50: 465.96 | F50: 9.91e-11 | G50: =F50*E50 -> 4.6176636e-08 | H50: =F50*$L$2 -> 1.538032e-08 | I50: -493.7 | J50: =AVERAGE(61.76,60.92) -> 61.34 | K50: =-I50*1000/E50 -> 1059.533 | L50: =IF(ISNUMBER(K50),$L$6*K50,0) -> 1.2562216e+08 | P50: =IF(ISNUMBER(O50),(O50/E50)/(1/$L$2),"") | Q50: =IF(ISNUMBER(O50),standard_temperature*gas_constant*LN(P50/H50)/E50,"") | R50: =IF(ISNUMBER(Q50),Q50*$G50*crust_mass/crust_age,"") | S50: =IF(ISNUMBER(O50),$S$6*Q50,"") | T50: =MAX(L50,S50) -> 1.2562216e+08 | U50: =IF(ISNUMBER(N50),T50/N50,"")
B51: 1040 | C51: Bismuth | D51: Bi | E51: 208.98 | F51: 1.3e-10 | G51: =F51*E51 -> 2.71674e-08 | H51: =F51*$L$2 -> 2.0176e-08 | I51: 0 | J51: 274.92 | K51: =-I51*1000/E51 -> 0 | L51: =IF(ISNUMBER(K51),$L$6*K51,0) -> 0 | P51: =IF(ISNUMBER(O51),(O51/E51)/(1/$L$2),"") | Q51: =IF(ISNUMBER(O51),standard_temperature*gas_constant*LN(P51/H51)/E51,"") | R51: =IF(ISNUMBER(Q51),Q51*$G51*crust_mass/crust_age,"") | S51: =IF(ISNUMBER(O51),$S$6*Q51,"") | T51: =MAX(L51,S51) -> 0 | U51: =IF(ISNUMBER(N51),T51/N51,"")
B52: 1041 | C52: Bismuthinite | D52: Bi2S3 | E52: 514.16 | F52: 9.91e-11 | G52: =F52*E52 -> 5.0953256e-08 | H52: =F52*$L$2 -> 1.538032e-08 | I52: -140.6 | J52: 2230.31 | K52: =-I52*1000/E52 -> 273.45573 | L52: =IF(ISNUMBER(K52),$L$6*K52,0) -> 32421926 | P52: =IF(ISNUMBER(O52),(O52/E52)/(1/$L$2),"") | Q52: =IF(ISNUMBER(O52),standard_temperature*gas_constant*LN(P52/H52)/E52,"") | R52: =IF(ISNUMBER(Q52),Q52*$G52*crust_mass/crust_age,"") | S52: =IF(ISNUMBER(O52),$S$6*Q52,"") | T52: =MAX(L52,S52) -> 32421926 | U52: =IF(ISNUMBER(N52),T52/N52,"")
B53: 1042 | C53: Bismutite | D53: Bi2(CO3)O2 | E53: 509.97 | F53: 1.19e-10 | G53: =F53*E53 -> 6.068643e-08 | H53: =F53*$L$2 -> 1.84688e-08 | I53: -888.7 | J53: 81.36 | K53: =-I53*1000/E53 -> 1742.6515 | L53: =IF(ISNUMBER(K53),$L$6*K53,0) -> 2.0661523e+08 | P53: =IF(ISNUMBER(O53),(O53/E53)/(1/$L$2),"") | Q53: =IF(ISNUMBER(O53),standard_temperature*gas_constant*LN(P53/H53)/E53,"") | R53: =IF(ISNUMBER(Q53),Q53*$G53*crust_mass/crust_age,"") | S53: =IF(ISNUMBER(O53),$S$6*Q53,"") | T53: =MAX(L53,S53) -> 2.0661523e+08 | U53: =IF(ISNUMBER(N53),T53/N53,"")
B54: 1043 | C54: Blomstrandite | D54: U0:3Ca0:2Nb0:9Ti0:8Al0:1Fe3+0:1Ta0:5O6(OH) | E54: 417.12 | F54: 4.96e-10 | G54: =F54*E54 -> 2.0689152e-07 | H54: =F54*$L$2 -> 7.69792e-08 | I54: -2683.8 | J54: 95.54 | K54: =-I54*1000/E54 -> 6434.1197 | L54: =IF(ISNUMBER(K54),$L$6*K54,0) -> 7.628531e+08 | P54: =IF(ISNUMBER(O54),(O54/E54)/(1/$L$2),"") | Q54: =IF(ISNUMBER(O54),standard_temperature*gas_constant*LN(P54/H54)/E54,"") | R54: =IF(ISNUMBER(Q54),Q54*$G54*crust_mass/crust_age,"") | S54: =IF(ISNUMBER(O54),$S$6*Q54,"") | T54: =MAX(L54,S54) -> 7.628531e+08 | U54: =IF(ISNUMBER(N54),T54/N54,"")
B55: 1044 | C55: Boehmite | D55: AlO(OH) | E55: 59.988 | F55: 9.65e-06 | G55: =F55*E55 -> 0.0005788842 | H55: =F55*$L$2 -> 0.00149768 | I55: -914.1 | J55: =AVERAGE(3.89,3.3) -> 3.595 | K55: =-I55*1000/E55 -> 15238.048 | L55: =IF(ISNUMBER(K55),$L$6*K55,0) -> 1.8066795e+09 | P55: =IF(ISNUMBER(O55),(O55/E55)/(1/$L$2),"") | Q55: =IF(ISNUMBER(O55),standard_temperature*gas_constant*LN(P55/H55)/E55,"") | R55: =IF(ISNUMBER(Q55),Q55*$G55*crust_mass/crust_age,"") | S55: =IF(ISNUMBER(O55),$S$6*Q55,"") | T55: =MAX(L55,S55) -> 1.8066795e+09 | U55: =IF(ISNUMBER(N55),T55/N55,"")
B56: 1045 | C56: Bornite | D56: Cu5FeS4 | E56: 501.8387 | F56: 2.65e-09 | G56: =F56*E56 -> 1.3298726e-06 | H56: =F56*$L$2 -> 4.1128e-07 | I56: -393.1 | J56: 3113.44 | K56: =-I56*1000/E56 -> 783.31942 | L56: =IF(ISNUMBER(K56),$L$6*K56,0) -> 92873257 | P56: =IF(ISNUMBER(O56),(O56/E56)/(1/$L$2),"") | Q56: =IF(ISNUMBER(O56),standard_temperature*gas_constant*LN(P56/H56)/E56,"") | R56: =IF(ISNUMBER(Q56),Q56*$G56*crust_mass/crust_age,"") | S56: =IF(ISNUMBER(O56),$S$6*Q56,"") | T56: =MAX(L56,S56) -> 92873257 | U56: =IF(ISNUMBER(N56),T56/N56,"")
B57: 1046 | C57: Boulangerite | D57: Pb5Sb4S11 | E57: 1887.9 | F57: 2.12e-15 | G57: =F57*E57 -> 4.002348e-12 | H57: =F57*$L$2 -> 3.29024e-13 | I57: -1023.7 | J57: 8567.98 | K57: =-I57*1000/E57 -> 542.2427 | L57: =IF(ISNUMBER(K57),$L$6*K57,0) -> 64290307 | P57: =IF(ISNUMBER(O57),(O57/E57)/(1/$L$2),"") | Q57: =IF(ISNUMBER(O57),standard_temperature*gas_constant*LN(P57/H57)/E57,"") | R57: =IF(ISNUMBER(Q57),Q57*$G57*crust_mass/crust_age,"") | S57: =IF(ISNUMBER(O57),$S$6*Q57,"") | T57: =MAX(L57,S57) -> 64290307 | U57: =IF(ISNUMBER(N57),T57/N57,"")
B58: 1047 | C58: Braunite | D58: Mn2+Mn3+6SiO12 | E58: 604.64 | F58: 4.06e-07 | G58: =F58*E58 -> 0.00024548384 | H58: =F58*$L$2 -> 6.30112e-05 | I58: -3944.7 | J58: 408.16 | K58: =-I58*1000/E58 -> 6524.0474 | L58: =IF(ISNUMBER(K58),$L$6*K58,0) -> 7.7351526e+08 | P58: =IF(ISNUMBER(O58),(O58/E58)/(1/$L$2),"") | Q58: =IF(ISNUMBER(O58),standard_temperature*gas_constant*LN(P58/H58)/E58,"") | R58: =IF(ISNUMBER(Q58),Q58*$G58*crust_mass/crust_age,"") | S58: =IF(ISNUMBER(O58),$S$6*Q58,"") | T58: =MAX(L58,S58) -> 7.7351526e+08 | U58: =IF(ISNUMBER(N58),T58/N58,"")
B59: 1048 | C59: Britholite | D59: Ca2:9Ce0:9Th0:6La0:4Nd0:2Si2:7P0:5O12(OH)0:8F0:2 | E59: 766.678 | F59: 2.18e-10 | G59: =F59*E59 -> 1.671358e-07 | H59: =F59*$L$2 -> 3.38336e-08 | I59: -6666.9 | J59: 673.84 | K59: =-I59*1000/E59 -> 8695.828 | L59: =IF(ISNUMBER(K59),$L$6*K59,0) -> 1.0310096e+09 | P59: =IF(ISNUMBER(O59),(O59/E59)/(1/$L$2),"") | Q59: =IF(ISNUMBER(O59),standard_temperature*gas_constant*LN(P59/H59)/E59,"") | R59: =IF(ISNUMBER(Q59),Q59*$G59*crust_mass/crust_age,"") | S59: =IF(ISNUMBER(O59),$S$6*Q59,"") | T59: =MAX(L59,S59) -> 1.0310096e+09 | U59: =IF(ISNUMBER(N59),T59/N59,"")
B60: 1049 | C60: Bronzite | D60: MgFeSi2O6 | E60: 232.32 | F60: 1.77e-06 | G60: =F60*E60 -> 0.0004112064 | H60: =F60*$L$2 -> 0.000274704 | I60: -2585.3 | J60: 141.16 | K60: =-I60*1000/E60 -> 11128.185 | L60: =IF(ISNUMBER(K60),$L$6*K60,0) -> 1.3193989e+09 | P60: =IF(ISNUMBER(O60),(O60/E60)/(1/$L$2),"") | Q60: =IF(ISNUMBER(O60),standard_temperature*gas_constant*LN(P60/H60)/E60,"") | R60: =IF(ISNUMBER(Q60),Q60*$G60*crust_mass/crust_age,"") | S60: =IF(ISNUMBER(O60),$S$6*Q60,"") | T60: =MAX(L60,S60) -> 1.3193989e+09 | U60: =IF(ISNUMBER(N60),T60/N60,"")
B61: 1050 | C61: Brookite | D61: TiO2 | E61: 79.8658 | F61: 5.27e-09 | G61: =F61*E61 -> 4.2089277e-07 | H61: =F61*$L$2 -> 8.17904e-07 | I61: -821.9 | J61: 88.72 | K61: =-I61*1000/E61 -> 10291.013 | L61: =IF(ISNUMBER(K61),$L$6*K61,0) -> 1.2201407e+09 | P61: =IF(ISNUMBER(O61),(O61/E61)/(1/$L$2),"") | Q61: =IF(ISNUMBER(O61),standard_temperature*gas_constant*LN(P61/H61)/E61,"") | R61: =IF(ISNUMBER(Q61),Q61*$G61*crust_mass/crust_age,"") | S61: =IF(ISNUMBER(O61),$S$6*Q61,"") | T61: =MAX(L61,S61) -> 1.2201407e+09 | U61: =IF(ISNUMBER(N61),T61/N61,"")
B62: 1051 | C62: Brucite | D62: Mg(OH)2 | E62: 58.32 | F62: 2.71e-08 | G62: =F62*E62 -> 1.580472e-06 | H62: =F62*$L$2 -> 4.20592e-06 | I62: -834.8 | J62: =AVERAGE(35.39,34.63,34.59) -> 34.87 | K62: =-I62*1000/E62 -> 14314.129 | L62: =IF(ISNUMBER(K62),$L$6*K62,0) -> 1.6971362e+09 | P62: =IF(ISNUMBER(O62),(O62/E62)/(1/$L$2),"") | Q62: =IF(ISNUMBER(O62),standard_temperature*gas_constant*LN(P62/H62)/E62,"") | R62: =IF(ISNUMBER(Q62),Q62*$G62*crust_mass/crust_age,"") | S62: =IF(ISNUMBER(O62),$S$6*Q62,"") | T62: =MAX(L62,S62) -> 1.6971362e+09 | U62: =IF(ISNUMBER(N62),T62/N62,"")
B63: 1052 | C63: Bytownite | D63: Na0:2Ca0:8Al1:8Si2:2O8 | E63: 275.01 | F63: 9.08e-06 | G63: =F63*E63 -> 0.0024970908 | H63: =F63*$L$2 -> 0.001409216 | I63: -3960.7 | J63: -372.41 | K63: =-I63*1000/E63 -> 14402.022 | L63: =IF(ISNUMBER(K63),$L$6*K63,0) -> 1.7075571e+09 | P63: =IF(ISNUMBER(O63),(O63/E63)/(1/$L$2),"") | Q63: =IF(ISNUMBER(O63),standard_temperature*gas_constant*LN(P63/H63)/E63,"") | R63: =IF(ISNUMBER(Q63),Q63*$G63*crust_mass/crust_age,"") | S63: =IF(ISNUMBER(O63),$S$6*Q63,"") | T63: =MAX(L63,S63) -> 1.7075571e+09 | U63: =IF(ISNUMBER(N63),T63/N63,"")
B64: 1053 | C64: C org | D64: C | E64: 12.01 | F64: 1.84e-05 | G64: =F64*E64 -> 0.000220984 | H64: =F64*$L$2 -> 0.00285568 | I64: 0 | J64: 410.25 | K64: =-I64*1000/E64 -> 0 | L64: =IF(ISNUMBER(K64),$L$6*K64,0) -> 0 | P64: =IF(ISNUMBER(O64),(O64/E64)/(1/$L$2),"") | Q64: =IF(ISNUMBER(O64),standard_temperature*gas_constant*LN(P64/H64)/E64,"") | R64: =IF(ISNUMBER(Q64),Q64*$G64*crust_mass/crust_age,"") | S64: =IF(ISNUMBER(O64),$S$6*Q64,"") | T64: =MAX(L64,S64) -> 0 | U64: =IF(ISNUMBER(N64),T64/N64,"")
B65: 1054 | C65: Calaverite | D65: AuTe2 | E65: 452.1726 | F65: 5.71e-13 | G65: =F65*E65 -> 2.5819055e-10 | H65: =F65*$L$2 -> 8.86192e-11 | I65: -17.4 | J65: 700.69 | K65: =-I65*1000/E65 -> 38.480881 | L65: =IF(ISNUMBER(K65),$L$6*K65,0) -> 4562436 | P65: =IF(ISNUMBER(O65),(O65/E65)/(1/$L$2),"") | Q65: =IF(ISNUMBER(O65),standard_temperature*gas_constant*LN(P65/H65)/E65,"") | R65: =IF(ISNUMBER(Q65),Q65*$G65*crust_mass/crust_age,"") | S65: =IF(ISNUMBER(O65),$S$6*Q65,"") | T65: =MAX(L65,S65) -> 4562436 | U65: =IF(ISNUMBER(N65),T65/N65,"")
B66: 1055 | C66: Calcite | D66: CaCO3 | E66: 100.09 | F66: 8e-05 | G66: =F66*E66 -> 0.0080072 | H66: =F66*$L$2 -> 0.012416 | I66: -1129 | J66: =AVERAGE(18.01,17.59) -> 17.8 | K66: =-I66*1000/E66 -> 11279.848 | L66: =IF(ISNUMBER(K66),$L$6*K66,0) -> 1.3373806e+09 | O66: 0.95 | P66: =IF(ISNUMBER(O66),(O66/E66)/(1/$L$2),"") -> 1.4730742 | Q66: =IF(ISNUMBER(O66),standard_temperature*gas_constant*LN(P66/H66)/E66,"") -> 118.28494 | R66: =IF(ISNUMBER(Q66),Q66*$G66*crust_mass/crust_age,"") -> 8.2210985e+15 | S66: =IF(ISNUMBER(O66),$S$6*Q66,"") -> 6.5346475e+09 | T66: =MAX(L66,S66) -> 6.5346475e+09 | U66: =IF(ISNUMBER(N66),T66/N66,"")
B67: 1056 | C67: Cancrinite | D67: Na6Ca2Al6Si6O24(CO3)2 | E67: 1052.5 | F67: 4.2e-11 | G67: =F67*E67 -> 4.4205e-08 | H67: =F67*$L$2 -> 6.5184e-09 | I67: -14136.3 | J67: 128.01 | K67: =-I67*1000/E67 -> 13431.164 | L67: =IF(ISNUMBER(K67),$L$6*K67,0) -> 1.5924486e+09 | P67: =IF(ISNUMBER(O67),(O67/E67)/(1/$L$2),"") | Q67: =IF(ISNUMBER(O67),standard_temperature*gas_constant*LN(P67/H67)/E67,"") | R67: =IF(ISNUMBER(Q67),Q67*$G67*crust_mass/crust_age,"") | S67: =IF(ISNUMBER(O67),$S$6*Q67,"") | T67: =MAX(L67,S67) -> 1.5924486e+09 | U67: =IF(ISNUMBER(N67),T67/N67,"")
B68: 1057 | C68: Carnallite | D68: KMgCl36(H2O) | E68: 277.85 | F68: 1.45e-09 | G68: =F68*E68 -> 4.028825e-07 | H68: =F68*$L$2 -> 2.2504e-07 | I68: 0 | J68: NA | K68: =-I68*1000/E68 -> 0 | L68: =IF(ISNUMBER(K68),$L$6*K68,0) -> 0 | P68: =IF(ISNUMBER(O68),(O68/E68)/(1/$L$2),"") | Q68: =IF(ISNUMBER(O68),standard_temperature*gas_constant*LN(P68/H68)/E68,"") | R68: =IF(ISNUMBER(Q68),Q68*$G68*crust_mass/crust_age,"") | S68: =IF(ISNUMBER(O68),$S$6*Q68,"") | T68: =MAX(L68,S68) -> 0 | U68: =IF(ISNUMBER(N68),T68/N68,"")
B69: 1058 | C69: Carnotite | D69: K2(UO2)2(VO4)23H2O | E69: 902.18 | F69: 2.8e-09 | G69: =F69*E69 -> 2.526104e-06 | H69: =F69*$L$2 -> 4.3456e-07 | I69: -4585.5 | J69: 721.28 | K69: =-I69*1000/E69 -> 5082.6886 | L69: =IF(ISNUMBER(K69),$L$6*K69,0) -> 6.0262242e+08 | P69: =IF(ISNUMBER(O69),(O69/E69)/(1/$L$2),"") | Q69: =IF(ISNUMBER(O69),standard_temperature*gas_constant*LN(P69/H69)/E69,"") | R69: =IF(ISNUMBER(Q69),Q69*$G69*crust_mass/crust_age,"") | S69: =IF(ISNUMBER(O69),$S$6*Q69,"") | T69: =MAX(L69,S69) -> 6.0262242e+08 | U69: =IF(ISNUMBER(N69),T69/N69,"")
B70: 1059 | C70: Cassiterite | D70: SnO2 | E70: 150.7088 | F70: 1.73e-08 | G70: =F70*E70 -> 2.6072622e-06 | H70: =F70*$L$2 -> 2.68496e-06 | I70: -519.6 | J70: 42.64 | K70: =-I70*1000/E70 -> 3447.7084 | L70: =IF(ISNUMBER(K70),$L$6*K70,0) -> 4.087731e+08 | M70: Sn | N70: =(E70-32)/E70 -> 0.78767 | O70: ='EmCF Library'!AA98/N70 -> 0.0012695672 | P70: =IF(ISNUMBER(O70),(O70/E70)/(1/$L$2),"") -> 0.001307401 | Q70: =IF(ISNUMBER(O70),standard_temperature*gas_constant*LN(P70/H70)/E70,"") -> 101.78076 | R70: =IF(ISNUMBER(Q70),Q70*$G70*crust_mass/crust_age,"") -> 2.3034041e+12 | S70: =IF(ISNUMBER(O70),$S$6*Q70,"") -> 5.6228747e+09 | T70: =MAX(L70,S70) -> 5.6228747e+09 | U70: =IF(ISNUMBER(N70),T70/N70,"") -> 7.1386174e+09
B71: 1060 | C71: Celestine | D71: SrSO4 | E71: 183.68 | F71: 3.65e-06 | G71: =F71*E71 -> 0.000670432 | H71: =F71*$L$2 -> 0.00056648 | I71: -1341.6 | J71: 46.98 | K71: =-I71*1000/E71 -> 7304.007 | L71: =IF(ISNUMBER(K71),$L$6*K71,0) -> 8.6599017e+08 | P71: =IF(ISNUMBER(O71),(O71/E71)/(1/$L$2),"") | Q71: =IF(ISNUMBER(O71),standard_temperature*gas_constant*LN(P71/H71)/E71,"") | R71: =IF(ISNUMBER(Q71),Q71*$G71*crust_mass/crust_age,"") | S71: =IF(ISNUMBER(O71),$S$6*Q71,"") | T71: =MAX(L71,S71) -> 8.6599017e+08 | U71: =IF(ISNUMBER(N71),T71/N71,"")
B72: 1061 | C72: Cerussite | D72: PbCO3 | E72: 267.21 | F72: 8.27e-10 | G72: =F72*E72 -> 2.2098267e-07 | H72: =F72*$L$2 -> 1.283504e-07 | I72: -627.5 | J72: =AVERAGE(22.69,21.02) -> 21.855 | K72: =-I72*1000/E72 -> 2348.3403 | L72: =IF(ISNUMBER(K72),$L$6*K72,0) -> 2.7842793e+08 | P72: =IF(ISNUMBER(O72),(O72/E72)/(1/$L$2),"") | Q72: =IF(ISNUMBER(O72),standard_temperature*gas_constant*LN(P72/H72)/E72,"") | R72: =IF(ISNUMBER(Q72),Q72*$G72*crust_mass/crust_age,"") | S72: =IF(ISNUMBER(O72),$S$6*Q72,"") | T72: =MAX(L72,S72) -> 2.7842793e+08 | U72: =IF(ISNUMBER(N72),T72/N72,"")
B73: 1062 | C73: Chalcocite | D73: Cu2S | E73: 159.1581 | F73: 6.83e-10 | G73: =F73*E73 -> 1.0870498e-07 | H73: =F73*$L$2 -> 1.060016e-07 | I73: -86.2 | J73: 789.3 | K73: =-I73*1000/E73 -> 541.59983 | L73: =IF(ISNUMBER(K73),$L$6*K73,0) -> 64214085 | P73: =IF(ISNUMBER(O73),(O73/E73)/(1/$L$2),"") | Q73: =IF(ISNUMBER(O73),standard_temperature*gas_constant*LN(P73/H73)/E73,"") | R73: =IF(ISNUMBER(Q73),Q73*$G73*crust_mass/crust_age,"") | S73: =IF(ISNUMBER(O73),$S$6*Q73,"") | T73: =MAX(L73,S73) -> 64214085 | U73: =IF(ISNUMBER(N73),T73/N73,"")
B74: 1063 | C74: Chalcopyrite | D74: CuFeS2 | E74: 183.5225 | F74: 3.62e-07 | G74: =F74*E74 -> 6.6435145e-05 | H74: =F74*$L$2 -> 5.61824e-05 | I74: -195.1 | J74: 1534.4 | K74: =-I74*1000/E74 -> 1063.0849 | L74: =IF(ISNUMBER(K74),$L$6*K74,0) -> 1.2604329e+08 | M74: Cu | N74: =63.546/E74 -> 0.34625727 | O74: ='EmCF Library'!AA37/N74 -> 0.028591457 | P74: =IF(ISNUMBER(O74),(O74/E74)/(1/$L$2),"") -> 0.02417902 | Q74: =IF(ISNUMBER(O74),standard_temperature*gas_constant*LN(P74/H74)/E74,"") -> 81.914415 | R74: =IF(ISNUMBER(Q74),Q74*$G74*crust_mass/crust_age,"") -> 4.7236525e+13 | S74: =IF(ISNUMBER(O74),$S$6*Q74,"") -> 4.5253591e+09 | T74: =MAX(L74,S74) -> 4.5253591e+09 | U74: =IF(ISNUMBER(N74),T74/N74,"") -> 1.3069355e+10
B75: 1064 | C75: Chalcopyrite (3.4% mineral in ground) | D75: CuFeS2 | E75: 183.5225 | F75: 3.62e-07 | G75: =F75*E75 -> 6.6435145e-05 | H75: =F75*$L$2 -> 5.61824e-05 | I75: -195.1 | J75: 1534.4 | K75: =-I75*1000/E75 -> 1063.0849 | L75: =IF(ISNUMBER(K75),$L$6*K75,0) -> 1.2604329e+08 | M75: Cu | N75: =63.546/E75 -> 0.34625727 | O75: ='EmCF Library'!AA38/N75 -> 0.034078707 | P75: =IF(ISNUMBER(O75),(O75/E75)/(1/$L$2),"") -> 0.028819438 | Q75: =IF(ISNUMBER(O75),standard_temperature*gas_constant*LN(P75/H75)/E75,"") -> 84.28575 | R75: =IF(ISNUMBER(Q75),Q75*$G75*crust_mass/crust_age,"") -> 4.8603972e+13 | S75: =IF(ISNUMBER(O75),$S$6*Q75,"") -> 4.6563634e+09 | T75: =MAX(L75,S75) -> 4.6563634e+09 | U75: =IF(ISNUMBER(N75),T75/N75,"") -> 1.3447699e+10
B76: 1065 | C76: Chalcopyrite (4.1% mineral in ground) | D76: CuFeS2 | E76: 183.5225 | F76: 3.62e-07 | G76: =F76*E76 -> 6.6435145e-05 | H76: =F76*$L$2 -> 5.61824e-05 | I76: -195.1 | J76: 1534.4 | K76: =-I76*1000/E76 -> 1063.0849 | L76: =IF(ISNUMBER(K76),$L$6*K76,0) -> 1.2604329e+08 | M76: Cu | N76: =63.546/E76 -> 0.34625727 | O76: ='EmCF Library'!AA39/N76 -> 0.041009969 | P76: =IF(ISNUMBER(O76),(O76/E76)/(1/$L$2),"") -> 0.034681018 | Q76: =IF(ISNUMBER(O76),standard_temperature*gas_constant*LN(P76/H76)/E76,"") -> 86.786449 | R76: =IF(ISNUMBER(Q76),Q76*$G76*crust_mass/crust_age,"") -> 5.0046018e+13 | S76: =IF(ISNUMBER(O76),$S$6*Q76,"") -> 4.7945145e+09 | T76: =MAX(L76,S76) -> 4.7945145e+09 | U76: =IF(ISNUMBER(N76),T76/N76,"") -> 1.3846682e+10
B77: 1066 | C77: Chalcopyrite (6.3% mineral in ground) | D77: CuFeS2 | E77: 183.5225 | F77: 3.62e-07 | G77: =F77*E77 -> 6.6435145e-05 | H77: =F77*$L$2 -> 5.61824e-05 | I77: -195.1 | J77: 1534.4 | K77: =-I77*1000/E77 -> 1063.0849 | L77: =IF(ISNUMBER(K77),$L$6*K77,0) -> 1.2604329e+08 | M77: Cu | N77: =63.546/E77 -> 0.34625727 | O77: ='EmCF Library'!AA40/N77 -> 0.063247769 | P77: =IF(ISNUMBER(O77),(O77/E77)/(1/$L$2),"") -> 0.053486923 | Q77: =IF(ISNUMBER(O77),standard_temperature*gas_constant*LN(P77/H77)/E77,"") -> 92.638239 | R77: =IF(ISNUMBER(Q77),Q77*$G77*crust_mass/crust_age,"") -> 5.3420494e+13 | S77: =IF(ISNUMBER(O77),$S$6*Q77,"") -> 5.1177964e+09 | T77: =MAX(L77,S77) -> 5.1177964e+09 | U77: =IF(ISNUMBER(N77),T77/N77,"") -> 1.4780329e+10
B78: 1067 | C78: Chevkinite | D78: Ce1:7La1:4Ca0:8Th0:1Fe2+1:8Mg0:5Ti2:5Fe3+0:5Si4O22 | E78: 1212.563 | F78: 2.76e-11 | G78: =F78*E78 -> 3.3466739e-08 | H78: =F78*$L$2 -> 4.28352e-09 | I78: -9894.5 | J78: 1019.01 | K78: =-I78*1000/E78 -> 8159.9884 | L78: =IF(ISNUMBER(K78),$L$6*K78,0) -> 9.674785e+08 | P78: =IF(ISNUMBER(O78),(O78/E78)/(1/$L$2),"") | Q78: =IF(ISNUMBER(O78),standard_temperature*gas_constant*LN(P78/H78)/E78,"") | R78: =IF(ISNUMBER(Q78),Q78*$G78*crust_mass/crust_age,"") | S78: =IF(ISNUMBER(O78),$S$6*Q78,"") | T78: =MAX(L78,S78) -> 9.674785e+08 | U78: =IF(ISNUMBER(N78),T78/N78,"")
B79: 1068 | C79: Chlorargirite | D79: AgCl | E79: 143.32 | F79: 5.47e-12 | G79: =F79*E79 -> 7.839604e-10 | H79: =F79*$L$2 -> 8.48944e-10 | I79: -109.9 | J79: 21.96 | K79: =-I79*1000/E79 -> 766.81552 | L79: =IF(ISNUMBER(K79),$L$6*K79,0) -> 90916493 | P79: =IF(ISNUMBER(O79),(O79/E79)/(1/$L$2),"") | Q79: =IF(ISNUMBER(O79),standard_temperature*gas_constant*LN(P79/H79)/E79,"") | R79: =IF(ISNUMBER(Q79),Q79*$G79*crust_mass/crust_age,"") | S79: =IF(ISNUMBER(O79),$S$6*Q79,"") | T79: =MAX(L79,S79) -> 90916493 | U79: =IF(ISNUMBER(N79),T79/N79,"")
B80: 1069 | C80: Chloritoid | D80: Fe2+1:2Mg0:6Mn2+0.2Al4Si2O10(OH)4 | E80: 484.71 | F80: 6.18e-08 | G80: =F80*E80 -> 2.9955078e-05 | H80: =F80*$L$2 -> 9.59136e-06 | I80: -6152.6 | J80: 101.5 | K80: =-I80*1000/E80 -> 12693.363 | L80: =IF(ISNUMBER(K80),$L$6*K80,0) -> 1.5049722e+09 | P80: =IF(ISNUMBER(O80),(O80/E80)/(1/$L$2),"") | Q80: =IF(ISNUMBER(O80),standard_temperature*gas_constant*LN(P80/H80)/E80,"") | R80: =IF(ISNUMBER(Q80),Q80*$G80*crust_mass/crust_age,"") | S80: =IF(ISNUMBER(O80),$S$6*Q80,"") | T80: =MAX(L80,S80) -> 1.5049722e+09 | U80: =IF(ISNUMBER(N80),T80/N80,"")
B81: 1070 | C81: Chondrodite | D81: Mg3:75Fe2+1:25(SiO4)2F1:5(OH)0:5 | E81: 382.12 | F81: 2.93e-10 | G81: =F81*E81 -> 1.1196116e-07 | H81: =F81*$L$2 -> 4.54736e-08 | I81: -4701.4 | J81: 488.22 | K81: =-I81*1000/E81 -> 12303.465 | L81: =IF(ISNUMBER(K81),$L$6*K81,0) -> 1.4587444e+09 | P81: =IF(ISNUMBER(O81),(O81/E81)/(1/$L$2),"") | Q81: =IF(ISNUMBER(O81),standard_temperature*gas_constant*LN(P81/H81)/E81,"") | R81: =IF(ISNUMBER(Q81),Q81*$G81*crust_mass/crust_age,"") | S81: =IF(ISNUMBER(O81),$S$6*Q81,"") | T81: =MAX(L81,S81) -> 1.4587444e+09 | U81: =IF(ISNUMBER(N81),T81/N81,"")
B82: 1071 | C82: Chromite | D82: Fe2+Cr2O4 | E82: 223.84 | F82: 8.83e-07 | G82: =F82*E82 -> 0.00019765072 | H82: =F82*$L$2 -> 0.0001370416 | I82: -1358.4 | J82: =AVERAGE(209.11,195.29) -> 202.2 | K82: =-I82*1000/E82 -> 6068.6204 | L82: =IF(ISNUMBER(K82),$L$6*K82,0) -> 7.1951816e+08 | M82: Cr | N82: 0.465 | O82: =0.116/N82 -> 0.24946237 | P82: =IF(ISNUMBER(O82),(O82/E82)/(1/$L$2),"") -> 0.17296533 | Q82: =IF(ISNUMBER(O82),standard_temperature*gas_constant*LN(P82/H82)/E82,"") -> 79.075059 | R82: =IF(ISNUMBER(Q82),Q82*$G82*crust_mass/crust_age,"") -> 1.3566182e+14 | S82: =IF(ISNUMBER(O82),$S$6*Q82,"") -> 4.368499e+09 | T82: =MAX(L82,S82) -> 4.368499e+09 | U82: =IF(ISNUMBER(N82),T82/N82,"") -> 9.3946215e+09
B83: 1072 | C83: Chromite (Rhodium at 0.00008%, 24.9% mineral in ground) | D83: Fe2+Cr2O4 | E83: 223.84 | F83: 8.83e-07 | G83: =F83*E83 -> 0.00019765072 | H83: =F83*$L$2 -> 0.0001370416 | I83: -1358.4 | J83: =AVERAGE(209.11,195.29) -> 202.2 | K83: =-I83*1000/E83 -> 6068.6204 | L83: =IF(ISNUMBER(K83),$L$6*K83,0) -> 7.1951816e+08 | M83: Rh | N83: ='EmCF Library'!AA83/O83 -> 8.0172414e-07 | O83: =$O$82 -> 0.24946237 | P83: =IF(ISNUMBER(O83),(O83/E83)/(1/$L$2),"") -> 0.17296533 | Q83: =IF(ISNUMBER(O83),standard_temperature*gas_constant*LN(P83/H83)/E83,"") -> 79.075059 | R83: =IF(ISNUMBER(Q83),Q83*$G83*crust_mass/crust_age,"") -> 1.3566182e+14 | S83: =IF(ISNUMBER(O83),$S$6*Q83,"") -> 4.368499e+09 | T83: =MAX(L83,S83) -> 4.368499e+09 | U83: =IF(ISNUMBER(N83),T83/N83,"") -> 5.4488805e+15
B84: 1073 | C84: Chromite (Rhodium at 0.00010%, 24.9% mineral in ground) | D84: Fe2+Cr2O4 | E84: 223.84 | F84: 8.83e-07 | G84: =F84*E84 -> 0.00019765072 | H84: =F84*$L$2 -> 0.0001370416 | I84: -1358.4 | J84: =AVERAGE(209.11,195.29) -> 202.2 | K84: =-I84*1000/E84 -> 6068.6204 | L84: =IF(ISNUMBER(K84),$L$6*K84,0) -> 7.1951816e+08 | M84: Rh | N84: ='EmCF Library'!AA84/O84 -> 9.6206897e-07 | O84: =$O$82 -> 0.24946237 | P84: =IF(ISNUMBER(O84),(O84/E84)/(1/$L$2),"") -> 0.17296533 | Q84: =IF(ISNUMBER(O84),standard_temperature*gas_constant*LN(P84/H84)/E84,"") -> 79.075059 | R84: =IF(ISNUMBER(Q84),Q84*$G84*crust_mass/crust_age,"") -> 1.3566182e+14 | S84: =IF(ISNUMBER(O84),$S$6*Q84,"") -> 4.368499e+09 | T84: =MAX(L84,S84) -> 4.368499e+09 | U84: =IF(ISNUMBER(N84),T84/N84,"") -> 4.5407337e+15
B85: 1074 | C85: Chrysoberyl | D85: BeAl2O4 | E85: 126.97 | F85: 1.8e-08 | G85: =F85*E85 -> 2.28546e-06 | H85: =F85*$L$2 -> 2.7936e-06 | I85: -2178.2 | J85: =AVERAGE(24.6,25.02) -> 24.81 | K85: =-I85*1000/E85 -> 17155.234 | L85: =IF(ISNUMBER(K85),$L$6*K85,0) -> 2.0339881e+09 | P85: =IF(ISNUMBER(O85),(O85/E85)/(1/$L$2),"") | Q85: =IF(ISNUMBER(O85),standard_temperature*gas_constant*LN(P85/H85)/E85,"") | R85: =IF(ISNUMBER(Q85),Q85*$G85*crust_mass/crust_age,"") | S85: =IF(ISNUMBER(O85),$S$6*Q85,"") | T85: =MAX(L85,S85) -> 2.0339881e+09 | U85: =IF(ISNUMBER(N85),T85/N85,"")
B86: 1075 | C86: Chrysocolla | D86: Cu2Si2O6(H2O)4 | E86: 351.32 | F86: 3.54e-12 | G86: =F86*E86 -> 1.2436728e-09 | H86: =F86*$L$2 -> 5.49408e-10 | I86: -2964.6 | J86: 25.61 | K86: =-I86*1000/E86 -> 8438.4607 | L86: =IF(ISNUMBER(K86),$L$6*K86,0) -> 1.0004952e+09 | P86: =IF(ISNUMBER(O86),(O86/E86)/(1/$L$2),"") | Q86: =IF(ISNUMBER(O86),standard_temperature*gas_constant*LN(P86/H86)/E86,"") | R86: =IF(ISNUMBER(Q86),Q86*$G86*crust_mass/crust_age,"") | S86: =IF(ISNUMBER(O86),$S$6*Q86,"") | T86: =MAX(L86,S86) -> 1.0004952e+09 | U86: =IF(ISNUMBER(N86),T86/N86,"")
B87: 1076 | C87: Cinnabar | D87: HgS | E87: =200.59+32 -> 232.59 | F87: 2.46e-10 | G87: =F87*E87 -> 5.721714e-08 | H87: =F87*$L$2 -> 3.81792e-08 | I87: -50.7 | J87: =AVERAGE(671.39,678.93) -> 675.16 | K87: =-I87*1000/E87 -> 217.98014 | L87: =IF(ISNUMBER(K87),$L$6*K87,0) -> 25844534 | M87: Hg | N87: ='Crust Element Composition'!E32/'Singular Minerals'!E87 -> 0.86241885 | O87: ='EmCF Library'!Z34 -> 0.01 | P87: =IF(ISNUMBER(O87),(O87/E87)/(1/$L$2),"") -> 0.0066726858 | Q87: =IF(ISNUMBER(O87),standard_temperature*gas_constant*LN(P87/H87)/E87,"") -> 128.64881 | R87: =IF(ISNUMBER(Q87),Q87*$G87*crust_mass/crust_age,"") -> 6.3892757e+10 | S87: =IF(ISNUMBER(O87),$S$6*Q87,"") -> 7.1071989e+09 | T87: =MAX(L87,S87) -> 7.1071989e+09 | U87: =IF(ISNUMBER(N87),T87/N87,"") -> 8.241006e+09
B88: 1077 | C88: Clementite | D88: Fe2+3Mg1:5AlFe3+Si3AlO12(OH)6 | E88: 692.095 | F88: 3.81e-08 | G88: =F88*E88 -> 2.6368819e-05 | H88: =F88*$L$2 -> 5.91312e-06 | I88: -7043.1 | J88: 508.11 | K88: =-I88*1000/E88 -> 10176.493 | L88: =IF(ISNUMBER(K88),$L$6*K88,0) -> 1.2065628e+09 | P88: =IF(ISNUMBER(O88),(O88/E88)/(1/$L$2),"") | Q88: =IF(ISNUMBER(O88),standard_temperature*gas_constant*LN(P88/H88)/E88,"") | R88: =IF(ISNUMBER(Q88),Q88*$G88*crust_mass/crust_age,"") | S88: =IF(ISNUMBER(O88),$S$6*Q88,"") | T88: =MAX(L88,S88) -> 1.2065628e+09 | U88: =IF(ISNUMBER(N88),T88/N88,"")
B89: 1078 | C89: Clinochlore | D89: Mg3:75Fe1:25Al2Si3O10(OH)8 | E89: 595.22 | F89: 7.33e-06 | G89: =F89*E89 -> 0.0043629626 | H89: =F89*$L$2 -> 0.001137616 | I89: -7796.6 | J89: =AVERAGE(176.96,124.21,196.22,176.96) -> 168.5875 | K89: =-I89*1000/E89 -> 13098.686 | L89: =IF(ISNUMBER(K89),$L$6*K89,0) -> 1.5530288e+09 | P89: =IF(ISNUMBER(O89),(O89/E89)/(1/$L$2),"") | Q89: =IF(ISNUMBER(O89),standard_temperature*gas_constant*LN(P89/H89)/E89,"") | R89: =IF(ISNUMBER(Q89),Q89*$G89*crust_mass/crust_age,"") | S89: =IF(ISNUMBER(O89),$S$6*Q89,"") | T89: =MAX(L89,S89) -> 1.5530288e+09 | U89: =IF(ISNUMBER(N89),T89/N89,"")
B90: 1079 | C90: Clinohumite | D90: Mg6:75Fe2:25Si4O16(OH)0:5F1:5 | E90: 695.05 | F90: 1.1e-08 | G90: =F90*E90 -> 7.64555e-06 | H90: =F90*$L$2 -> 1.7072e-06 | I90: -8410 | J90: 528.81 | K90: =-I90*1000/E90 -> 12099.849 | L90: =IF(ISNUMBER(K90),$L$6*K90,0) -> 1.434603e+09 | P90: =IF(ISNUMBER(O90),(O90/E90)/(1/$L$2),"") | Q90: =IF(ISNUMBER(O90),standard_temperature*gas_constant*LN(P90/H90)/E90,"") | R90: =IF(ISNUMBER(Q90),Q90*$G90*crust_mass/crust_age,"") | S90: =IF(ISNUMBER(O90),$S$6*Q90,"") | T90: =MAX(L90,S90) -> 1.434603e+09 | U90: =IF(ISNUMBER(N90),T90/N90,"")
B91: 1080 | C91: Clinozoisite | D91: Ca2Al3(SiO4)3(OH) | E91: 454.36 | F91: 7.51e-07 | G91: =F91*E91 -> 0.00034122436 | H91: =F91*$L$2 -> 0.0001165552 | I91: -6483.9 | J91: 68.98 | K91: =-I91*1000/E91 -> 14270.402 | L91: =IF(ISNUMBER(K91),$L$6*K91,0) -> 1.6919518e+09 | P91: =IF(ISNUMBER(O91),(O91/E91)/(1/$L$2),"") | Q91: =IF(ISNUMBER(O91),standard_temperature*gas_constant*LN(P91/H91)/E91,"") | R91: =IF(ISNUMBER(Q91),Q91*$G91*crust_mass/crust_age,"") | S91: =IF(ISNUMBER(O91),$S$6*Q91,"") | T91: =MAX(L91,S91) -> 1.6919518e+09 | U91: =IF(ISNUMBER(N91),T91/N91,"")
B92: 1081 | C92: Cobaltite | D92: CoAsS | E92: 165.92 | F92: 5.06e-11 | G92: =F92*E92 -> 8.395552e-09 | H92: =F92*$L$2 -> 7.85312e-09 | I92: N.A. | J92: NA | K92: =-I92*1000/E92 -> #VALUE! | L92: =IF(ISNUMBER(K92),$L$6*K92,0) -> 0 | P92: =IF(ISNUMBER(O92),(O92/E92)/(1/$L$2),"") | Q92: =IF(ISNUMBER(O92),standard_temperature*gas_constant*LN(P92/H92)/E92,"") | R92: =IF(ISNUMBER(Q92),Q92*$G92*crust_mass/crust_age,"") | S92: =IF(ISNUMBER(O92),$S$6*Q92,"") | T92: =MAX(L92,S92) -> 0 | U92: =IF(ISNUMBER(N92),T92/N92,"")
B93: 1082 | C93: Colemanite | D93: Ca2B6O11(H2O)5 | E93: 411.09 | F93: 5.99e-08 | G93: =F93*E93 -> 2.4624291e-05 | H93: =F93*$L$2 -> 9.29648e-06 | I93: -6277 | J93: -781.67 | K93: =-I93*1000/E93 -> 15269.162 | L93: =IF(ISNUMBER(K93),$L$6*K93,0) -> 1.8103686e+09 | M93: B2O3 | N93: =('Crust Element Composition'!E9*6+16*11)/'Singular Minerals'!E93 -> 0.58592036 | O93: ='EmCF Library'!Z36/N93 -> 0.52498603 | P93: =IF(ISNUMBER(O93),(O93/E93)/(1/$L$2),"") -> 0.1981995 | Q93: =IF(ISNUMBER(O93),standard_temperature*gas_constant*LN(P93/H93)/E93,"") -> 60.102083 | R93: =IF(ISNUMBER(Q93),Q93*$G93*crust_mass/crust_age,"") -> 1.284615e+13 | S93: =IF(ISNUMBER(O93),$S$6*Q93,"") -> 3.3203376e+09 | T93: =MAX(L93,S93) -> 3.3203376e+09 | U93: =IF(ISNUMBER(N93),T93/N93,"") -> 5.6668753e+09
B94: 1083 | C94: Cooperite | D94: Pt0;6Pd0;3Ni0;1S | E94: 186.91 | F94: 2.11e-12 | G94: =F94*E94 -> 3.943801e-10 | H94: =F94*$L$2 -> 3.27472e-10 | I94: -73.8 | J94: =AVERAGE(657.59,671.82,671.4) -> 666.93667 | K94: =-I94*1000/E94 -> 394.84244 | L94: =IF(ISNUMBER(K94),$L$6*K94,0) -> 46813984 | M94: Pd | N94: =0.3*'Crust Element Composition'!$E$53/'Singular Minerals'!E94 -> 0.17080948 | O94: ='EmCF Library'!Z76/N94 -> 1.1708952e-05 | P94: =IF(ISNUMBER(O94),(O94/E94)/(1/$L$2),"") -> 9.7224832e-06 | Q94: =IF(ISNUMBER(O94),standard_temperature*gas_constant*LN(P94/H94)/E94,"") -> 136.58039 | R94: =IF(ISNUMBER(Q94),Q94*$G94*crust_mass/crust_age,"") -> 4.6754461e+08 | S94: =IF(ISNUMBER(O94),$S$6*Q94,"") -> 7.5453789e+09 | T94: =MAX(L94,S94) -> 7.5453789e+09 | U94: =IF(ISNUMBER(N94),T94/N94,"") -> 4.417424e+10
B95: 1084 | C95: Cooperite (for Palladium, 0.0043% mineral in ground) | D95: Pt0;6Pd0;3Ni0;1S | E95: 186.91 | F95: 2.11e-12 | G95: =F95*E95 -> 3.943801e-10 | H95: =F95*$L$2 -> 3.27472e-10 | I95: -73.8 | J95: =AVERAGE(657.59,671.82,671.4) -> 666.93667 | K95: =-I95*1000/E95 -> 394.84244 | L95: =IF(ISNUMBER(K95),$L$6*K95,0) -> 46813984 | M95: Pd | N95: =0.3*'Crust Element Composition'!$E$53/'Singular Minerals'!E95 -> 0.17080948 | O95: ='EmCF Library'!Z77/N95 -> 4.2737675e-05 | P95: =IF(ISNUMBER(O95),(O95/E95)/(1/$L$2),"") -> 3.5487064e-05 | Q95: =IF(ISNUMBER(O95),standard_temperature*gas_constant*LN(P95/H95)/E95,"") -> 153.75119 | R95: =IF(ISNUMBER(Q95),Q95*$G95*crust_mass/crust_age,"") -> 5.2632403e+08 | S95: =IF(ISNUMBER(O95),$S$6*Q95,"") -> 8.4939792e+09 | T95: =MAX(L95,S95) -> 8.4939792e+09 | U95: =IF(ISNUMBER(N95),T95/N95,"") -> 4.9727797e+10
B96: 1085 | C96: Cooperite (for Platinum, 0.001% mineral in ground) | D96: Pt0;6Pd0;3Ni0;1S | E96: 186.91 | F96: 2.11e-12 | G96: =F96*E96 -> 3.943801e-10 | H96: =F96*$L$2 -> 3.27472e-10 | I96: -73.8 | J96: =AVERAGE(657.59,671.82,671.4) -> 666.93667 | K96: =-I96*1000/E96 -> 394.84244 | L96: =IF(ISNUMBER(K96),$L$6*K96,0) -> 46813984 | M96: Pt | N96: ='Crust Element Composition'!$E$7*0.63/E96 -> 0.25253121 | O96: ='EmCF Library'!AA80/N96 -> 9.8997665e-06 | P96: =IF(ISNUMBER(O96),(O96/E96)/(1/$L$2),"") -> 8.2202331e-06 | Q96: =IF(ISNUMBER(O96),standard_temperature*gas_constant*LN(P96/H96)/E96,"") -> 134.35444 | R96: =IF(ISNUMBER(Q96),Q96*$G96*crust_mass/crust_age,"") -> 4.5992472e+08 | S96: =IF(ISNUMBER(O96),$S$6*Q96,"") -> 7.4224067e+09 | T96: =MAX(L96,S96) -> 7.4224067e+09 | U96: =IF(ISNUMBER(N96),T96/N96,"") -> 2.9392037e+10
B97: 1086 | C97: Cooperite (for Platinum, 0.0019% mineral in ground) | D97: Pt0;6Pd0;3Ni0;1S | E97: 186.91 | F97: 2.11e-12 | G97: =F97*E97 -> 3.943801e-10 | H97: =F97*$L$2 -> 3.27472e-10 | I97: -73.8 | J97: =AVERAGE(657.59,671.82,671.4) -> 666.93667 | K97: =-I97*1000/E97 -> 394.84244 | L97: =IF(ISNUMBER(K97),$L$6*K97,0) -> 46813984 | M97: Pt | N97: ='Crust Element Composition'!$E$7*0.63/E97 -> 0.25253121 | O97: ='EmCF Library'!AA81/N97 -> 1.9007552e-05 | P97: =IF(ISNUMBER(O97),(O97/E97)/(1/$L$2),"") -> 1.5782848e-05 | Q97: =IF(ISNUMBER(O97),standard_temperature*gas_constant*LN(P97/H97)/E97,"") -> 143.00564 | R97: =IF(ISNUMBER(Q97),Q97*$G97*crust_mass/crust_age,"") -> 4.8953968e+08 | S97: =IF(ISNUMBER(O97),$S$6*Q97,"") -> 7.9003421e+09 | T97: =MAX(L97,S97) -> 7.9003421e+09 | U97: =IF(ISNUMBER(N97),T97/N97,"") -> 3.1284617e+10
B98: 1087 | C98: Copper | D98: Cu | E98: 63.55 | F98: 3.9e-09 | G98: =F98*E98 -> 2.47845e-07 | H98: =F98*$L$2 -> 6.0528e-07 | I98: =-160.95848/E98 -> -2.5327849 | J98: 131.75 | K98: =-I98*1000/E98 -> 39.854994 | L98: =IF(ISNUMBER(K98),$L$6*K98,0) -> 4725356 | P98: =IF(ISNUMBER(O98),(O98/E98)/(1/$L$2),"") | Q98: =IF(ISNUMBER(O98),standard_temperature*gas_constant*LN(P98/H98)/E98,"") | R98: =IF(ISNUMBER(Q98),Q98*$G98*crust_mass/crust_age,"") | S98: =IF(ISNUMBER(O98),$S$6*Q98,"") | T98: =MAX(L98,S98) -> 4725356 | U98: =IF(ISNUMBER(N98),T98/N98,"")
B99: 1088 | C99: Cordierite | D99: Mg2Al4Si5O18 | E99: 584.95 | F99: 9.52e-08 | G99: =F99*E99 -> 5.568724e-05 | H99: =F99*$L$2 -> 1.477504e-05 | I99: -8603.9 | J99: =AVERAGE(60.67,145.5,145.5) -> 117.22333 | K99: =-I99*1000/E99 -> 14708.779 | L99: =IF(ISNUMBER(K99),$L$6*K99,0) -> 1.7439274e+09 | P99: =IF(ISNUMBER(O99),(O99/E99)/(1/$L$2),"") | Q99: =IF(ISNUMBER(O99),standard_temperature*gas_constant*LN(P99/H99)/E99,"") | R99: =IF(ISNUMBER(Q99),Q99*$G99*crust_mass/crust_age,"") | S99: =IF(ISNUMBER(O99),$S$6*Q99,"") | T99: =MAX(L99,S99) -> 1.7439274e+09 | U99: =IF(ISNUMBER(N99),T99/N99,"")
B100: 1089 | C100: Corundum | D100: Al2O3 | E100: 101.9614 | F100: 1.2e-06 | G100: =F100*E100 -> 0.00012235368 | H100: =F100*$L$2 -> 0.00018624 | I100: -1563 | J100: =AVERAGE(14.7,15.96) -> 15.33 | K100: =-I100*1000/E100 -> 15329.331 | L100: =IF(ISNUMBER(K100),$L$6*K100,0) -> 1.8175023e+09 | P100: =IF(ISNUMBER(O100),(O100/E100)/(1/$L$2),"") | Q100: =IF(ISNUMBER(O100),standard_temperature*gas_constant*LN(P100/H100)/E100,"") | R100: =IF(ISNUMBER(Q100),Q100*$G100*crust_mass/crust_age,"") | S100: =IF(ISNUMBER(O100),$S$6*Q100,"") | T100: =MAX(L100,S100) -> 1.8175023e+09 | U100: =IF(ISNUMBER(N100),T100/N100,"")
B101: 1090 | C101: Covellite | D101: CuS | E101: 95.6118 | F101: 2.27e-08 | G101: =F101*E101 -> 2.1703879e-06 | H101: =F101*$L$2 -> 3.52304e-06 | I101: -53.6 | J101: =AVERAGE(687.67,692.31) -> 689.99 | K101: =-I101*1000/E101 -> 560.60026 | L101: =IF(ISNUMBER(K101),$L$6*K101,0) -> 66466847 | P101: =IF(ISNUMBER(O101),(O101/E101)/(1/$L$2),"") | Q101: =IF(ISNUMBER(O101),standard_temperature*gas_constant*LN(P101/H101)/E101,"") | R101: =IF(ISNUMBER(Q101),Q101*$G101*crust_mass/crust_age,"") | S101: =IF(ISNUMBER(O101),$S$6*Q101,"") | T101: =MAX(L101,S101) -> 66466847 | U101: =IF(ISNUMBER(N101),T101/N101,"")
...

Sheet Multiple Minerals
B1: Elements with weighted mineral EmCFs
B2: ID | C2: Table | I2: Average molar mass of crust: | J2: 155.2 | K2: g/mol | L2: (Valero et al., 2012)
B3: 2001 | C3: Table 1. Aluminum | I3: Average concentration exergy crustal transformity: | J3: ='Singular Minerals'!S6 -> 55244967 | K3: sej/J
B4: 2002 | C4: Table 2. Iron
B5: 2003 | C5: Table 3. Nickel
B6: 2004 | C6: Table 4. Silver
B7: 2005 | C7: Table 5. Uranium
B8: 2006 | C8: Table 6. Magnesium
B9: 2007 | C9: Table 7. Manganese
B10: 2008 | C10: Table 8. Titanium
B11: 2009 | C11: Table 9. Cerium
B12: 2010 | C12: Table 10. Lanthanum
B13: 2011 | C13: Table 11. Phosphorus
B14: 2012 | C14: Table 12. Smectite
B15: =MAX(B18:B309) -> 2016
B18: Table 1. Aluminum (Bauxite) | E18: 4 | F18: 3 | J18: 10
C19: Open LCA description | D19: unit | E19: % aluminum in ground
C20: Aluminium, 24% in bauxite, 11% in crude ore, in ground | D20: g | E20: ='EmCF Library'!AA24 -> 0.11
B22: ID | C22: Mineral | D22: Formula1 | E22: Molar Conc. (molmineral/ gcrust) | F22: Molar Mass (gmineral/ molmineral) | G22: Mineral Conc. (gmineral/ gcrust) | H22: Molar Fraction (molmineral/ molcrust) | I22: % Total | J22: Chem. Exergy Sp. Emergy (sej/g) | K22: Element | L22: =CONCATENATE("Moles of ",K23," in Mineral") -> Moles of Al in Mineral | M22: =CONCATENATE("% ",K23," in Mineral") -> % Al in Mineral | N22: Mine Conc. (gmineral/gcrust) | O22: Molar Fraction (molmin_mine/ molcrust) | P22: Conc. Exergymine (J/gmineral) | Q22: Conc. Exergy Sp. Emergy (sej/gmineral) | R22: % Total | S22: Ore Body Sp Emergy (sej/gmineral) | T22: Mult. Mineral Sp. Emergy (sej/gmineral) | U22: Element Sp. Emergy (sej/gelement)
C23: Hydragillite/Gibbsite | D23: Al(OH)3 | E23: =VLOOKUP($C23,'Singular Minerals'!$C$12:$T$327,'Multiple Minerals'!E$18,FALSE) -> 1.77e-05 | F23: =VLOOKUP($C23,'Singular Minerals'!$C$12:$T$327,'Multiple Minerals'!F$18,FALSE) -> 78.003558 | G23: =E23*F23 -> 0.001380663 | H23: =E23*ave_crustal_molar_mass -> 0.00274704 | I23: =E23/$E$26 -> 0.31134565 | J23: =VLOOKUP($C23,'Singular Minerals'!$C$12:$T$327,'Multiple Minerals'!J$18,FALSE) -> 1.7567908e+09 | K23: Al | L23: 1 | M23: =L23*VLOOKUP(K23,'Crust Element Composition'!$B$5:$E$81,4,FALSE)/F23 -> 0.34590089 | N23: =$E$20/M23 -> 0.31801017 | O23: =(N23/F23)*$J$2 -> 0.63272983 | P23: =standard_temperature*gas_constant*LN(O23/H23)/F23 -> 172.85859 | Q23: =P23*$J$3 -> 9.549567e+09 | S23: =MAX(J23,Q23) -> 9.549567e+09
C24: Diaspore | D24: AlO(OH) | E24: =VLOOKUP($C24,'Singular Minerals'!$C$12:$T$327,'Multiple Minerals'!E$18,FALSE) -> 2.95e-05 | F24: =VLOOKUP($C24,'Singular Minerals'!$C$12:$T$327,'Multiple Minerals'!F$18,FALSE) -> 59.988 | G24: =E24*F24 -> 0.001769646 | H24: =E24*ave_crustal_molar_mass -> 0.0045784 | I24: =E24/$E$26 -> 0.51890941 | J24: =VLOOKUP($C24,'Singular Minerals'!$C$12:$T$327,'Multiple Minerals'!J$18,FALSE) -> 1.8135971e+09 | K24: Al | L24: 1 | M24: =L24*VLOOKUP(K24,'Crust Element Composition'!$B$5:$E$81,4,FALSE)/F24 -> 0.44978162 | N24: =$E$20/M24 -> 0.24456313 | O24: =(N24/F24)*$J$2 -> 0.63272983 | P24: =standard_temperature*gas_constant*LN(O24/H24)/F24 -> 203.66308 | Q24: =P24*$J$3 -> 1.125136e+10 | S24: =MAX(J24,Q24) -> 1.125136e+10
C25: Boehmite | D25: AlO(OH) | E25: =VLOOKUP($C25,'Singular Minerals'!$C$12:$T$327,'Multiple Minerals'!E$18,FALSE) -> 9.65e-06 | F25: =VLOOKUP($C25,'Singular Minerals'!$C$12:$T$327,'Multiple Minerals'!F$18,FALSE) -> 59.988 | G25: =E25*F25 -> 0.0005788842 | H25: =E25*ave_crustal_molar_mass -> 0.00149768 | I25: =E25/$E$26 -> 0.16974494 | J25: =VLOOKUP($C25,'Singular Minerals'!$C$12:$T$327,'Multiple Minerals'!J$18,FALSE) -> 1.8066795e+09 | K25: Al | L25: 1 | M25: =L25*VLOOKUP(K25,'Crust Element Composition'!$B$5:$E$81,4,FALSE)/F25 -> 0.44978162 | N25: =$E$20/M25 -> 0.24456313 | O25: =(N25/F25)*$J$2 -> 0.63272983 | P25: =standard_temperature*gas_constant*LN(O25/H25)/F25 -> 249.83752 | Q25: =P25*$J$3 -> 1.3802266e+10 | S25: =MAX(J25,Q25) -> 1.3802266e+10
B26: 2001 | E26: =SUM(E23:E25) -> 5.685e-05 | I26: =SUM(I23:I25) -> 1 | J26: =SUMPRODUCT(J23:J25,I23:I25) -> 1.7947365e+09 | M26: =SUMPRODUCT(I23:I25,M23:M25) -> 0.41743881 | S26: =SUMPRODUCT(S23:S25,I23:I25) -> 1.1154517e+10 | T26: =MAX(J26,S26) -> 1.1154517e+10 | U26: =T26/M26 -> 2.6721323e+10
C27: Note: Bauxite is composed mainly of the minerals gibbsite Al(OH)3, diaspore AlO(OH) and boehmite AlO(OH), Valero (2008).
C28: 1Source: Valero et al., 2011
B30: Table 2. Iron
C31: Open LCA item | D31: unit | E31: % Iron
C32: Iron, 46% in ore, 25% in crude ore, in ground | D32: g | E32: ='EmCF Library'!AA60 -> 0.25
B34: ID | C34: Mineral | D34: Formula1 | E34: Molar Conc. (molmineral/ gcrust) | F34: Molar Mass (gmineral/ molmineral) | G34: Mineral Conc. (gmineral/ gcrust) | H34: Molar Fraction (molmineral/ molcrust) | I34: % Total | J34: Chem. Exergy Sp. Emergy (sej/g) | K34: Element | L34: =CONCATENATE("Moles of ",K35," in Mineral") -> Moles of Fe in Mineral | M34: =CONCATENATE("% ",K35," in Mineral") -> % Fe in Mineral | N34: Mine Conc. (gmineral/gcrust) | O34: Molar Fraction (molmin_mine/ molcrust) | P34: Conc. Exergymine (J/gmineral) | Q34: Conc. Exergy Sp. Emergy (sej/gmineral) | R34: % Total | S34: Ore Body Sp Emergy (sej/gmineral) | T34: Mult. Mineral Sp. Emergy (sej/gmineral) | U34: Element Sp. Emergy (sej/gelement)
C35: Hematite | D35: Fe2O3 | E35: =VLOOKUP($C35,'Singular Minerals'!$C$12:$T$327,'Multiple Minerals'!E$18,FALSE) -> 6.05e-06 | F35: =VLOOKUP($C35,'Singular Minerals'!$C$12:$T$327,'Multiple Minerals'!F$18,FALSE) -> 159.7 | G35: =E35*F35 -> 0.000966185 | H35: =E35*ave_crustal_molar_mass -> 0.00093896 | I35: =E35/$E$38 -> 0.14258779 | J35: =VLOOKUP($C35,'Singular Minerals'!$C$12:$T$327,'Multiple Minerals'!J$18,FALSE) -> 5.5102057e+08 | K35: Fe | L35: 2 | M35: =L35*VLOOKUP(K35,'Crust Element Composition'!$B$5:$E$81,4,FALSE)/F35 -> 0.69937383 | N35: =$E$32/M35 -> 0.35746262 | O35: =(N35/F35)*$J$2 -> 0.3473901 | P35: =standard_temperature*gas_constant*LN(O35/H35)/F35 -> 91.786632 | Q35: =P35*$J$3 -> 5.0707494e+09 | S35: =MAX(J35,Q35) -> 5.0707494e+09
C36: Magnetite | D36: Fe3+2Fe2+O4 | E36: =VLOOKUP($C36,'Singular Minerals'!$C$12:$T$327,'Multiple Minerals'!E$18,FALSE) -> 3.43e-05 | F36: =VLOOKUP($C36,'Singular Minerals'!$C$12:$T$327,'Multiple Minerals'!F$18,FALSE) -> 231.55 | G36: =E36*F36 -> 0.007942165 | H36: =E36*ave_crustal_molar_mass -> 0.00532336 | I36: =E36/$E$38 -> 0.80839029 | J36: =VLOOKUP($C36,'Singular Minerals'!$C$12:$T$327,'Multiple Minerals'!J$18,FALSE) -> 5.2018516e+08 | K36: Fe | L36: 3 | M36: =L36*VLOOKUP(K36,'Crust Element Composition'!$B$5:$E$81,4,FALSE)/F36 -> 0.72353703 | N36: =$E$32/M36 -> 0.34552482 | O36: =(N36/F36)*$J$2 -> 0.2315934 | P36: =standard_temperature*gas_constant*LN(O36/H36)/F36 -> 40.389909 | Q36: =P36*$J$3 -> 2.2313392e+09 | S36: =MAX(J36,Q36) -> 2.2313392e+09
C37: Siderite | D37: Fe2+CO3 | E37: =VLOOKUP($C37,'Singular Minerals'!$C$12:$T$327,'Multiple Minerals'!E$18,FALSE) -> 2.08e-06 | F37: =VLOOKUP($C37,'Singular Minerals'!$C$12:$T$327,'Multiple Minerals'!F$18,FALSE) -> 115.8543 | G37: =E37*F37 -> 0.00024097694 | H37: =E37*ave_crustal_molar_mass -> 0.000322816 | I37: =E37/$E$38 -> 0.049021918 | J37: =VLOOKUP($C37,'Singular Minerals'!$C$12:$T$327,'Multiple Minerals'!J$18,FALSE) -> 6.8679459e+08 | K37: Fe | L37: 1 | M37: =L37*VLOOKUP(K37,'Crust Element Composition'!$B$5:$E$81,4,FALSE)/F37 -> 0.48202786 | N37: =$E$32/M37 -> 0.51864222 | O37: =(N37/F37)*$J$2 -> 0.6947802 | P37: =standard_temperature*gas_constant*LN(O37/H37)/F37 -> 164.19868 | Q37: =P37*$J$3 -> 9.0711505e+09 | S37: =MAX(J37,Q37) -> 9.0711505e+09
B38: 2002 | E38: =SUM(E35:E37) -> 4.243e-05 | I38: =SUM(I35:I37) -> 1 | J38: =SUMPRODUCT(J35:J37,I35:I37) -> 5.3274943e+08 | M38: =SUMPRODUCT(I35:I37,M35:M37) -> 0.70825241 | S38: =SUMPRODUCT(S35:S37,I35:I37) -> 2.9715051e+09 | T38: =MAX(J38,S38) -> 2.9715051e+09 | U38: =T38/M38 -> 4.1955453e+09
C39: Note: Iron is 95% of worldwide metal tonnage produced. Chief ores are hematite Fe2O3, magnetite Fe3O4 and siderite FeCO3, Valero (2008)
B41: Table 3. Nickel
C42: Open LCA item | D42: unit | E42: % nickel
C43: Ni, Ni 2.3E+0%, Pt 2.5E-4%, Pd 7.3E-4%, Rh 2.0E-5%, Cu 3.2E+0% in ore, in ground | D43: g | E43: 0.0104
C44: Ni, Ni 3.7E-2%, Pt 4.8E-4%, Pd 2.0E-4%, Rh 2.4E-5%, Cu 5.2E-2% in ore, in ground
C45: Nickel, 1.13% in sulfide, Ni 0.76% and Cu 0.76% in crude ore, in ground
B47: ID | C47: Mineral | D47: Formula1 | E47: Molar Conc. (molmineral/ gcrust) | F47: Molar Mass (gmineral/ molmineral) | G47: Mineral Conc. (gmineral/ gcrust) | H47: Molar Fraction (molmineral/ molcrust) | I47: % Total | J47: Chem. Exergy Sp. Emergy (sej/g) | K47: Element | L47: =CONCATENATE("Moles of ",K48," in Mineral") -> Moles of Ni in Mineral | M47: =CONCATENATE("% ",K48," in Mineral") -> % Ni in Mineral | N47: Mine Conc. (gmineral/gcrust) | O47: Molar Fraction (molmin_mine/ molcrust) | P47: Conc. Exergymine (J/gmineral) | Q47: Conc. Exergy Sp. Emergy (sej/gmineral) | R47: % Total | S47: Ore Body Sp Emergy (sej/gmineral) | T47: Mult. Mineral Sp. Emergy (sej/gmineral) | U47: Element Sp. Emergy (sej/gelement)
B48: 2014 | C48: Garnierite | D48: (Ni2Mg)Si2O5(OH)4 | E48: =VLOOKUP($C48,'Singular Minerals'!$C$12:$T$327,'Multiple Minerals'!E$18,FALSE) -> 1.18e-08 | F48: =VLOOKUP($C48,'Singular Minerals'!$C$12:$T$327,'Multiple Minerals'!F$18,FALSE) -> 345.89 | G48: =E48*F48 -> 4.081502e-06 | H48: =E48*ave_crustal_molar_mass -> 1.83136e-06 | I48: =E48/$E$50 -> 0.13689095 | J48: =VLOOKUP($C48,'Singular Minerals'!$C$12:$T$327,'Multiple Minerals'!J$18,FALSE) -> 1.1198922e+09 | K48: Ni | L48: 2 | M48: =L48*VLOOKUP(K48,'Crust Element Composition'!$B$5:$E$81,4,FALSE)/F48 -> 0.3393761 | N48: =$E43/M48 -> 0.030644468 | O48: =(N48/F48)*$J$2 -> 0.013750098 | P48: =standard_temperature*gas_constant*LN(O48/H48)/F48 -> 63.951959 | Q48: =P48*$J$3 -> 3.5330238e+09 | S48: =MAX(J48,Q48) -> 3.5330238e+09 | T48: =MAX(J48,S48) -> 3.5330238e+09 | U48: =T48/M48 -> 1.0410349e+10
B49: 2015 | C49: Pentlandite | D49: Fe2+4.5Ni4.5S8 | E49: =VLOOKUP($C49,'Singular Minerals'!$C$12:$T$327,'Multiple Minerals'!E$18,FALSE) -> 7.44e-08 | F49: =VLOOKUP($C49,'Singular Minerals'!$C$12:$T$327,'Multiple Minerals'!F$18,FALSE) -> 771.94 | G49: =E49*F49 -> 5.7432336e-05 | H49: =E49*ave_crustal_molar_mass -> 1.154688e-05 | I49: =E49/$E$50 -> 0.86310905 | J49: =VLOOKUP($C49,'Singular Minerals'!$C$12:$T$327,'Multiple Minerals'!J$18,FALSE) -> 1.1768209e+08 | K49: Ni | L49: 4.5 | M49: =L49*VLOOKUP(K49,'Crust Element Composition'!$B$5:$E$81,4,FALSE)/F49 -> 0.34215133 | N49: =$E$43/M49 -> 0.030395907 | O49: =(N49/F49)*$J$2 -> 0.0061111547 | P49: =standard_temperature*gas_constant*LN(O49/H49)/F49 -> 20.138617 | Q49: =P49*$J$3 -> 1.1125572e+09 | S49: =MAX(J49,Q49) -> 1.1125572e+09 | T49: =MAX(J49,S49) -> 1.1125572e+09 | U49: =T49/M49 -> 3.2516525e+09
B50: 2003 | E50: =SUM(E48:E49) -> 8.62e-08 | I50: =SUM(I47:I49) -> 1 | J50: =SUMPRODUCT(J48:J49,I48:I49) -> 2.5487558e+08 | M50: =SUMPRODUCT(I48:I49,M48:M49) -> 0.34177143 | S50: =SUMPRODUCT(S48:S49,I48:I49) -> 1.4438972e+09 | T50: =MAX(J50,S50) -> 1.4438972e+09 | U50: =T50/M50 -> 4.2247452e+09
C51: Nickel: The bulk of the nickel mined comes from two types of ore deposits; the first are laterites where the principal ore minerals are nickeliferous limonite and garnierite; the second are magmatic sulfide deposits where the principal ore mineral is pentlandite.
B53: Table 4a. Silver
C54: Open LCA item | D54: unit | E54: % Au
C55: Silver, 0.007% in sulfide, Ag 0.004%, Pb, Zn, Cd, In, in ground | D55: g | E55: =0.00004 -> 4e-05
B57: ID | C57: Mineral | D57: Formula1 | E57: Molar Conc. (molmineral/ gcrust) | F57: Molar Mass (gmineral/ molmineral) | G57: Mineral Conc. (gmineral/ gcrust) | H57: Molar Fraction (molmineral/ molcrust) | I57: % Total | J57: Chem. Exergy Sp. Emergy (sej/g) | K57: Element | L57: =CONCATENATE("Moles of ",K58," in Mineral") -> Moles of Ag in Mineral | M57: =CONCATENATE("% ",K58," in Mineral") -> % Ag in Mineral | N57: Mine Conc. (gmineral/gcrust) | O57: Molar Fraction (molmin_mine/ molcrust) | P57: Conc. Exergymine (J/gmineral) | Q57: Conc. Exergy Sp. Emergy (sej/gmineral) | R57: % Total | S57: Ore Body Sp Emergy (sej/gmineral) | T57: Mult. Mineral Sp. Emergy (sej/gmineral) | U57: Element Sp. Emergy (sej/gelement)
C58: Pyrargirite | D58: =VLOOKUP(C58,Mineral_table,2,FALSE) -> Ag3SbS3 | E58: =VLOOKUP($C58,'Singular Minerals'!$C$12:$T$327,'Multiple Minerals'!E$18,FALSE) -> 2.38e-11 | F58: =VLOOKUP($C58,'Singular Minerals'!$C$12:$T$327,'Multiple Minerals'!F$18,FALSE) -> 541.55 | G58: =E58*F58 -> 1.288889e-08 | H58: =E58*ave_crustal_molar_mass -> 3.69376e-09 | I58: =E58/$E$63 -> 0.21765174 | J58: =VLOOKUP($C58,'Singular Minerals'!$C$12:$T$327,'Multiple Minerals'!J$18,FALSE) -> 31132415 | K58: Ag | L58: 3 | M58: =L58*VLOOKUP(K58,'Crust Element Composition'!$B$5:$E$81,4,FALSE)/F58 -> 0.59755258 | N58: =$E$55/M58 -> 6.6939716e-05 | O58: =(N58/F58)*$J$2 -> 1.9183905e-05 | P58: =standard_temperature*gas_constant*LN(O58/H58)/F58 -> 39.159355 | Q58: =P58*$J$3 -> 2.1633573e+09 | S58: =MAX(J58,Q58) -> 2.1633573e+09
C59: Samsonite | D59: =VLOOKUP(C59,Mineral_table,2,FALSE) -> Ag4MnSb2S6 | E59: =VLOOKUP($C59,'Singular Minerals'!$C$12:$T$327,'Multiple Minerals'!E$18,FALSE) -> 5.29e-13 | F59: =VLOOKUP($C59,'Singular Minerals'!$C$12:$T$327,'Multiple Minerals'!F$18,FALSE) -> 922.3241 | G59: =E59*F59 -> 4.8790945e-10 | H59: =E59*ave_crustal_molar_mass -> 8.21008e-11 | I59: =E59/$E$63 -> 0.0048377214 | J59: =VLOOKUP($C59,'Singular Minerals'!$C$12:$T$327,'Multiple Minerals'!J$18,FALSE) -> 59582396 | K59: Ag | L59: 4 | M59: =L59*VLOOKUP(K59,'Crust Element Composition'!$B$5:$E$81,4,FALSE)/F59 -> 0.46781039 | N59: =$E$55/M59 -> 8.5504727e-05 | O59: =(N59/F59)*$J$2 -> 1.4387929e-05 | P59: =standard_temperature*gas_constant*LN(O59/H59)/F59 -> 32.449704 | Q59: =P59*$J$3 -> 1.7926828e+09 | S59: =MAX(J59,Q59) -> 1.7926828e+09
C60: Stephanite | D60: =VLOOKUP(C60,Mineral_table,2,FALSE) -> Ag5SbS4 | E60: =VLOOKUP($C60,'Singular Minerals'!$C$12:$T$327,'Multiple Minerals'!E$18,FALSE) -> 7.72e-12 | F60: =VLOOKUP($C60,'Singular Minerals'!$C$12:$T$327,'Multiple Minerals'!F$18,FALSE) -> 789.3632 | G60: =E60*F60 -> 6.0938839e-09 | H60: =E60*ave_crustal_molar_mass -> 1.198144e-09 | I60: =E60/$E$63 -> 0.07059964 | J60: =VLOOKUP($C60,'Singular Minerals'!$C$12:$T$327,'Multiple Minerals'!J$18,FALSE) -> 27712217 | K60: Ag | L60: 5 | M60: =L60*VLOOKUP(K60,'Crust Element Composition'!$B$5:$E$81,4,FALSE)/F60 -> 0.68326089 | N60: =$E$55/M60 -> 5.8542792e-05 | O60: =(N60/F60)*$J$2 -> 1.1510343e-05 | P60: =standard_temperature*gas_constant*LN(O60/H60)/F60 -> 28.797055 | Q60: =P60*$J$3 -> 1.5908923e+09 | S60: =MAX(J60,Q60) -> 1.5908923e+09
C61: Acanthite | D61: =VLOOKUP(C61,Mineral_table,2,FALSE) -> Ag2S | E61: =VLOOKUP($C61,'Singular Minerals'!$C$12:$T$327,'Multiple Minerals'!E$18,FALSE) -> 2.74e-11 | F61: =VLOOKUP($C61,'Singular Minerals'!$C$12:$T$327,'Multiple Minerals'!F$18,FALSE) -> 247.8019 | G61: =E61*F61 -> 6.7897721e-09 | H61: =E61*ave_crustal_molar_mass -> 4.25248e-09 | I61: =E61/$E$63 -> 0.25057385 | J61: =VLOOKUP($C61,'Singular Minerals'!$C$12:$T$327,'Multiple Minerals'!J$18,FALSE) -> 19282005 | K61: Ag | L61: 2 | M61: =L61*VLOOKUP(K61,'Crust Element Composition'!$B$5:$E$81,4,FALSE)/F61 -> 0.87060027 | N61: =$E$55/M61 -> 4.5945311e-05 | O61: =(N61/F61)*$J$2 -> 2.8775858e-05 | P61: =standard_temperature*gas_constant*LN(O61/H61)/F61 -> 88.226374 | Q61: =P61*$J$3 -> 4.8740631e+09 | S61: =MAX(J61,Q61) -> 4.8740631e+09
C62: Argentite | D62: =VLOOKUP(C62,Mineral_table,2,FALSE) -> Ag2S | E62: =VLOOKUP($C62,'Singular Minerals'!$C$12:$T$327,'Multiple Minerals'!E$18,FALSE) -> 4.99e-11 | F62: =VLOOKUP($C62,'Singular Minerals'!$C$12:$T$327,'Multiple Minerals'!F$18,FALSE) -> 247.8019 | G62: =E62*F62 -> 1.2365315e-08 | H62: =E62*ave_crustal_molar_mass -> 7.74448e-09 | I62: =E62/$E$63 -> 0.45633705 | J62: =VLOOKUP($C62,'Singular Minerals'!$C$12:$T$327,'Multiple Minerals'!J$18,FALSE) -> 18851390 | K62: Ag | L62: 2 | M62: =L62*VLOOKUP(K62,'Crust Element Composition'!$B$5:$E$81,4,FALSE)/F62 -> 0.87060027 | N62: =$E$55/M62 -> 4.5945311e-05 | O62: =(N62/F62)*$J$2 -> 2.8775858e-05 | P62: =standard_temperature*gas_constant*LN(O62/H62)/F62 -> 82.229659 | Q62: =P62*$J$3 -> 4.5427748e+09 | S62: =MAX(J62,Q62) -> 4.5427748e+09
B63: 2004 | E63: =SUM(E58:E62) -> 1.09349e-10 | I63: =SUM(I58:I62) -> 1 | J63: =SUMPRODUCT(J58:J62,$I$58:$I$62) -> 22454894 | M63: =SUMPRODUCT(M58:M62,I58:I62) -> 0.79599628 | S63: =SUMPRODUCT(S58:S62,I58:I62) -> 3.8861966e+09 | T63: =MAX(J63,S63) -> 3.8861966e+09 | U63: =T63/M63 -> 4.8821793e+09
B65: Table 4b. Silver
C66: Open LCA item | D66: unit | E66: % Au
C67: Silver, 3.2ppm in sulfide, Ag 1.2ppm, Cu and Te, in crude ore, in ground | E67: =0.0000012 -> 1.2e-06
B69: ID | C69: Mineral | D69: Formula1 | E69: Molar Conc. (molmineral/ gcrust) | F69: Molar Mass (gmineral/ molmineral) | G69: Mineral Conc. (gmineral/ gcrust) | H69: Molar Fraction (molmineral/ molcrust) | I69: % Total | J69: Chem. Exergy Sp. Emergy (sej/g) | K69: Element | L69: =CONCATENATE("Moles of ",K70," in Mineral") -> Moles of Ag in Mineral | M69: =CONCATENATE("% ",K70," in Mineral") -> % Ag in Mineral | N69: Mine Conc. (gmineral/gcrust) | O69: Molar Fraction (molmin_mine/ molcrust) | P69: Conc. Exergymine (J/gmineral) | Q69: Conc. Exergy Sp. Emergy (sej/gmineral) | R69: % Total | S69: Ore Body Sp Emergy (sej/gmineral) | T69: Mult. Mineral Sp. Emergy (sej/gmineral) | U69: Element Sp. Emergy (sej/gelement)
C70: Pyrargirite | D70: =VLOOKUP(C70,Mineral_table,2,FALSE) -> Ag3SbS3 | E70: =VLOOKUP($C70,'Singular Minerals'!$C$12:$T$327,'Multiple Minerals'!E$18,FALSE) -> 2.38e-11 | F70: =VLOOKUP($C70,'Singular Minerals'!$C$12:$T$327,'Multiple Minerals'!F$18,FALSE) -> 541.55 | G70: =E70*F70 -> 1.288889e-08 | H70: =E70*ave_crustal_molar_mass -> 3.69376e-09 | I70: =E70/$E$75 -> 0.21765174 | J70: =VLOOKUP($C70,'Singular Minerals'!$C$12:$T$327,'Multiple Minerals'!J$18,FALSE) -> 31132415 | K70: Ag | L70: 3 | M70: =L70*VLOOKUP(K70,'Crust Element Composition'!$B$5:$E$81,4,FALSE)/F70 -> 0.59755258 | N70: =$E$67/M70 -> 2.0081915e-06 | O70: =(N70/F70)*$J$2 -> 5.7551716e-07 | P70: =standard_temperature*gas_constant*LN(O70/H70)/F70 -> 23.108902 | Q70: =P70*$J$3 -> 1.2766505e+09 | S70: =MAX(J70,Q70) -> 1.2766505e+09
C71: Samsonite | D71: =VLOOKUP(C71,Mineral_table,2,FALSE) -> Ag4MnSb2S6 | E71: =VLOOKUP($C71,'Singular Minerals'!$C$12:$T$327,'Multiple Minerals'!E$18,FALSE) -> 5.29e-13 | F71: =VLOOKUP($C71,'Singular Minerals'!$C$12:$T$327,'Multiple Minerals'!F$18,FALSE) -> 922.3241 | G71: =E71*F71 -> 4.8790945e-10 | H71: =E71*ave_crustal_molar_mass -> 8.21008e-11 | I71: =E71/$E$75 -> 0.0048377214 | J71: =VLOOKUP($C71,'Singular Minerals'!$C$12:$T$327,'Multiple Minerals'!J$18,FALSE) -> 59582396 | K71: Ag | L71: 4 | M71: =L71*VLOOKUP(K71,'Crust Element Composition'!$B$5:$E$81,4,FALSE)/F71 -> 0.46781039 | N71: =$E$67/M71 -> 2.5651418e-06 | O71: =(N71/F71)*$J$2 -> 4.3163787e-07 | P71: =standard_temperature*gas_constant*LN(O71/H71)/F71 -> 23.025552 | Q71: =P71*$J$3 -> 1.2720458e+09 | S71: =MAX(J71,Q71) -> 1.2720458e+09
C72: Stephanite | D72: =VLOOKUP(C72,Mineral_table,2,FALSE) -> Ag5SbS4 | E72: =VLOOKUP($C72,'Singular Minerals'!$C$12:$T$327,'Multiple Minerals'!E$18,FALSE) -> 7.72e-12 | F72: =VLOOKUP($C72,'Singular Minerals'!$C$12:$T$327,'Multiple Minerals'!F$18,FALSE) -> 789.3632 | G72: =E72*F72 -> 6.0938839e-09 | H72: =E72*ave_crustal_molar_mass -> 1.198144e-09 | I72: =E72/$E$75 -> 0.07059964 | J72: =VLOOKUP($C72,'Singular Minerals'!$C$12:$T$327,'Multiple Minerals'!J$18,FALSE) -> 27712217 | K72: Ag | L72: 5 | M72: =L72*VLOOKUP(K72,'Crust Element Composition'!$B$5:$E$81,4,FALSE)/F72 -> 0.68326089 | N72: =$E$67/M72 -> 1.7562838e-06 | O72: =(N72/F72)*$J$2 -> 3.453103e-07 | P72: =standard_temperature*gas_constant*LN(O72/H72)/F72 -> 17.785492 | Q72: =P72*$J$3 -> 9.825589e+08 | S72: =MAX(J72,Q72) -> 9.825589e+08
C73: Acanthite | D73: =VLOOKUP(C73,Mineral_table,2,FALSE) -> Ag2S | E73: =VLOOKUP($C73,'Singular Minerals'!$C$12:$T$327,'Multiple Minerals'!E$18,FALSE) -> 2.74e-11 | F73: =VLOOKUP($C73,'Singular Minerals'!$C$12:$T$327,'Multiple Minerals'!F$18,FALSE) -> 247.8019 | G73: =E73*F73 -> 6.7897721e-09 | H73: =E73*ave_crustal_molar_mass -> 4.25248e-09 | I73: =E73/$E$75 -> 0.25057385 | J73: =VLOOKUP($C73,'Singular Minerals'!$C$12:$T$327,'Multiple Minerals'!J$18,FALSE) -> 19282005 | K73: Ag | L73: 2 | M73: =L73*VLOOKUP(K73,'Crust Element Composition'!$B$5:$E$81,4,FALSE)/F73 -> 0.87060027 | N73: =$E$67/M73 -> 1.3783593e-06 | O73: =(N73/F73)*$J$2 -> 8.6327574e-07 | P73: =standard_temperature*gas_constant*LN(O73/H73)/F73 -> 53.149473 | Q73: =P73*$J$3 -> 2.9362409e+09 | S73: =MAX(J73,Q73) -> 2.9362409e+09
C74: Argentite | D74: =VLOOKUP(C74,Mineral_table,2,FALSE) -> Ag2S | E74: =VLOOKUP($C74,'Singular Minerals'!$C$12:$T$327,'Multiple Minerals'!E$18,FALSE) -> 4.99e-11 | F74: =VLOOKUP($C74,'Singular Minerals'!$C$12:$T$327,'Multiple Minerals'!F$18,FALSE) -> 247.8019 | G74: =E74*F74 -> 1.2365315e-08 | H74: =E74*ave_crustal_molar_mass -> 7.74448e-09 | I74: =E74/$E$75 -> 0.45633705 | J74: =VLOOKUP($C74,'Singular Minerals'!$C$12:$T$327,'Multiple Minerals'!J$18,FALSE) -> 18851390 | K74: Ag | L74: 2 | M74: =L74*VLOOKUP(K74,'Crust Element Composition'!$B$5:$E$81,4,FALSE)/F74 -> 0.87060027 | N74: =$E$67/M74 -> 1.3783593e-06 | O74: =(N74/F74)*$J$2 -> 8.6327574e-07 | P74: =standard_temperature*gas_constant*LN(O74/H74)/F74 -> 47.152758 | Q74: =P74*$J$3 -> 2.6049525e+09 | S74: =MAX(J74,Q74) -> 2.6049525e+09
B75: 2005 | E75: =SUM(E70:E74) -> 1.09349e-10 | I75: =SUM(I70:I74) -> 1 | J75: =SUMPRODUCT(J70:J74,$I$70:$I$74) -> 22454894 | M75: =SUMPRODUCT(M70:M74,I70:I74) -> 0.79599628 | S75: =SUMPRODUCT(S70:S74,I70:I74) -> 2.2778689e+09 | T75: =MAX(J75,S75) -> 2.2778689e+09 | U75: =T75/M75 -> 2.8616576e+09
B77: Table 5. Uranium
C78: Open LCA item | D78: unit | E78: % U in ground
C79: Uranium, in ground | D79: g | E79: ='EmCF Library'!Z102 -> 0.1
B81: ID | C81: Mineral | D81: Formula1 | E81: Molar Conc. (molmineral/ gcrust) | F81: Molar Mass (gmineral/ molmineral) | G81: Mineral Conc. (gmineral/ gcrust) | H81: Molar Fraction (molmineral/ molcrust) | I81: % Total | J81: Chem. Exergy Sp. Emergy (sej/g) | K81: Element | L81: =CONCATENATE("Moles of ",K82," in Mineral") -> Moles of U in Mineral | M81: =CONCATENATE("% ",K82," in Mineral") -> % U in Mineral | N81: Mine Conc. (gmineral/gcrust) | O81: Molar Fraction (molmin_mine/ molcrust) | P81: Conc. Exergymine (J/gmineral) | Q81: Conc. Exergy Sp. Emergy (sej/gmineral) | R81: % Total | S81: Ore Body Sp Emergy (sej/gmineral) | T81: Mult. Mineral Sp. Emergy (sej/gmineral) | U81: Element Sp. Emergy (sej/gelement)
C82: Uraninite | D82: UO2 | E82: =VLOOKUP($C82,'Singular Minerals'!$C$12:$T$327,'Multiple Minerals'!E$18,FALSE) -> 5.6e-09 | F82: =VLOOKUP($C82,'Singular Minerals'!$C$12:$T$327,'Multiple Minerals'!F$18,FALSE) -> 270.03 | G82: =E82*F82 -> 1.512168e-06 | H82: =E82*ave_crustal_molar_mass -> 8.6912e-07 | I82: =E82/E84 -> 0.66666667 | J82: =VLOOKUP($C82,'Singular Minerals'!$C$12:$T$327,'Multiple Minerals'!J$18,FALSE) -> 4.5334604e+08 | K82: U | L82: 1 | M82: =L82*VLOOKUP(K82,'Crust Element Composition'!$B$5:$E$81,4,FALSE)/F82 -> 0.88149058 | N82: =$E$79/M82 -> 0.11344421 | O82: =(N82/F82)*$J$2 -> 0.065202167 | P82: =standard_temperature*gas_constant*LN(O82/H82)/F82 -> 103.04795 | Q82: =P82*$J$3 -> 5.6928807e+09 | S82: =MAX(J82,Q82) -> 5.6928807e+09
C83: Carnotite | D83: K2(UO2)2(VO4)23H2O | E83: =VLOOKUP($C83,'Singular Minerals'!$C$12:$T$327,'Multiple Minerals'!E$18,FALSE) -> 2.8e-09 | F83: =VLOOKUP($C83,'Singular Minerals'!$C$12:$T$327,'Multiple Minerals'!F$18,FALSE) -> 902.18 | G83: =E83*F83 -> 2.526104e-06 | H83: =E83*ave_crustal_molar_mass -> 4.3456e-07 | I83: =E83/E84 -> 0.33333333 | J83: =VLOOKUP($C83,'Singular Minerals'!$C$12:$T$327,'Multiple Minerals'!J$18,FALSE) -> 6.0262242e+08 | K83: U | L83: 2 | M83: =L83*VLOOKUP(K83,'Crust Element Composition'!$B$5:$E$81,4,FALSE)/F83 -> 0.52767497 | N83: =$E$79/M83 -> 0.1895106 | O83: =(N83/F83)*$J$2 -> 0.032601083 | P83: =standard_temperature*gas_constant*LN(O83/H83)/F83 -> 30.843112 | Q83: =P83*$J$3 -> 1.7039267e+09 | S83: =MAX(J83,Q83) -> 1.7039267e+09
B84: 2016 | E84: =SUM(E82:E83) -> 8.4e-09 | J84: =SUMPRODUCT(J82:J83,I82:I83) -> 5.0310483e+08 | M84: =SUMPRODUCT(I82:I83,M82:M83) -> 0.76355204 | S84: =SUMPRODUCT(S82:S83,I82:I83) -> 4.3632293e+09 | T84: =MAX(J84,S84) -> 4.3632293e+09 | U84: =T84/M84 -> 5.7143837e+09
B86: Table 6. Magnesium
C87: Open LCA item | E87: % Magnesium in ground
C88: Magnesium, 0.13% in water | E88: ='EmCF Library'!Z126 -> 0.0011750927
B90: ID | C90: Mineral | D90: Formula1 | E90: Molar Conc. (molmineral/ gcrust) | F90: Molar Mass (gmineral/ molmineral) | G90: Mineral Conc. (gmineral/ gcrust) | H90: Molar Fraction (molmineral/ molcrust) | I90: % Total | J90: Chem. Exergy Sp. Emergy (sej/g) | K90: Element | L90: =CONCATENATE("Moles of ",K91," in Mineral") -> Moles of Mg in Mineral | M90: =CONCATENATE("% ",K91," in Mineral") -> % Mg in Mineral | N90: Mine Conc. (gmineral/gcrust) | O90: Molar Fraction (molmin_mine/ molcrust) | P90: Conc. Exergymine (J/gmineral) | Q90: Conc. Exergy Sp. Emergy (sej/gmineral) | R90: % Total | S90: Ore Body Sp Emergy (sej/gmineral) | T90: Mult. Mineral Sp. Emergy (sej/gmineral) | U90: Element Sp. Emergy (sej/gelement)
C91: Dolomite | D91: CaMg(CO3)2 | E91: =VLOOKUP($C91,'Singular Minerals'!$C$12:$T$327,'Multiple Minerals'!E$18,FALSE) -> 7.63e-06 | F91: =VLOOKUP($C91,'Singular Minerals'!$C$12:$T$327,'Multiple Minerals'!F$18,FALSE) -> 184.4 | G91: =E91*F91 -> 0.001406972 | H91: =E91*ave_crustal_molar_mass -> 0.001184176 | I91: =E91/$E$97 -> 0.7341162 | J91: =VLOOKUP($C91,'Singular Minerals'!$C$12:$T$327,'Multiple Minerals'!J$18,FALSE) -> 1.3938952e+09 | K91: Mg | L91: 1 | M91: =L91*VLOOKUP(K91,'Crust Element Composition'!$B$5:$E$81,4,FALSE)/F91 -> 0.13180586 | N91: =$E$88/M91 -> 0.0089153298 | O91: =(N91/F91)*$J$2 -> 0.0075035748 | P91: =standard_temperature*gas_constant*LN(O91/H91)/F91 -> 24.819544 | Q91: =P91*$J$3 -> 1.3711549e+09 | S91: =MAX(J91,Q91) -> 1.3938952e+09
C92: Magnesite | D92: MgCO3 | E92: =VLOOKUP($C92,'Singular Minerals'!$C$12:$T$327,'Multiple Minerals'!E$18,FALSE) -> 3.58e-07 | F92: =VLOOKUP($C92,'Singular Minerals'!$C$12:$T$327,'Multiple Minerals'!F$18,FALSE) -> 84.31 | G92: =E92*F92 -> 3.018298e-05 | H92: =E92*ave_crustal_molar_mass -> 5.55616e-05 | I92: =E92/$E$97 -> 0.034444771 | J92: =VLOOKUP($C92,'Singular Minerals'!$C$12:$T$327,'Multiple Minerals'!J$18,FALSE) -> 1.4487526e+09 | K92: Mg | L92: 1 | M92: =L92*VLOOKUP(K92,'Crust Element Composition'!$B$5:$E$81,4,FALSE)/F92 -> 0.28828134 | N92: =$E$88/M92 -> 0.004076201 | O92: =(N92/F92)*$J$2 -> 0.0075035748 | P92: =standard_temperature*gas_constant*LN(O92/H92)/F92 -> 144.232 | Q92: =P92*$J$3 -> 7.9680923e+09 | S92: =MAX(J92,Q92) -> 7.9680923e+09
